Workbook
Name Tabela10: #REF!
Name Tabela4: #REF!
Name Tabela55: #REF!
Name un: [1]Composições_SICRO!#REF!
Name un: [1]Composições_SICRO!#REF!
Name un: Capa!#REF!
Name un: [1]Composições_SICRO!#REF!
Name un: [1]Composições_SICRO!#REF!
Name un: Dados!#REF!
Name un: [1]Composições_SICRO!#REF!
Name un: [1]Composições_SICRO!#REF!
Name un: [1]Composições_SICRO!#REF!
Name un: [1]Composições_SICRO!#REF!
Name un: [1]Composições_SICRO!#REF!
Name un: Orçamento!#REF!
Name un: Resumo_Orçamento!#REF!
Name un: [1]Composições_SICRO!#REF!

Sheet Capa
D9: PLANILHA ORÇAMENTÁRIA E COMPOSIÇÕES DE CUSTOS
D24: PROJETO EXECUTIVO DE ENGENHARIA, ESTUDOS E ORÇAMENTOS PARA CONSTRUÇÃO DE PONTE RODOVIÁRIA EM CONCRETO ARMADO SOBRE O CÓRREGO IRETAN, ESTRADA VICINAL 14ª LINHA (LADO NASCENTE), COORDENADAS: 22°14'28.18"S, 54º04'37.28"O, LOCALIZADA NO MUNICÍPIO DE DEODÁPOLIS/MS
A54: MUNICÍPIO: | I54: =Dados!$I$5 -> DEODÁPOLIS/MS
A55: RODOVIA/ESTRADA: | I55: =Dados!I6:AR6 -> ESTRADA VICINAL 14ª LINHA (LADO NASCENTE)
A56: LOCAL: | I56: =Dados!I7:AR7 -> PONTE SOBRE O CÓRREGO IRETAN
A57: COORDENADAS UTM: | I57: =Dados!I8 -> 22°14'28.18"S, 54º04'37.28"O | AI57: ÁREA: | AO57: =Dados!AO8:AP8 -> 90 | AQ57: m²
A58: COMPRIMENTO: | I58: 60 | K58: m
A59: LARGURA: | I59: 6 | K59: m
A60: BDI: | I60: MATERIAL | L60: =Dados!$L$11 -> 0.1527 | O60: SERVIÇO | R60: =Dados!$R$11 -> 0.2391 | AI60: PRAZO DE EXECUÇÃO: | AO60: =Dados!$AO$11 -> 120 | AQ60: dias
A61: SISTEMA/REFERÊNCIA: | I61: =Dados!$I$12 -> SEM DESONERAÇÃO SICRO (JANEIRO/2026) | U61: =Dados!$U$12 -> NÃO DESONERADO SINAPI (JANEIRO/2026)

Sheet Dados
A4: OBJETO: | I4: CONSTRUÇÃO DE PONTE RODOVIÁRIA EM CONCRETO ARMADO
A5: MUNICÍPIO: | I5: DEODÁPOLIS/MS
A6: RODOVIA/ESTRADA: | I6: ESTRADA VICINAL 14ª LINHA (LADO NASCENTE)
A7: LOCAL: | I7: PONTE SOBRE O CÓRREGO IRETAN
A8: COORDENADAS: | I8: 22°14'28.18"S, 54º04'37.28"O | AI8: ÁREA: | AO8: =I9*I10 -> 90 | AQ8: m²
A9: COMPRIMENTO: | I9: 15 | K9: m
A10: LARGURA: | I10: 6 | K10: m
A11: BDI: | I11: INSUMO | L11: =BDI!D22/100 -> 0.1527 | O11: SERVIÇO | R11: =BDI!H22/100 -> 0.2391 | AI11: PRAZO DE EXECUÇÃO: | AO11: 120 | AQ11: dias
A12: SISTEMA/REFERÊNCIA: | I12: SEM DESONERAÇÃO SICRO (JANEIRO/2026) | U12: NÃO DESONERADO SINAPI (JANEIRO/2026)
A15: ESCONSIDADE: | I15: 0º
A16: INCLINAÇÃO: | I16: 0º
A19: DISTÂNCIA DE TRANSPORTE
A20: ITEM | I20: DESLOCAMENTO | Y20: RODOVIA PAVIMENTADA | AE20: REVESTIMENTO PRIMÁRIO | AK20: LEITO NATURAL
A21: MOBILIZAÇÃO: | I21: Campo Grande/MS ao Canteiro de Obras | Y21: =264-AK21 -> 256.8 | AB21: Km | AE21: 0 | AH21: Km | AK21: 7.2 | AN21: Km
A22: MATERIAIS BÁSICOS:
A23: CIMENTO: | I23: Material entregue no Canteiro de Obras | Y23: =Cotações!$AZ$45 -> 0 | AB23: Km | AE23: 0 | AH23: Km | AK23: =Cotações!$AT$45 -> 0 | AN23: Km
A24: AÇO CA-50: | I24: Dourados/MS ao Canteiro de Obras | Y24: =Cotações!$AZ$19 -> 0 | AB24: Km | AE24: =AE21 -> 0 | AH24: Km | AK24: =Cotações!$AT$19 -> 0 | AN24: Km
A25: MADEIRA: | I25: Deodápolis/MS ao Canteiro de Obras | Y25: ='Canteiro Id'!AK21 -> 7.3 | AB25: Km | AE25: =AE24 -> 0 | AH25: Km | AK25: ='Canteiro Id'!AK22 -> 7.2 | AN25: Km
A26: MATERIAIS AGREGADOS:
A27: AREIA: | I27: Naviraí/MS ao Canteiro de Obras | Y27: =Cotações!#REF! -> #REF! | AB27: Km | AE27: 0 | AH27: Km | AK27: =Cotações!#REF! -> #REF! | AN27: Km
A28: BRITA 1: | I28: Itaporã/MS ao Canteiro de Obras | Y28: =Cotações!$AZ$34 -> 106.8 | AB28: Km | AE28: 0 | AH28: Km | AK28: =Cotações!$AT$34 -> 11.2 | AN28: Km
A29: BRITA 2: | I29: Itaporã/MS ao Canteiro de Obras | Y29: =Cotações!$AZ$41 -> 106.8 | AB29: Km | AE29: 0 | AH29: Km | AK29: =Cotações!$AT$41 -> 11.2 | AN29: Km

Sheet Resumo_Orçamento
A4: OBJETO: | I4: =IF(Dados!I4="","",Dados!I4) -> CONSTRUÇÃO DE PONTE RODOVIÁRIA EM CONCRETO ARMADO
A5: =Dados!A5 -> MUNICÍPIO: | I5: =IF(Dados!I5="","",Dados!I5) -> DEODÁPOLIS/MS
A6: =Dados!A6 -> RODOVIA/ESTRADA: | I6: =IF(Dados!I6="","",Dados!I6) -> ESTRADA VICINAL 14ª LINHA (LADO NASCENTE)
A7: =Dados!A7 -> LOCAL: | I7: =IF(Dados!I7="","",Dados!I7) -> PONTE SOBRE O CÓRREGO IRETAN
A8: =Dados!A8 -> COORDENADAS: | I8: =IF(Dados!I8="","",Dados!I8) -> 22°14'28.18"S, 54º04'37.28"O | AI8: =Dados!AI8 -> ÁREA: | AO8: =IF(Dados!AO8="","",Dados!AO8) -> 90 | AQ8: m²
A9: =Dados!A9 -> COMPRIMENTO: | I9: =IF(Dados!I9="","",Dados!I9) -> 15 | K9: m
A10: =Dados!A10 -> LARGURA: | I10: =IF(Dados!I10="","",Dados!I10) -> 6 | K10: m
A11: BDI: | I11: =Dados!I11 -> INSUMO | L11: =IF(Dados!L11="","",Dados!L11) -> 0.1527 | O11: =Dados!O11 -> SERVIÇO | R11: =IF(Dados!R11="","",Dados!R11) -> 0.2391 | AI11: =Dados!AI11 -> PRAZO DE EXECUÇÃO: | AO11: =IF(Dados!AO11="","",Dados!AO11) -> 120 | AQ11: dias
A12: SISTEMA/REFERÊNCIA: | I12: =IF(Dados!I12="","",Dados!I12) -> SEM DESONERAÇÃO SICRO (JANEIRO/2026) | V12: =IF(Dados!U12="","",Dados!U12) -> NÃO DESONERADO SINAPI (JANEIRO/2026)
A14: RESUMO DA PLANILHA ORÇAMENTÁRIA
A15: Item | C15: Fonte | F15: Código | I15: Descrição | AN15: Preço Total
A16: =Orçamento!A16 -> 6 | I16: =Orçamento!I16 -> SERVIÇOS PRELIMINARES | AS16: Serv. Prel. (%)
I17: =CONCATENATE("TOTAL - ",I16) -> TOTAL - SERVIÇOS PRELIMINARES | AN17: =Orçamento!AO16 -> 39778.03 | AS17: =AN17/AO27 -> 0.043393909
A18: 7 | I18: =Orçamento!I21 -> MOBILIZAÇÃO E DESMOBILIZAÇÃO | AS18: Mob.e Desmob (%)
I19: =CONCATENATE("TOTAL - ",I18) -> TOTAL - MOBILIZAÇÃO E DESMOBILIZAÇÃO | AN19: =Orçamento!AO21 -> 119515.07 | AS19: =AN19/AO$27 -> 0.13037916
I20: =Orçamento!I26 -> PONTE SOBRE O CÓRREGO IRETAN | AS20: Infraestrutura (%)
A21: 1 | I21: =Orçamento!I27 -> INFRAESTRUTURA | AN21: =Orçamento!AO27 -> 124150.6 | AS21: =AN21/AO$27 -> 0.13543606
A22: 2 | I22: =Orçamento!I40 -> MESOESTRUTURA | AN22: =Orçamento!AO40 -> 285180.89 | AS22: =AN22/AO$27 -> 0.31110424
A23: 3 | I23: =Orçamento!I82 -> SUPERESTRUTURA | AN23: =Orçamento!AO82 -> 243729.62 | AS23: =AN23/AO$27 -> 0.26588499
A24: 4 | I24: =Orçamento!I115 -> SERVIÇOS COMPLEMENTARES | AN24: =Orçamento!AO115 -> 11857.28 | AS24: =AN24/AO$27 -> 0.012935123
A25: 5 | I25: =Orçamento!I124 -> ADMINISTRAÇÃO LOCAL | AS25: Adm. Local (%)
I26: =CONCATENATE("TOTAL - ",I25) -> TOTAL - ADMINISTRAÇÃO LOCAL | AN26: =Orçamento!AO124 -> 92461.63 | AS26: =AN26/AO$27 -> 0.10086652
I27: TOTAL GERAL | AO27: =AN17+AN19+SUM(AN21:AR24)+AN26 -> 916673.12
I28: CUSTO / m² | AO28: =$AO$27/$AO$8 -> 10185.257
H253: B.D.I. (20,70%):

Sheet Orçamento
A4: OBJETO: | I4: CONSTRUÇÃO DE PONTE RODOVIÁRIA EM CONCRETO ARMADO
A5: =Dados!A5 -> MUNICÍPIO: | I5: DEODÁPOLIS/MS
A6: =Dados!A6 -> RODOVIA/ESTRADA: | I6: ESTRADA VICINAL 14ª LINHA (LADO NASCENTE)
A7: =Dados!A7 -> LOCAL: | I7: PONTE SOBRE O CÓRREGO IRETAN
A8: =Dados!A8 -> COORDENADAS: | I8: 22°14'28.18"S, 54º04'37.28"O | AI8: =Dados!AI8 -> ÁREA: | AO8: =IF(Dados!AO8="","",Dados!AO8) -> 90 | AQ8: m²
A9: =Dados!A9 -> COMPRIMENTO: | I9: 15 | K9: m
A10: =Dados!A10 -> LARGURA: | I10: 6 | K10: m
A11: BDI: | I11: INSUMO | L11: 0.1527 | O11: SERVIÇO | R11: 0.2391 | AI11: =Dados!AI11 -> PRAZO DE EXECUÇÃO: | AO11: =IF(Dados!AO11="","",Dados!AO11) -> 120 | AQ11: dias
A12: SISTEMA/REFERÊNCIA: | I12: SEM DESONERAÇÃO SICRO (JANEIRO/2026) | V12: NÃO DESONERADO SINAPI (JANEIRO/2026)
A14: PLANILHA ORÇAMENTÁRIA
A15: Item | C15: Fonte | F15: Código | I15: Descrição | AD15: DMT | AF15: Un. | AH15: Quantidade | AK15: Preço Unitário | AO15: Preço Total
A16: 6 | I16: SERVIÇOS PRELIMINARES | AO16: =SUM(AO17,AO19) -> 39778.03
A17: =CONCATENATE(A16,".1") -> 6.1 | I17: CANTEIRO DE OBRAS | AO17: =SUM(AO18) -> 35230.43
A18: =CONCATENATE(A17,".1") -> 6.1.1 | C18: COMPOSIÇÃO | F18: IMT0000099 | I18: Instalação dos canteiros de obras e acampamentos | AF18: un | AH18: =Memória_Orçamento!K21 -> 1 | AK18: =ROUND('Canteiro Qtd'!AA68,2) -> 35230.43 | AO18: =IF(F18="","",ROUND((AH18*AK18),2)) -> 35230.43 | AS18: ok | AU18: =ROUND('Canteiro Qtd'!AA66,2) -> 28432.27 | AV18: =ROUND(AH18*AU18,2) -> 28432.27
A19: =CONCATENATE(A16,".2") -> 6.2 | I19: PLACA DA OBRA | AO19: =SUM(AO20) -> 4547.6
A20: =CONCATENATE(A19,".1") -> 6.2.1 | C20: SINAPI | F20: 103689 | I20: Fornecimento e instalação de placa de obra com chapa galvanizada e estrutura de madeira - AF_03/2022_PS | AF20: m² | AH20: =Memória_Orçamento!K34 -> 8 | AK20: =IF(F20="","",ROUND('Composições Principais'!L$97*(1+$R$11),2)) -> 568.45 | AO20: =IF(F20="","",ROUND((AH20*AK20),2)) -> 4547.6 | AS20: ok | AU20: =ROUND((AK20/(1+$R$11)),2) -> 458.76 | AV20: =ROUND(AH20*AU20,2) -> 3670.08
A21: 7 | I21: MOBILIZAÇÃO E DESMOBILIZAÇÃO | AO21: =SUM(AO22) -> 119515.07
A22: =CONCATENATE(A21,".1") -> 7.1 | I22: MOBILIZAÇÃO E DESMOBILIZAÇÃO | AO22: =SUM(AO23:AR25) -> 119515.07
A23: =CONCATENATE(A22,".1") -> 7.1.1 | C23: COMPOSIÇÃO | F23: IMT0000156 | I23: Mobilização e desmobilização de equipamentos | AF23: un | AH23: =Memória_Orçamento!K47 -> 1 | AK23: ='Mobilização EQP'!BO57 -> 98375.79 | AO23: =IF(F23="","",ROUND((AH23*AK23),2)) -> 98375.79 | AS23: ok | AU23: =ROUND((AK23/(1+$R$11)),2) -> 79392.94 | AV23: =ROUND(AH23*AU23,2) -> 79392.94 | AX23: =AO23/AH23 -> 98375.79
A24: =CONCATENATE(A22,".3") -> 7.1.3 | C24: COMPOSIÇÃO | F24: IMT9900195 | I24: Mobilização de pessoal e debandas | AF24: un | AH24: =Memória_Orçamento!K60 -> 4 | AK24: =IF(F24="","",ROUND('Composições Principais'!L$182*(1+$R$11),2)) -> 2642.41 | AO24: =IF(F24="","",ROUND((AH24*AK24),2)) -> 10569.64 | AS24: ok | AU24: =ROUND((AK24/(1+$R$11)),2) -> 2132.52 | AV24: =ROUND(AH24*AU24,2) -> 8530.08 | AX24: =AO24/AH24 -> 2642.41
A25: =CONCATENATE(A22,".4") -> 7.1.4 | C25: COMPOSIÇÃO | F25: IMT9900196 | I25: Desmobilização de pessoal e debandas | AF25: un | AH25: =Memória_Orçamento!K73 -> 4 | AK25: =IF(F25="","",ROUND('Composições Principais'!L$267*(1+$R$11),2)) -> 2642.41 | AO25: =IF(F25="","",ROUND((AH25*AK25),2)) -> 10569.64 | AS25: ok | AU25: =ROUND((AK25/(1+$R$11)),2) -> 2132.52 | AV25: =ROUND(AH25*AU25,2) -> 8530.08 | AY25: =AK25 -> 2642.41
A26: 0 | I26: PONTE SOBRE O CÓRREGO IRETAN | AO26: =SUM(AO27,AO40,AO82,AO115) -> 664918.39
A27: 1 | I27: INFRAESTRUTURA | AO27: =SUM(AO28,A34,AO34) -> 124150.6
A28: =CONCATENATE(A$27,".1") -> 1.1 | I28: FUNDAÇÃO - ESTACAS METÁLICAS + REFORÇO DAS ESTACAS (ENCONTRO 01 E ALAS) | AO28: =SUM(AO29:AR33) -> 62022.73
A29: =CONCATENATE(A28,".1") -> 1.1.1 | C29: SICRO | F29: 5502109 | I29: Escavação, carga e transporte de material de 1ª categoria - DMT de 50 a 200 m - caminho de serviço em leito natural - com escavadeira e caminhão basculante de 14 m³ | AF29: m³ | AH29: =Memória_Orçamento!K119 -> 57.6 | AK29: =IF(F29="","",ROUND('Composições Principais'!L$352*(1+$R$11),2)) -> 8.17 | AO29: =IF(F29="","",ROUND((AH29*AK29),2)) -> 470.59 | AS29: ok | AU29: =ROUND((AK29/(1+$R$11)),2) -> 6.59 | AV29: =ROUND(AH29*AU29,2) -> 379.58
A30: =CONCATENATE(A28,".2") -> 1.1.2 | C30: SICRO | F30: 5502109 | I30: Escavação, carga e transporte de material de 1ª categoria - DMT de 50 a 200 m - caminho de serviço em leito natural - com escavadeira e caminhão basculante de 14 m³ | AF30: m³ | AH30: =Memória_Orçamento!K170 -> 91.04 | AK30: =IF(F30="","",ROUND('Composições Principais'!L$352*(1+$R$11),2)) -> 8.17 | AO30: =IF(F30="","",ROUND((AH30*AK30),2)) -> 743.8 | AS30: ok | AU30: =ROUND((AK30/(1+$R$11)),2) -> 6.59 | AV30: =ROUND(AH30*AU30,2) -> 599.95
A31: =CONCATENATE(A28,".3") -> 1.1.3 | C31: SICRO | F31: 407819 | I31: Armação em aço CA-50 - fornecimento, preparo e colocação | AF31: kg | AH31: =Memória_Orçamento!K202 -> 81.4 | AK31: =IF(F31="","",ROUND('Composições Principais'!L$522*(1+$R$11),2)) -> 15.96 | AO31: =IF(F31="","",ROUND((AH31*AK31),2)) -> 1299.14 | AS31: ok | AU31: =ROUND((AK31/(1+$R$11)),2) -> 12.88 | AV31: =ROUND(AH31*AU31,2) -> 1048.43
A32: =CONCATENATE(A28,".4") -> 1.1.4 | C32: SICRO | F32: 2306113 | I32: Estacas trilho TR 68 - fornecimento e cravação | AF32: m | AH32: =Memória_Orçamento!K214 -> 120 | AK32: =IF(F32="","",ROUND('Composições Principais'!L$607*(1+$R$11),2)) -> 486.85 | AO32: =IF(F32="","",ROUND((AH32*AK32),2)) -> 58422 | AS32: ok | AU32: =ROUND((AK32/(1+$R$11)),2) -> 392.91 | AV32: =ROUND(AH32*AU32,2) -> 47149.2
A33: =CONCATENATE(A28,".5") -> 1.1.5 | C33: SICRO | F33: 2003864 | I33: Esgotamento de água com bomba submersa | AF33: h | AH33: =Memória_Orçamento!K226 -> 60 | AK33: =IF(F33="","",ROUND('Composições Principais'!L$437*(1+$R$11),2)) -> 18.12 | AO33: =IF(F33="","",ROUND((AH33*AK33),2)) -> 1087.2 | AS33: ok | AU33: =ROUND((AK33/(1+$R$11)),2) -> 14.62 | AV33: =ROUND(AH33*AU33,2) -> 877.2
A34: =CONCATENATE(A$27,".2") -> 1.2 | I34: FUNDAÇÃO - ESTACAS METÁLICAS + REFORÇO DAS ESTACAS (ENCONTRO 02 E ALAS) | AO34: =SUM(AO35:AR39) -> 62127.87
A35: =CONCATENATE(A34,".1") -> 1.2.1 | C35: SICRO | F35: 5502109 | I35: Escavação, carga e transporte de material de 1ª categoria - DMT de 50 a 200 m - caminho de serviço em leito natural - com escavadeira e caminhão basculante de 14 m³ | AF35: m³ | AH35: =Memória_Orçamento!K275 -> 57.6 | AK35: =IF(F35="","",ROUND('Composições Principais'!L$352*(1+$R$11),2)) -> 8.17 | AO35: =IF(F35="","",ROUND((AH35*AK35),2)) -> 470.59 | AS35: ok | AU35: =ROUND((AK35/(1+$R$11)),2) -> 6.59 | AV35: =ROUND(AH35*AU35,2) -> 379.58
A36: =CONCATENATE(A34,".2") -> 1.2.2 | C36: SICRO | F36: 5502109 | I36: Escavação, carga e transporte de material de 1ª categoria - DMT de 50 a 200 m - caminho de serviço em leito natural - com escavadeira e caminhão basculante de 14 m³ | AF36: m³ | AH36: =Memória_Orçamento!K326 -> 103.91 | AK36: =IF(F36="","",ROUND('Composições Principais'!L$352*(1+$R$11),2)) -> 8.17 | AO36: =IF(F36="","",ROUND((AH36*AK36),2)) -> 848.94 | AS36: ok | AU36: =ROUND((AK36/(1+$R$11)),2) -> 6.59 | AV36: =ROUND(AH36*AU36,2) -> 684.77
A37: =CONCATENATE(A34,".3") -> 1.2.3 | C37: SICRO | F37: 407819 | I37: Armação em aço CA-50 - fornecimento, preparo e colocação | AF37: kg | AH37: =Memória_Orçamento!K358 -> 81.4 | AK37: =IF(F37="","",ROUND('Composições Principais'!L$522*(1+$R$11),2)) -> 15.96 | AO37: =IF(F37="","",ROUND((AH37*AK37),2)) -> 1299.14 | AS37: ok | AU37: =ROUND((AK37/(1+$R$11)),2) -> 12.88 | AV37: =ROUND(AH37*AU37,2) -> 1048.43
A38: =CONCATENATE(A34,".4") -> 1.2.4 | C38: SICRO | F38: 2306113 | I38: Estacas trilho TR 68 - fornecimento e cravação | AF38: m | AH38: =Memória_Orçamento!K370 -> 120 | AK38: =IF(F38="","",ROUND('Composições Principais'!L$607*(1+$R$11),2)) -> 486.85 | AO38: =IF(F38="","",ROUND((AH38*AK38),2)) -> 58422 | AS38: ok | AU38: =ROUND((AK38/(1+$R$11)),2) -> 392.91 | AV38: =ROUND(AH38*AU38,2) -> 47149.2
A39: =CONCATENATE(A34,".5") -> 1.2.5 | C39: SICRO | F39: 2003864 | I39: Esgotamento de água com bomba submersa | AF39: h | AH39: =Memória_Orçamento!K382 -> 60 | AK39: =IF(F39="","",ROUND('Composições Principais'!L$437*(1+$R$11),2)) -> 18.12 | AO39: =IF(F39="","",ROUND((AH39*AK39),2)) -> 1087.2 | AS39: ok | AU39: =ROUND((AK39/(1+$R$11)),2) -> 14.62 | AV39: =ROUND(AH39*AU39,2) -> 877.2
A40: 2 | I40: MESOESTRUTURA | AO40: =SUM(AO41,AO50,AO59,AO66,AO73,AO75,AO77) -> 285180.89
A41: =CONCATENATE(A40,".1") -> 2.1 | I41: ENCONTROS/CORTINAS 01 + ALAS + CONSOLOS | AO41: =SUM(AO42:AR49) -> 123459.9
A42: =CONCATENATE(A41,".1") -> 2.1.1 | C42: SICRO | F42: 1107900 | I42: Concreto fck = 30 Mpa - confecção em betoneira e lançamento manual - areia e brita comerciais | AF42: m³ | AH42: =Memória_Orçamento!K428 -> 33.62 | AK42: =IF(F42="","",ROUND('Composições Principais'!L$692*(1+$R$11),2)) -> 1310.99 | AO42: =IF(F42="","",ROUND((AH42*AK42),2)) -> 44075.48 | AS42: ok | AU42: =ROUND((AK42/(1+$R$11)),2) -> 1058.02 | AV42: =ROUND(AH42*AU42,2) -> 35570.63
A43: =CONCATENATE(A41,".2") -> 2.1.2 | C43: SICRO | F43: 1106057 | I43: Concreto magro - confecção em betoneira e lançamento manual - areia e brita comerciais | AF43: m³ | AH43: =Memória_Orçamento!K468 -> 0.42 | AK43: =IF(F43="","",ROUND('Composições Principais'!L$1202*(1+$R$11),2)) -> 1213.64 | AO43: =IF(F43="","",ROUND((AH43*AK43),2)) -> 509.73 | AS43: ok | AU43: =ROUND((AK43/(1+$R$11)),2) -> 979.45 | AV43: =ROUND(AH43*AU43,2) -> 411.37
A44: =CONCATENATE(A41,".3") -> 2.1.3 | C44: SICRO | F44: 3108000 | I44: Formas de compensado resinado 12 mm - uso geral - utilização de 2 vezes - confecção, instalação e retirada | AF44: m² | AH44: =Memória_Orçamento!K514 -> 166.62 | AK44: =IF(F44="","",ROUND('Composições Principais'!L$862*(1+$R$11),2)) -> 108.67 | AO44: =IF(F44="","",ROUND((AH44*AK44),2)) -> 18106.6 | AS44: ok | AU44: =ROUND((AK44/(1+$R$11)),2) -> 87.7 | AV44: =ROUND(AH44*AU44,2) -> 14612.57
A45: =CONCATENATE(A41,".4") -> 2.1.4 | C45: SICRO | F45: 407819 | I45: Armação em aço CA-50 - fornecimento, preparo e colocação | AF45: kg | AH45: =Memória_Orçamento!K613 -> 3378.05 | AK45: =IF(F45="","",ROUND('Composições Principais'!L$522*(1+$R$11),2)) -> 15.96 | AO45: =IF(F45="","",ROUND((AH45*AK45),2)) -> 53913.68 | AS45: ok | AU45: =ROUND((AK45/(1+$R$11)),2) -> 12.88 | AV45: =ROUND(AH45*AU45,2) -> 43509.28
A46: =CONCATENATE(A41,".5") -> 2.1.5 | C46: SICRO | F46: 3806429 | I46: Plataforma de trabalho em aço tubular apoiada no solo - altura de 4 a 6 m - utilização de 100 vezes - fornecimento, instalação e retirada | AF46: m³ | AH46: =Memória_Orçamento!K665 -> 189.84 | AK46: =IF(F46="","",ROUND('Composições Principais'!L$947*(1+$R$11),2)) -> 24.76 | AO46: =IF(F46="","",ROUND((AH46*AK46),2)) -> 4700.44 | AS46: ok | AU46: =ROUND((AK46/(1+$R$11)),2) -> 19.98 | AV46: =ROUND(AH46*AU46,2) -> 3793
A47: =CONCATENATE(A41,".6") -> 2.1.6 | C47: SICRO | F47: 4815671 | I47: Reaterro e compactação com soquete vibratório | AF47: m³ | AH47: =Memória_Orçamento!K718 -> 52.12 | AK47: =IF(F47="","",ROUND('Composições Principais'!L$1032*(1+$R$11),2)) -> 24.77 | AO47: =IF(F47="","",ROUND((AH47*AK47),2)) -> 1291.01 | AS47: ok | AU47: =ROUND((AK47/(1+$R$11)),2) -> 19.99 | AV47: =ROUND(AH47*AU47,2) -> 1041.88
A48: =CONCATENATE(A41,".7") -> 2.1.7 | C48: SICRO | F48: 1505860 | I48: Enrocamento de pedra jogada - pedra de mão comercial - fornecimento e assentamento | AF48: m³ | AH48: =Memória_Orçamento!K771 -> 3.16 | AK48: =IF(F48="","",ROUND('Composições Principais'!L$1117*(1+$R$11),2)) -> 224.04 | AO48: =IF(F48="","",ROUND((AH48*AK48),2)) -> 707.97 | AS48: ok | AU48: =ROUND((AK48/(1+$R$11)),2) -> 180.81 | AV48: =ROUND(AH48*AU48,2) -> 571.36
A49: =CONCATENATE(A41,".8") -> 2.1.8 | C49: SICRO | F49: 1100657 | I49: Adensamento de concreto por vibrador de imersão | AF49: m³ | AH49: =Memória_Orçamento!K817 -> 33.62 | AK49: =IF(F49="","",ROUND('Composições Principais'!L$777*(1+$R$11),2)) -> 4.61 | AO49: =IF(F49="","",ROUND((AH49*AK49),2)) -> 154.99 | AS49: ok | AU49: =ROUND((AK49/(1+$R$11)),2) -> 3.72 | AV49: =ROUND(AH49*AU49,2) -> 125.07
A50: =CONCATENATE(A40,".2") -> 2.2 | I50: ENCONTROS/CORTINAS 02 + ALAS + CONSOLOS | AO50: =SUM(AO51:AR58) -> 123606.44
A51: =CONCATENATE(A50,".1") -> 2.2.1 | C51: SICRO | F51: 1107900 | I51: Concreto fck = 30 Mpa - confecção em betoneira e lançamento manual - areia e brita comerciais | AF51: m³ | AH51: =Memória_Orçamento!K863 -> 33.62 | AK51: =IF(F51="","",ROUND('Composições Principais'!L$692*(1+$R$11),2)) -> 1310.99 | AO51: =IF(F51="","",ROUND((AH51*AK51),2)) -> 44075.48 | AS51: ok | AU51: =ROUND((AK51/(1+$R$11)),2) -> 1058.02 | AV51: =ROUND(AH51*AU51,2) -> 35570.63
A52: =CONCATENATE(A50,".2") -> 2.2.2 | C52: SICRO | F52: 1106057 | I52: Concreto magro - confecção em betoneira e lançamento manual - areia e brita comerciais | AF52: m³ | AH52: =Memória_Orçamento!K903 -> 0.42 | AK52: =IF(F52="","",ROUND('Composições Principais'!L$1202*(1+$R$11),2)) -> 1213.64 | AO52: =IF(F52="","",ROUND((AH52*AK52),2)) -> 509.73 | AS52: ok | AU52: =ROUND((AK52/(1+$R$11)),2) -> 979.45 | AV52: =ROUND(AH52*AU52,2) -> 411.37
A53: =CONCATENATE(A50,".3") -> 2.2.3 | C53: SICRO | F53: 3108000 | I53: Formas de compensado resinado 12 mm - uso geral - utilização de 2 vezes - confecção, instalação e retirada | AF53: m² | AH53: =Memória_Orçamento!K949 -> 166.62 | AK53: =IF(F53="","",ROUND('Composições Principais'!L$862*(1+$R$11),2)) -> 108.67 | AO53: =IF(F53="","",ROUND((AH53*AK53),2)) -> 18106.6 | AS53: ok | AU53: =ROUND((AK53/(1+$R$11)),2) -> 87.7 | AV53: =ROUND(AH53*AU53,2) -> 14612.57
A54: =CONCATENATE(A50,".4") -> 2.2.4 | C54: SICRO | F54: 407819 | I54: Armação em aço CA-50 - fornecimento, preparo e colocação | AF54: kg | AH54: =Memória_Orçamento!K1048 -> 3378.05 | AK54: =IF(F54="","",ROUND('Composições Principais'!L$522*(1+$R$11),2)) -> 15.96 | AO54: =IF(F54="","",ROUND((AH54*AK54),2)) -> 53913.68 | AS54: ok | AU54: =ROUND((AK54/(1+$R$11)),2) -> 12.88 | AV54: =ROUND(AH54*AU54,2) -> 43509.28
A55: =CONCATENATE(A50,".5") -> 2.2.5 | C55: SICRO | F55: 3806429 | I55: Plataforma de trabalho em aço tubular apoiada no solo - altura de 4 a 6 m - utilização de 100 vezes - fornecimento, instalação e retirada | AF55: m³ | AH55: =Memória_Orçamento!K1100 -> 189.84 | AK55: =IF(F55="","",ROUND('Composições Principais'!L$947*(1+$R$11),2)) -> 24.76 | AO55: =IF(F55="","",ROUND((AH55*AK55),2)) -> 4700.44 | AS55: ok | AU55: =ROUND((AK55/(1+$R$11)),2) -> 19.98 | AV55: =ROUND(AH55*AU55,2) -> 3793
A56: =CONCATENATE(A50,".6") -> 2.2.6 | C56: SICRO | F56: 4815671 | I56: Reaterro e compactação com soquete vibratório | AF56: m³ | AH56: =Memória_Orçamento!K1153 -> 56.77 | AK56: =IF(F56="","",ROUND('Composições Principais'!L$1032*(1+$R$11),2)) -> 24.77 | AO56: =IF(F56="","",ROUND((AH56*AK56),2)) -> 1406.19 | AS56: ok | AU56: =ROUND((AK56/(1+$R$11)),2) -> 19.99 | AV56: =ROUND(AH56*AU56,2) -> 1134.83
A57: =CONCATENATE(A50,".7") -> 2.2.7 | C57: SICRO | F57: 1505860 | I57: Enrocamento de pedra jogada - pedra de mão comercial - fornecimento e assentamento | AF57: m³ | AH57: =Memória_Orçamento!K1206 -> 3.3 | AK57: =IF(F57="","",ROUND('Composições Principais'!L$1117*(1+$R$11),2)) -> 224.04 | AO57: =IF(F57="","",ROUND((AH57*AK57),2)) -> 739.33 | AS57: ok | AU57: =ROUND((AK57/(1+$R$11)),2) -> 180.81 | AV57: =ROUND(AH57*AU57,2) -> 596.67
A58: =CONCATENATE(A50,".8") -> 2.2.8 | C58: SICRO | F58: 1100657 | I58: Adensamento de concreto por vibrador de imersão | AF58: m³ | AH58: =Memória_Orçamento!K1252 -> 33.62 | AK58: =IF(F58="","",ROUND('Composições Principais'!L$777*(1+$R$11),2)) -> 4.61 | AO58: =IF(F58="","",ROUND((AH58*AK58),2)) -> 154.99 | AS58: ok | AU58: =ROUND((AK58/(1+$R$11)),2) -> 3.72 | AV58: =ROUND(AH58*AU58,2) -> 125.07
A59: =CONCATENATE(A40,".3") -> 2.3 | I59: PLACA DE ATRITO 01 | AO59: =SUM(AO60:AR65) -> 12622.98
A60: =CONCATENATE(A59,".1") -> 2.3.1 | C60: SICRO | F60: 1107900 | I60: Concreto fck = 30 Mpa - confecção em betoneira e lançamento manual - areia e brita comerciais | AF60: m³ | AH60: =Memória_Orçamento!K1284 -> 4.8 | AK60: =IF(F60="","",ROUND('Composições Principais'!L$692*(1+$R$11),2)) -> 1310.99 | AO60: =IF(F60="","",ROUND((AH60*AK60),2)) -> 6292.75 | AS60: ok | AU60: =ROUND((AK60/(1+$R$11)),2) -> 1058.02 | AV60: =ROUND(AH60*AU60,2) -> 5078.5
A61: =CONCATENATE(A59,".2") -> 2.3.2 | C61: SICRO | F61: 1106057 | I61: Concreto magro - confecção em betoneira e lançamento manual - areia e brita comerciais | AF61: m³ | AH61: =Memória_Orçamento!K1316 -> 1.2 | AK61: =IF(F61="","",ROUND('Composições Principais'!L$1202*(1+$R$11),2)) -> 1213.64 | AO61: =IF(F61="","",ROUND((AH61*AK61),2)) -> 1456.37 | AS61: ok | AU61: =ROUND((AK61/(1+$R$11)),2) -> 979.45 | AV61: =ROUND(AH61*AU61,2) -> 1175.34
A62: =CONCATENATE(A59,".3") -> 2.3.3 | C62: SICRO | F62: 3108000 | I62: Formas de compensado resinado 12 mm - uso geral - utilização de 2 vezes - confecção, instalação e retirada | AF62: m² | AH62: =Memória_Orçamento!K1348 -> 4 | AK62: =IF(F62="","",ROUND('Composições Principais'!L$862*(1+$R$11),2)) -> 108.67 | AO62: =IF(F62="","",ROUND((AH62*AK62),2)) -> 434.68 | AS62: ok | AU62: =ROUND((AK62/(1+$R$11)),2) -> 87.7 | AV62: =ROUND(AH62*AU62,2) -> 350.8
A63: =CONCATENATE(A59,".4") -> 2.3.4 | C63: SICRO | F63: 407819 | I63: Armação em aço CA-50 - fornecimento, preparo e colocação | AF63: kg | AH63: =Memória_Orçamento!K1402 -> 262.45 | AK63: =IF(F63="","",ROUND('Composições Principais'!L$522*(1+$R$11),2)) -> 15.96 | AO63: =IF(F63="","",ROUND((AH63*AK63),2)) -> 4188.7 | AS63: ok | AU63: =ROUND((AK63/(1+$R$11)),2) -> 12.88 | AV63: =ROUND(AH63*AU63,2) -> 3380.36
A64: =CONCATENATE(A59,".5") -> 2.3.5 | C64: SICRO | F64: 5502109 | I64: Escavação, carga e transporte de material de 1ª categoria - DMT de 50 a 200 m - caminho de serviço em leito natural - com escavadeira e caminhão basculante de 14 m³ | AF64: m³ | AH64: =Memória_Orçamento!K1430 -> 27.95 | AK64: =IF(F64="","",ROUND('Composições Principais'!L$352*(1+$R$11),2)) -> 8.17 | AO64: =IF(F64="","",ROUND((AH64*AK64),2)) -> 228.35 | AS64: ok | AU64: =ROUND((AK64/(1+$R$11)),2) -> 6.59 | AV64: =ROUND(AH64*AU64,2) -> 184.19
A65: =CONCATENATE(A59,".6") -> 2.3.6 | C65: SICRO | F65: 1100657 | I65: Adensamento de concreto por vibrador de imersão | AF65: m³ | AH65: =Memória_Orçamento!K1462 -> 4.8 | AK65: =IF(F65="","",ROUND('Composições Principais'!L$777*(1+$R$11),2)) -> 4.61 | AO65: =IF(F65="","",ROUND((AH65*AK65),2)) -> 22.13 | AS65: ok | AU65: =ROUND((AK65/(1+$R$11)),2) -> 3.72 | AV65: =ROUND(AH65*AU65,2) -> 17.86
A66: =CONCATENATE(A40,".4") -> 2.4 | I66: PLACA DE ATRITO 02 | AO66: =SUM(AO67:AR72) -> 12879.6
A67: =CONCATENATE(A66,".1") -> 2.4.1 | C67: SICRO | F67: 1107900 | I67: Concreto fck = 30 Mpa - confecção em betoneira e lançamento manual - areia e brita comerciais | AF67: m³ | AH67: =Memória_Orçamento!K1494 -> 4.8 | AK67: =IF(F67="","",ROUND('Composições Principais'!L$692*(1+$R$11),2)) -> 1310.99 | AO67: =IF(F67="","",ROUND((AH67*AK67),2)) -> 6292.75 | AS67: ok | AU67: =ROUND((AK67/(1+$R$11)),2) -> 1058.02 | AV67: =ROUND(AH67*AU67,2) -> 5078.5
A68: =CONCATENATE(A66,".2") -> 2.4.2 | C68: SICRO | F68: 1106057 | I68: Concreto magro - confecção em betoneira e lançamento manual - areia e brita comerciais | AF68: m³ | AH68: =Memória_Orçamento!K1526 -> 1.2 | AK68: =IF(F68="","",ROUND('Composições Principais'!L$1202*(1+$R$11),2)) -> 1213.64 | AO68: =IF(F68="","",ROUND((AH68*AK68),2)) -> 1456.37 | AS68: ok | AU68: =ROUND((AK68/(1+$R$11)),2) -> 979.45 | AV68: =ROUND(AH68*AU68,2) -> 1175.34
A69: =CONCATENATE(A66,".3") -> 2.4.3 | C69: SICRO | F69: 3108000 | I69: Formas de compensado resinado 12 mm - uso geral - utilização de 2 vezes - confecção, instalação e retirada | AF69: m² | AH69: =Memória_Orçamento!K1558 -> 4 | AK69: =IF(F69="","",ROUND('Composições Principais'!L$862*(1+$R$11),2)) -> 108.67 | AO69: =IF(F69="","",ROUND((AH69*AK69),2)) -> 434.68 | AS69: ok | AU69: =ROUND((AK69/(1+$R$11)),2) -> 87.7 | AV69: =ROUND(AH69*AU69,2) -> 350.8
A70: =CONCATENATE(A66,".4") -> 2.4.4 | C70: SICRO | F70: 407819 | I70: Armação em aço CA-50 - fornecimento, preparo e colocação | AF70: kg | AH70: =Memória_Orçamento!K1612 -> 262.45 | AK70: =IF(F70="","",ROUND('Composições Principais'!L$522*(1+$R$11),2)) -> 15.96 | AO70: =IF(F70="","",ROUND((AH70*AK70),2)) -> 4188.7 | AS70: ok | AU70: =ROUND((AK70/(1+$R$11)),2) -> 12.88 | AV70: =ROUND(AH70*AU70,2) -> 3380.36
A71: =CONCATENATE(A66,".5") -> 2.4.5 | C71: SICRO | F71: 5502109 | I71: Escavação, carga e transporte de material de 1ª categoria - DMT de 50 a 200 m - caminho de serviço em leito natural - com escavadeira e caminhão basculante de 14 m³ | AF71: m³ | AH71: =Memória_Orçamento!K1640 -> 59.36 | AK71: =IF(F71="","",ROUND('Composições Principais'!L$352*(1+$R$11),2)) -> 8.17 | AO71: =IF(F71="","",ROUND((AH71*AK71),2)) -> 484.97 | AS71: ok | AU71: =ROUND((AK71/(1+$R$11)),2) -> 6.59 | AV71: =ROUND(AH71*AU71,2) -> 391.18
A72: =CONCATENATE(A66,".6") -> 2.4.6 | C72: SICRO | F72: 1100657 | I72: Adensamento de concreto por vibrador de imersão | AF72: m³ | AH72: =Memória_Orçamento!K1672 -> 4.8 | AK72: =IF(F72="","",ROUND('Composições Principais'!L$777*(1+$R$11),2)) -> 4.61 | AO72: =IF(F72="","",ROUND((AH72*AK72),2)) -> 22.13 | AS72: ok | AU72: =ROUND((AK72/(1+$R$11)),2) -> 3.72 | AV72: =ROUND(AH72*AU72,2) -> 17.86
A73: =CONCATENATE(A40,".5") -> 2.5 | I73: TIRANTES (PLACA DE ATRITO 01) | AO73: =SUM(AO74) -> 4843.5
A74: =CONCATENATE(A73,".1") -> 2.5.1 | C74: COMPOSIÇÃO | F74: AGC5030001 | I74: Tirante | AF74: un | AH74: =Memória_Orçamento!K1712 -> 5 | AK74: =IF(F74="","",ROUND('Composições Principais'!L$1287*(1+$R$11),2)) -> 968.7 | AO74: =IF(F74="","",ROUND((AH74*AK74),2)) -> 4843.5 | AS74: ok | AU74: =ROUND((AK74/(1+$R$11)),2) -> 781.78 | AV74: =ROUND(AH74*AU74,2) -> 3908.9
A75: =CONCATENATE(A40,".6") -> 2.6 | I75: TIRANTES (PLACA DE ATRITO 02) | AO75: =SUM(AO76) -> 4843.5
A76: =CONCATENATE(A75,".1") -> 2.6.1 | C76: COMPOSIÇÃO | F76: AGC5030001 | I76: Tirante | AF76: un | AH76: =Memória_Orçamento!K1752 -> 5 | AK76: =IF(F76="","",ROUND('Composições Principais'!L$1287*(1+$R$11),2)) -> 968.7 | AO76: =IF(F76="","",ROUND((AH76*AK76),2)) -> 4843.5 | AS76: ok | AU76: =ROUND((AK76/(1+$R$11)),2) -> 781.78 | AV76: =ROUND(AH76*AU76,2) -> 3908.9
A77: =CONCATENATE(A40,".7") -> 2.7 | I77: ARTICULAÇÃO FREYSSINET | AO77: =SUM(AO78:AR81) -> 2924.97
A78: =CONCATENATE(A77,".1") -> 2.7.1 | C78: SICRO | F78: 1107900 | I78: Concreto fck = 30 Mpa - confecção em betoneira e lançamento manual - areia e brita comerciais | AF78: m³ | AH78: =Memória_Orçamento!K1789 -> 0.12 | AK78: =IF(F78="","",ROUND('Composições Principais'!L$692*(1+$R$11),2)) -> 1310.99 | AO78: =IF(F78="","",ROUND((AH78*AK78),2)) -> 157.32 | AS78: ok | AU78: =ROUND((AK78/(1+$R$11)),2) -> 1058.02 | AV78: =ROUND(AH78*AU78,2) -> 126.96
A79: =CONCATENATE(A77,".2") -> 2.7.2 | C79: SICRO | F79: 3108000 | I79: Formas de compensado resinado 12 mm - uso geral - utilização de 2 vezes - confecção, instalação e retirada | AF79: m² | AH79: =Memória_Orçamento!K1826 -> 1.01 | AK79: =IF(F79="","",ROUND('Composições Principais'!L$862*(1+$R$11),2)) -> 108.67 | AO79: =IF(F79="","",ROUND((AH79*AK79),2)) -> 109.76 | AS79: ok | AU79: =ROUND((AK79/(1+$R$11)),2) -> 87.7 | AV79: =ROUND(AH79*AU79,2) -> 88.58
A80: =CONCATENATE(A77,".3") -> 2.7.3 | C80: SICRO | F80: 407819 | I80: Armação em aço CA-50 - fornecimento, preparo e colocação | AF80: kg | AH80: =Memória_Orçamento!K1877 -> 166.5 | AK80: =IF(F80="","",ROUND('Composições Principais'!L$522*(1+$R$11),2)) -> 15.96 | AO80: =IF(F80="","",ROUND((AH80*AK80),2)) -> 2657.34 | AS80: ok | AU80: =ROUND((AK80/(1+$R$11)),2) -> 12.88 | AV80: =ROUND(AH80*AU80,2) -> 2144.52
A81: =CONCATENATE(A77,".4") -> 2.7.4 | C81: SICRO | F81: 1100657 | I81: Adensamento de concreto por vibrador de imersão | AF81: m³ | AH81: =Memória_Orçamento!K1914 -> 0.12 | AK81: =IF(F81="","",ROUND('Composições Principais'!L$777*(1+$R$11),2)) -> 4.61 | AO81: =IF(F81="","",ROUND((AH81*AK81),2)) -> 0.55 | AS81: ok | AU81: =ROUND((AK81/(1+$R$11)),2) -> 3.72 | AV81: =ROUND(AH81*AU81,2) -> 0.45
A82: 3 | I82: SUPERESTRUTURA | AO82: =SUM(AO83,AO88,AO93,AO98,AO112,AO106) -> 243729.62
A83: =CONCATENATE(A82,".1") -> 3.1 | I83: LAJE DO TABULEIRO | AO83: =SUM(AO84:AR87) -> 38202.3
A84: =CONCATENATE(A83,".1") -> 3.1.1 | C84: SICRO | F84: 1107900 | I84: Concreto fck = 30 Mpa - confecção em betoneira e lançamento manual - areia e brita comerciais | AF84: m³ | AH84: =Memória_Orçamento!K1940 -> 15.75 | AK84: =IF(F84="","",ROUND('Composições Principais'!L$692*(1+$R$11),2)) -> 1310.99 | AO84: =IF(F84="","",ROUND((AH84*AK84),2)) -> 20648.09 | AS84: ok | AU84: =ROUND((AK84/(1+$R$11)),2) -> 1058.02 | AV84: =ROUND(AH84*AU84,2) -> 16663.82
A85: =CONCATENATE(A83,".2") -> 3.1.2 | C85: SICRO | F85: 3108000 | I85: Formas de compensado resinado 12 mm - uso geral - utilização de 2 vezes - confecção, instalação e retirada | AF85: m² | AH85: =Memória_Orçamento!K1966 -> 6.6 | AK85: =IF(F85="","",ROUND('Composições Principais'!L$862*(1+$R$11),2)) -> 108.67 | AO85: =IF(F85="","",ROUND((AH85*AK85),2)) -> 717.22 | AS85: ok | AU85: =ROUND((AK85/(1+$R$11)),2) -> 87.7 | AV85: =ROUND(AH85*AU85,2) -> 578.82
A86: =CONCATENATE(A83,".3") -> 3.1.3 | C86: SICRO | F86: 407819 | I86: Armação em aço CA-50 - fornecimento, preparo e colocação | AF86: kg | AH86: =Memória_Orçamento!K2015 -> 1050.4 | AK86: =IF(F86="","",ROUND('Composições Principais'!L$522*(1+$R$11),2)) -> 15.96 | AO86: =IF(F86="","",ROUND((AH86*AK86),2)) -> 16764.38 | AS86: ok | AU86: =ROUND((AK86/(1+$R$11)),2) -> 12.88 | AV86: =ROUND(AH86*AU86,2) -> 13529.15
A87: =CONCATENATE(A83,".4") -> 3.1.4 | C87: SICRO | F87: 1100657 | I87: Adensamento de concreto por vibrador de imersão | AF87: m³ | AH87: =Memória_Orçamento!K2041 -> 15.75 | AK87: =IF(F87="","",ROUND('Composições Principais'!L$777*(1+$R$11),2)) -> 4.61 | AO87: =IF(F87="","",ROUND((AH87*AK87),2)) -> 72.61 | AS87: ok | AU87: =ROUND((AK87/(1+$R$11)),2) -> 3.72 | AV87: =ROUND(AH87*AU87,2) -> 58.59
A88: =CONCATENATE(A82,".2") -> 3.2 | I88: TRANSVERSINA DOS ENCONTROS + CONSOLOS | AO88: =SUM(AO89:AR92) -> 17176.18
A89: =CONCATENATE(A88,".1") -> 3.2.1 | C89: SICRO | F89: 1107900 | I89: Concreto fck = 30 Mpa - confecção em betoneira e lançamento manual - areia e brita comerciais | AF89: m³ | AH89: =Memória_Orçamento!K2068 -> 6.76 | AK89: =IF(F89="","",ROUND('Composições Principais'!L$692*(1+$R$11),2)) -> 1310.99 | AO89: =IF(F89="","",ROUND((AH89*AK89),2)) -> 8862.29 | AS89: ok | AU89: =ROUND((AK89/(1+$R$11)),2) -> 1058.02 | AV89: =ROUND(AH89*AU89,2) -> 7152.22
A90: =CONCATENATE(A88,".2") -> 3.2.2 | C90: SICRO | F90: 3108000 | I90: Formas de compensado resinado 12 mm - uso geral - utilização de 2 vezes - confecção, instalação e retirada | AF90: m² | AH90: =Memória_Orçamento!K2096 -> 34.23 | AK90: =IF(F90="","",ROUND('Composições Principais'!L$862*(1+$R$11),2)) -> 108.67 | AO90: =IF(F90="","",ROUND((AH90*AK90),2)) -> 3719.77 | AS90: ok | AU90: =ROUND((AK90/(1+$R$11)),2) -> 87.7 | AV90: =ROUND(AH90*AU90,2) -> 3001.97
A91: =CONCATENATE(A88,".3") -> 3.2.3 | C91: SICRO | F91: 407819 | I91: Armação em aço CA-50 - fornecimento, preparo e colocação | AF91: kg | AH91: =Memória_Orçamento!K2149 -> 285.9 | AK91: =IF(F91="","",ROUND('Composições Principais'!L$522*(1+$R$11),2)) -> 15.96 | AO91: =IF(F91="","",ROUND((AH91*AK91),2)) -> 4562.96 | AS91: ok | AU91: =ROUND((AK91/(1+$R$11)),2) -> 12.88 | AV91: =ROUND(AH91*AU91,2) -> 3682.39
A92: =CONCATENATE(A88,".4") -> 3.2.4 | C92: SICRO | F92: 1100657 | I92: Adensamento de concreto por vibrador de imersão | AF92: m³ | AH92: =Memória_Orçamento!K2176 -> 6.76 | AK92: =IF(F92="","",ROUND('Composições Principais'!L$777*(1+$R$11),2)) -> 4.61 | AO92: =IF(F92="","",ROUND((AH92*AK92),2)) -> 31.16 | AS92: ok | AU92: =ROUND((AK92/(1+$R$11)),2) -> 3.72 | AV92: =ROUND(AH92*AU92,2) -> 25.15
A93: =CONCATENATE(A82,".3") -> 3.3 | I93: BARREIRAS DE CONCRETO (TIPO NEW JERSEY) | AO93: =SUM(AO94:AR97) -> 10783.61
A94: =CONCATENATE(A93,".1") -> 3.3.1 | C94: SICRO | F94: 1107900 | I94: Concreto fck = 30 Mpa - confecção em betoneira e lançamento manual - areia e brita comerciais | AF94: m³ | AH94: =Memória_Orçamento!K2204 -> 3.15 | AK94: =IF(F94="","",ROUND('Composições Principais'!L$692*(1+$R$11),2)) -> 1310.99 | AO94: =IF(F94="","",ROUND((AH94*AK94),2)) -> 4129.62 | AS94: ok | AU94: =ROUND((AK94/(1+$R$11)),2) -> 1058.02 | AV94: =ROUND(AH94*AU94,2) -> 3332.76
A95: =CONCATENATE(A93,".2") -> 3.3.2 | C95: SICRO | F95: 3108000 | I95: Formas de compensado resinado 12 mm - uso geral - utilização de 2 vezes - confecção, instalação e retirada | AF95: m² | AH95: =Memória_Orçamento!K2231 -> 28.64 | AK95: =IF(F95="","",ROUND('Composições Principais'!L$862*(1+$R$11),2)) -> 108.67 | AO95: =IF(F95="","",ROUND((AH95*AK95),2)) -> 3112.31 | AS95: ok | AU95: =ROUND((AK95/(1+$R$11)),2) -> 87.7 | AV95: =ROUND(AH95*AU95,2) -> 2511.73
A96: =CONCATENATE(A93,".3") -> 3.3.3 | C96: SICRO | F96: 407819 | I96: Armação em aço CA-50 - fornecimento, preparo e colocação | AF96: kg | AH96: =Memória_Orçamento!K2260 -> 221 | AK96: =IF(F96="","",ROUND('Composições Principais'!L$522*(1+$R$11),2)) -> 15.96 | AO96: =IF(F96="","",ROUND((AH96*AK96),2)) -> 3527.16 | AS96: ok | AU96: =ROUND((AK96/(1+$R$11)),2) -> 12.88 | AV96: =ROUND(AH96*AU96,2) -> 2846.48
A97: =CONCATENATE(A93,".4") -> 3.3.4 | C97: SICRO | F97: 1100657 | I97: Adensamento de concreto por vibrador de imersão | AF97: m³ | AH97: =Memória_Orçamento!K2288 -> 3.15 | AK97: =IF(F97="","",ROUND('Composições Principais'!L$777*(1+$R$11),2)) -> 4.61 | AO97: =IF(F97="","",ROUND((AH97*AK97),2)) -> 14.52 | AS97: ok | AU97: =ROUND((AK97/(1+$R$11)),2) -> 3.72 | AV97: =ROUND(AH97*AU97,2) -> 11.72
A98: =CONCATENATE(A82,".4") -> 3.4 | I98: VIGA LONGARINA PRÉ-MOLDADA | AO98: =SUM(AO99:AR105) -> 123437.25
A99: =CONCATENATE(A98,".1") -> 3.4.1 | C99: SICRO | F99: 1107908 | I99: Concreto fck = 40 MPa - confecção em betoneira e lançamento manual - areia e brita comerciais | AF99: m³ | AH99: =Memória_Orçamento!K2313 -> 21.65 | AK99: =IF(F99="","",ROUND('Composições Principais'!L$1372*(1+$R$11),2)) -> 1399.63 | AO99: =IF(F99="","",ROUND((AH99*AK99),2)) -> 30301.99 | AS99: ok | AU99: =ROUND((AK99/(1+$R$11)),2) -> 1129.55 | AV99: =ROUND(AH99*AU99,2) -> 24454.76
A100: =CONCATENATE(A98,".2") -> 3.4.2 | C100: SICRO | F100: 3108000 | I100: Formas de compensado resinado 12 mm - uso geral - utilização de 2 vezes - confecção, instalação e retirada | AF100: m² | AH100: =Memória_Orçamento!K2338 -> 209.8 | AK100: =IF(F100="","",ROUND('Composições Principais'!L$862*(1+$R$11),2)) -> 108.67 | AO100: =IF(F100="","",ROUND((AH100*AK100),2)) -> 22798.97 | AS100: ok | AU100: =ROUND((AK100/(1+$R$11)),2) -> 87.7 | AV100: =ROUND(AH100*AU100,2) -> 18399.46
A101: =CONCATENATE(A98,".3") -> 3.4.3 | C101: SICRO | F101: 407819 | I101: Armação em aço CA-50 - fornecimento, preparo e colocação | AF101: kg | AH101: =Memória_Orçamento!K2428 -> 2751.2 | AK101: =IF(F101="","",ROUND('Composições Principais'!L$522*(1+$R$11),2)) -> 15.96 | AO101: =IF(F101="","",ROUND((AH101*AK101),2)) -> 43909.15 | AS101: ok | AU101: =ROUND((AK101/(1+$R$11)),2) -> 12.88 | AV101: =ROUND(AH101*AU101,2) -> 35435.46
A102: =CONCATENATE(A98,".4") -> 3.4.4 | C102: SICRO | F102: 407820 | I102: Armação em aço CA-60 - fornecimento, preparo e colocação | AF102: kg | AH102: =Memória_Orçamento!K2511 -> 260.8 | AK102: =IF(F102="","",ROUND('Composições Principais'!L$1457*(1+$R$11),2)) -> 18.41 | AO102: =IF(F102="","",ROUND((AH102*AK102),2)) -> 4801.33 | AS102: ok | AU102: =ROUND((AK102/(1+$R$11)),2) -> 14.86 | AV102: =ROUND(AH102*AU102,2) -> 3875.49
A103: =CONCATENATE(A98,".5") -> 3.4.5 | C103: SICRO | F103: 4507956 | I103: Cordoalha CP 190 RB D = 12,7 mm - fornecimento e instalação | AF103: kg | AH103: =Memória_Orçamento!K2537 -> 50.48 | AK103: =IF(F103="","",ROUND('Composições Principais'!L$1542*(1+$R$11),2)) -> 11.76 | AO103: =IF(F103="","",ROUND((AH103*AK103),2)) -> 593.64 | AS103: ok | AU103: =ROUND((AK103/(1+$R$11)),2) -> 9.49 | AV103: =ROUND(AH103*AU103,2) -> 479.06
A104: =CONCATENATE(A98,".6") -> 3.4.6 | C104: SICRO | F104: 3806420 | I104: Lançamento de viga pré-moldada de até 500 kN com utilização de guindaste | AF104: un | AH104: =Memória_Orçamento!K2581 -> 4 | AK104: =IF(F96="","",ROUND('Composições Principais'!L$1627*(1+$R$11),2)) -> 5233.09 | AO104: =IF(F104="","",ROUND((AH104*AK104),2)) -> 20932.36 | AS104: ok | AU104: =ROUND((AK104/(1+$R$11)),2) -> 4223.3 | AV104: =ROUND(AH104*AU104,2) -> 16893.2
...

Sheet Memória_Orçamento
A2: PONTE: | G2: Ponte sobre o Córrego Iretan
A3: RODOVIA/ESTRADA: | G3: Estrada Vicinal 14ª Linha
A4: TRECHO: | G4: Entrº MS-178 (B) / Entrº MS-185 - Código trecho: 339EMS0606
A5: SUB-TRECHO: | G5: Entrº BR-267 (Maracaju) - Ponte sobre o Rio Santa Maria
A6: MUNICÍPIO: | G6: Deodápolis/MS
A8: QUANTITATIVOS - MEMÓRIA DE CÁLCULO
A10: 6.1.1. - Instalação do Canteiro de Obras
A12: CANTEIRO DE OBRAS
A13: N. de Canteiros (un.) | E13: Número de Obras (un.) | Y13: Quantidade de Canteiros (un)
A15: 1 | E15: 1 | Y15: =A15*E15 -> 1
A16: Ncanteiro = (Número de Canteiros)*(Número de Obras) = 1,00 un
K18: Resumo - Item 6.1.1.
K19: Instalação do Canteiro de Obras (un)
K21: =ROUNDUP(Y15,2) -> 1
A23: 6.2.1. - Placa de Obra em Chapa de Aço Galvanizado
A25: PLACA DE OBRA
A26: A (m) | E26: B (m) | I26: Quantidade de Placas (un.) | Y26: Área de Placa (m²)
A27: Comprimento | E27: Altura
A28: 4 | E28: 2 | I28: 1 | Y28: =$A28*$E28*$I28 -> 8
A29: Placa de Obra = A*B*(Quantidade de Placas) = 8,00m²
K31: Resumo - Item 6.2.1.
K32: Placa de Obra (m²)
K34: =ROUND(Y28,2) -> 8
A36: 7.1.1. - Mobilização de Desmobilização de Equipamentos
A38: MOBILIZAÇÃO E DESMOBILIZAÇÃO
A39: N. de Mob. e Desmob. (un.) | E39: Número de Obras (un.) | Y39: Mob. e Desmob. (un)
A41: 1 | E41: 1 | Y41: =A41*E41 -> 1
A42: Nmob_equip = (Número de Mobilização e Desmobilização)*(Número de Obras) = 1,00 un
K44: Resumo - Item 7.1.1.
K45: Mobilização e Desmobilização de Equipamentos (un)
K47: =ROUNDUP(Y41,2) -> 1
A49: 7.1.2. - Mobilização de Pessoal e Debandas
A51: MOBILIZAÇÃO DE PESSOAL E DEBANDAS
A52: Prazo da Obra (mês) | E52: Número de Obras (un.) | Y52: Mob. de Pessoal (un)
A54: =Orçamento!AO$11/30 -> 4 | E54: 1 | Y54: =A54*E54 -> 4
A55: Nmob_mo = (Prazo da Obra)*(Número de Obras) = 4,00 un
K57: Resumo - Item 7.1.2.
K58: Mobilização de Pessoal e Debandas (un)
K60: =ROUNDUP(Y54,2) -> 4
A62: 7.1.3. - Desmobilização de Pessoal e Debandas
A64: DESMOBILIZAÇÃO DE PESSOAL E DEBANDAS
A65: Prazo da Obra (mês) | E65: Número de Obras (un.) | Y65: Desmob. de Pessoal (un)
A67: =Orçamento!AO$11/30 -> 4 | E67: 1 | Y67: =A67*E67 -> 4
A68: Ndesmob_mo = (Prazo da Obra)*(Número de Obras) = 4,00 un
K70: Resumo - Item 7.1.3.
K71: Desmobilização de Pessoal e Debandas (un)
K73: =ROUNDUP(Y67,2) -> 4
A75: 1.1.1. - Volume de Escavação com Esgotamento - Material de 1ª Categoria
A98: ESCAVAÇÃO - ALA 01
A99: A (m) | E99: B (m) | I99: C (m) | M99: D (m) | Q99: E (m) | U99: F (m) | Y99: Volume de Escavação (m³)
A100: Larguraescavação | E100: Larguraala | I100: Larguraescavação | M100: Comp.ala | Q100: Larguraescavação | U100: Alturaescavação
A101: 1 | E101: 0.4 | I101: 1 | M101: 4 | Q101: =(A101+I101)/2 -> 1 | U101: 1.5 | Y101: =($A101+$E101+$I101)*($M101+$Q101)*$U101 -> 18
A102: Vescavação = (A+B+C)*(D+E)*F = 18,000m³
A104: ESCAVAÇÃO - ALA 02
A105: F (m) | E105: G (m) | I105: H (m) | M105: I (m) | Q105: J (m) | U105: F (m) | Y105: Volume de Escavação (m³)
A106: Larguraescavação | E106: Larguraala | I106: Larguraescavação | M106: Comp.ala | Q106: Larguraescavação | U106: Alturaescavação
A107: 1 | E107: 0.4 | I107: 1 | M107: 4 | Q107: =(A107+I107)/2 -> 1 | U107: 1.5 | Y107: =($A107+$E107+$I107)*($M107+$Q107)*$U107 -> 18
A108: Vescavação = (F+G+H)*(I+J)*F = 18,000m³
A110: ESCAVAÇÃO - ENCONTRO 01
A111: K (m) | E111: L (m) | I111: M (m) | M111: N (m) | Q111: F (m) | Y111: Volume de Escavação (m³)
A112: Larguraescavação | E112: Larguracortina | I112: Larguraescavação | M112: Comp.cortina | Q112: Alturaescavação
A113: 1 | E113: 0.4 | I113: 1 | M113: 6 | Q113: 1.5 | Y113: =($A113+$E113+$I113)*($M113)*$Q113 -> 21.6
A114: Vescavação = (K+L+M)*N*F = 21,600m³
K116: Resumo - Item 1.1.1.
K117: Volume de Escavação com Esgotamento (m³)
K119: =ROUNDUP(($Y101+$Y107+$Y113),2) -> 57.6
A121: 1.1.2. - Volume de Escavação sem Esgotamento - Material de 1ª Categoria
A149: ESCAVAÇÃO - ALA 01
A150: A (m) | E150: B (m) | I150: C (m) | M150: D (m) | Q150: E (m) | U150: F (m) | Y150: Volume de Escavação (m³)
A151: Larguraescavação | E151: Larguraala | I151: Larguraescavação | M151: Comp.ala | Q151: Larguraescavação | U151: Alturaescavação
A152: 1.95 | E152: 0.4 | I152: 1.9 | M152: 4 | Q152: =(A152+I152)/2 -> 1.925 | U152: 1.2 | Y152: =($A152+$E152+$I152)*($M152+$Q152)*$U152 -> 30.2175
A153: Vescavação = (A+B+C)*(D+E)*F = 30,218m³
A155: ESCAVAÇÃO - ALA 02
A156: F (m) | E156: G (m) | I156: H (m) | M156: I (m) | Q156: J (m) | U156: F (m) | Y156: Volume de Escavação (m³)
A157: Larguraescavação | E157: Larguraala | I157: Larguraescavação | M157: Comp.ala | Q157: Larguraescavação | U157: Alturaescavação
A158: 1.9 | E158: 0.4 | I158: 1.95 | M158: 4 | Q158: =(A158+I158)/2 -> 1.925 | U158: 1.2 | Y158: =($A158+$E158+$I158)*($M158+$Q158)*$U158 -> 30.2175
A159: Vescavação = (F+G+H)*(I+J)*F = 30,218m³
A161: ESCAVAÇÃO - ENCONTRO 01
A162: K (m) | E162: L (m) | I162: M (m) | M162: N (m) | Q162: F (m) | Y162: Volume de Escavação (m³)
A163: Larguraescavação | E163: Larguracortina | I163: Larguraescavação | M163: Comp.cortina | Q163: Alturaescavação
A164: 1.9 | E164: 0.4 | I164: 1.95 | M164: 6 | Q164: 1.2 | Y164: =($A164+$E164+$I164)*($M164)*$Q164 -> 30.6
A165: Vescavação = (K+L+M)*N*F = 30,600m³
K167: Resumo - Item 1.1.2.
K168: Volume de Escavação sem Esgotamento (m³)
K170: =ROUNDUP(($Y152+$Y158+$Y164),2) -> 91.04
A172: 1.1.3. - Aço CA-50
A194: ENCONTRO 01 E ALAS
A195: AÇO | E195: N. | I195: DIAM | M195: Q | Q195: C. UNIT. | U195: C. TOTAL | Y195: C. TOTAL
I196: (mm) | M196: (un) | Q196: (cm) | U196: (cm) | Y196: (m)
A197: CA-50 | E197: 3 | I197: 20 | M197: 330 | Q197: 10 | U197: =M197*Q197 -> 3300 | Y197: =U197/100 -> 33
K199: Resumo - Item 1.1.3.
K200: Aço CA-50 (kg)
K202: =ROUNDUP(Y197*2.466,1) -> 81.4
A204: 1.1.4. Estaca 1xTR-68 para 45tf
A206: ENCONTRO 01 E ALAS
I207: Q | M207: C. UNIT. | Q207: C. TOTAL
I208: (un) | M208: (cm) | Q208: (cm)
I209: 15 | M209: 800 | Q209: =I209*M209 -> 12000
K211: Resumo - Item 1.1.4.
K212: Estaca 1xTR-68 para 45tf (m)
...

Sheet Cronograma
A4: OBJETO: | I4: =IF(Dados!I4="","",Dados!I4) -> CONSTRUÇÃO DE PONTE RODOVIÁRIA EM CONCRETO ARMADO
A5: =Dados!A5 -> MUNICÍPIO: | I5: =IF(Dados!I5="","",Dados!I5) -> DEODÁPOLIS/MS
A6: =Dados!A6 -> RODOVIA/ESTRADA: | I6: =IF(Dados!I6="","",Dados!I6) -> ESTRADA VICINAL 14ª LINHA (LADO NASCENTE)
A7: =Dados!A7 -> LOCAL: | I7: =IF(Dados!I7="","",Dados!I7) -> PONTE SOBRE O CÓRREGO IRETAN
A8: =Dados!A8 -> COORDENADAS: | I8: =IF(Dados!I8="","",Dados!I8) -> 22°14'28.18"S, 54º04'37.28"O | BJ8: ÁREA: | BQ8: =IF(Dados!AO8="","",Dados!AO8) -> 90 | BS8: m²
A9: =Dados!A9 -> COMPRIMENTO: | I9: =IF(Dados!I9="","",Dados!I9) -> 15 | K9: m
A10: =Dados!A10 -> LARGURA: | I10: =IF(Dados!I10="","",Dados!I10) -> 6 | K10: m
A11: BDI: | I11: =Dados!I11 -> INSUMO | L11: =IF(Dados!L11="","",Dados!L11) -> 0.1527 | O11: =Dados!O11 -> SERVIÇO | R11: =IF(Dados!R11="","",Dados!R11) -> 0.2391 | BJ11: PRAZO DE EXECUÇÃO: | BQ11: =IF(Dados!AO11="","",Dados!AO11) -> 120 | BS11: dias
A12: SISTEMA/REFERÊNCIA: | I12: =IF(Dados!I12="","",Dados!I12) -> SEM DESONERAÇÃO SICRO (JANEIRO/2026) | V12: =IF(Dados!U12="","",Dados!U12) -> NÃO DESONERADO SINAPI (JANEIRO/2026)
A14: CRONOGRAMA FÍSICO-FINANCEIRO
A15: ITEM | C15: FONTE | F15: CÓDIGO | I15: DESCRIÇÃO | AB15: PREÇO TOTAL | AH15: % | AK15: 1º MÊS (30 DIAS) | AQ15: % | AT15: 2º MÊS (30 DIAS) | AZ15: % | BC15: 3º MÊS (30 DIAS) | BI15: % | BL15: 4º MÊS (30 DIAS) | BR15: %
A16: 6 | I16: =Orçamento!I16 -> SERVIÇOS PRELIMINARES | AB16: =SUM(AB17:AG18) -> 39778.03 | AH16: 1 | AK16: =SUM(AK17:AP18) -> 39778.03 | AQ16: =AK16/$AB16 -> 1 | AT16: =SUM(AT17:AY18) -> 0 | AZ16: =AT16/$AB16 -> 0 | BC16: =SUM(BC17:BH18) -> 0 | BI16: =BC16/$AB16 -> 0 | BL16: =SUM(BL17:BQ18) -> 0 | BR16: =BL16/$AB16 -> 0
A17: 6.1 | I17: =Orçamento!I17 -> CANTEIRO DE OBRAS | AB17: =Orçamento!AO17 -> 35230.43 | AK17: =IF(AQ17="","",$AB17*AQ17) -> 35230.43 | AQ17: 1 | AT17: =IF(AZ17="","",$AB17*AZ17) | BC17: =IF(BI17="","",$AB17*BI17) | BL17: =IF(BR17="","",$AB17*BR17)
A18: 6.2 | I18: =Orçamento!I19 -> PLACA DA OBRA | AB18: =Orçamento!AO19 -> 4547.6 | AK18: =IF(AQ18="","",$AB18*AQ18) -> 4547.6 | AQ18: 1 | AT18: =IF(AZ18="","",$AB18*AZ18) | BC18: =IF(BI18="","",$AB18*BI18) | BL18: =IF(BR18="","",$AB18*BR18)
A19: 7 | I19: =Orçamento!I21 -> MOBILIZAÇÃO E DESMOBILIZAÇÃO | AB19: =SUM(AB20) -> 119515.07 | AH19: 1 | AK19: =SUM(AK20) -> 54472.715 | AQ19: =AK19/$AB19 -> 0.45578114 | AT19: =SUM(AT20) -> 5284.82 | AZ19: =AT19/$AB19 -> 0.044218859 | BC19: =SUM(BC20) -> 5284.82 | BI19: =BC19/$AB19 -> 0.044218859 | BL19: =SUM(BL20) -> 54472.715 | BR19: =BL19/$AB19 -> 0.45578114
A20: 7.1 | I20: =Orçamento!I22 -> MOBILIZAÇÃO E DESMOBILIZAÇÃO | AB20: =Orçamento!AO22 -> 119515.07 | AK20: =IF(AQ20="","",$AB20*AQ20) -> 54472.715 | AQ20: =(1-AZ20-BI20)/2 -> 0.45578114 | AT20: =IF(AZ20="","",$AB20*AZ20) -> 5284.82 | AZ20: =(Orçamento!AY25+Orçamento!AX24)/Cronograma!AB20 -> 0.044218859 | BC20: =IF(BI20="","",$AB20*BI20) -> 5284.82 | BI20: =AZ20 -> 0.044218859 | BL20: =IF(BR20="","",$AB20*BR20) -> 54472.715 | BR20: =AQ20 -> 0.45578114
I21: =Orçamento!I26 -> PONTE SOBRE O CÓRREGO IRETAN | AB21: =AB22+AB25+AB33+AB40 -> 664918.39 | AH21: 1 | AK21: =AK22+AK25+AK33+AK40 -> 103206.87 | AQ21: =AK21/$AB21 -> 0.15521735 | AT21: =AT22+AT25+AT33+AT40 -> 235671.45 | AZ21: =AT21/$AB21 -> 0.35443665 | BC21: =BC22+BC25+BC33+BC40 -> 221063.21 | BI21: =BC21/$AB21 -> 0.33246668 | BL21: =BL22+BL25+BL33+BL40 -> 104976.87 | BR21: =BL21/$AB21 -> 0.15787932
A22: 1 | I22: =Orçamento!I27 -> INFRAESTRUTURA | AB22: =SUM(AB23:AG24) -> 124150.6 | AH22: 1 | AK22: =SUM(AK23:AP24) -> 77554.697 | AQ22: =AK22/$AB22 -> 0.62468242 | AT22: =SUM(AT23:AY24) -> 46595.902 | AZ22: =AT22/$AB22 -> 0.37531758 | BC22: =SUM(BC23:BH24) -> 0 | BI22: =BC22/$AB22 -> 0 | BL22: =SUM(BL23:BQ24) -> 0 | BR22: =BL22/$AB22 -> 0
A23: 1.1 | I23: =Orçamento!I28 -> FUNDAÇÃO - ESTACAS METÁLICAS + REFORÇO DAS ESTACAS (ENCONTRO 01 E ALAS) | AB23: =Orçamento!AO28 -> 62022.73 | AK23: =IF(AQ23="","",$AB23*AQ23) -> 62022.73 | AQ23: 1 | AT23: =IF(AZ23="","",$AB23*AZ23) | BC23: =IF(BI23="","",$AB23*BI23) | BL23: =IF(BR23="","",$AB23*BR23)
A24: 1.2 | I24: =VLOOKUP(A24,Orçamento!A$16:AC$149,9) -> FUNDAÇÃO - ESTACAS METÁLICAS + REFORÇO DAS ESTACAS (ENCONTRO 02 E ALAS) | AB24: =VLOOKUP(A24,Orçamento!A$16:AR$149,41) -> 62127.87 | AK24: =IF(AQ24="","",$AB24*AQ24) -> 15531.968 | AQ24: 0.25 | AT24: =IF(AZ24="","",$AB24*AZ24) -> 46595.902 | AZ24: =1-AQ24 -> 0.75 | BC24: =IF(BI24="","",$AB24*BI24) | BL24: =IF(BR24="","",$AB24*BR24)
A25: 2 | I25: =VLOOKUP(A25,Orçamento!A$16:AC$149,9) -> MESOESTRUTURA | AB25: =SUM(AB26:AG32) -> 285180.89 | AH25: 1 | AK25: =SUM(AK26:AP32) -> 0 | AQ25: =AK25/$AB25 -> 0 | AT25: =SUM(AT26:AY32) -> 123459.9 | AZ25: =AT25/$AB25 -> 0.43291786 | BC25: =SUM(BC26:BH32) -> 161720.99 | BI25: =BC25/$AB25 -> 0.56708214 | BL25: =SUM(BL26:BQ32) -> 0 | BR25: =BL25/$AB25 -> 0
A26: 2.1 | I26: =VLOOKUP(A26,Orçamento!A$16:AC$149,9) -> ENCONTROS/CORTINAS 01 + ALAS + CONSOLOS | AB26: =VLOOKUP(A26,Orçamento!A$16:AR$149,41) -> 123459.9 | AK26: =IF(AQ26="","",$AB26*AQ26) | AT26: =IF(AZ26="","",$AB26*AZ26) -> 123459.9 | AZ26: 1 | BC26: =IF(BI26="","",$AB26*BI26) | BL26: =IF(BR26="","",$AB26*BR26)
A27: 2.2 | I27: =VLOOKUP(A27,Orçamento!A$16:AC$149,9) -> ENCONTROS/CORTINAS 02 + ALAS + CONSOLOS | AB27: =VLOOKUP(A27,Orçamento!A$16:AR$149,41) -> 123606.44 | AK27: =IF(AQ27="","",$AB27*AQ27) | AT27: =IF(AZ27="","",$AB27*AZ27) | BC27: =IF(BI27="","",$AB27*BI27) -> 123606.44 | BI27: =1-AZ27 -> 1 | BL27: =IF(BR27="","",$AB27*BR27)
A28: 2.3 | I28: =VLOOKUP(A28,Orçamento!A$16:AC$149,9) -> PLACA DE ATRITO 01 | AB28: =VLOOKUP(A28,Orçamento!A$16:AR$149,41) -> 12622.98 | AK28: =IF(AQ28="","",$AB28*AQ28) | AT28: =IF(AZ28="","",$AB28*AZ28) | BC28: =IF(BI28="","",$AB28*BI28) -> 12622.98 | BI28: =1-AZ28 -> 1 | BL28: =IF(BR28="","",$AB28*BR28)
A29: 2.4 | I29: =VLOOKUP(A29,Orçamento!A$16:AC$149,9) -> PLACA DE ATRITO 02 | AB29: =VLOOKUP(A29,Orçamento!A$16:AR$149,41) -> 12879.6 | AK29: =IF(AQ29="","",$AB29*AQ29) | AT29: =IF(AZ29="","",$AB29*AZ29) | BC29: =IF(BI29="","",$AB29*BI29) -> 12879.6 | BI29: =1-AZ29 -> 1 | BL29: =IF(BR29="","",$AB29*BR29)
A30: 2.5 | I30: =VLOOKUP(A30,Orçamento!A$16:AC$149,9) -> TIRANTES (PLACA DE ATRITO 01) | AB30: =VLOOKUP(A30,Orçamento!A$16:AR$149,41) -> 4843.5 | AK30: =IF(AQ30="","",$AB30*AQ30) | AT30: =IF(AZ30="","",$AB30*AZ30) | BC30: =IF(BI30="","",$AB30*BI30) -> 4843.5 | BI30: =1-AZ30 -> 1 | BL30: =IF(BR30="","",$AB30*BR30)
A31: 2.6 | I31: =VLOOKUP(A31,Orçamento!A$16:AC$149,9) -> TIRANTES (PLACA DE ATRITO 02) | AB31: =VLOOKUP(A31,Orçamento!A$16:AR$149,41) -> 4843.5 | AK31: =IF(AQ31="","",$AB31*AQ31) | AT31: =IF(AZ31="","",$AB31*AZ31) | BC31: =IF(BI31="","",$AB31*BI31) -> 4843.5 | BI31: =BI28 -> 1 | BL31: =IF(BR31="","",$AB31*BR31)
A32: 2.7 | I32: =VLOOKUP(A32,Orçamento!A$16:AC$149,9) -> ARTICULAÇÃO FREYSSINET | AB32: =VLOOKUP(A32,Orçamento!A$16:AR$149,41) -> 2924.97 | AK32: =IF(AQ32="","",$AB32*AQ32) | AT32: =IF(AZ32="","",$AB32*AZ32) | BC32: =IF(BI32="","",$AB32*BI32) -> 2924.97 | BI32: =BI31 -> 1 | BL32: =IF(BR32="","",$AB32*BR32)
A33: 3 | I33: =VLOOKUP(A33,Orçamento!A$16:AC$149,9) -> SUPERESTRUTURA | AB33: =SUM(AB34:AG39) -> 243729.62 | AH33: 1 | AK33: =SUM(AK34:AP39) -> 25652.17 | AQ33: =AK33/$AB33 -> 0.10524847 | AT33: =SUM(AT34:AY39) -> 64130.425 | AZ33: =AT33/$AB33 -> 0.26312118 | BC33: =SUM(BC34:BH39) -> 55654.435 | BI33: =BC33/$AB33 -> 0.22834498 | BL33: =SUM(BL34:BQ39) -> 98292.59 | BR33: =BL33/$AB33 -> 0.40328537
A34: 3.1 | I34: =VLOOKUP(A34,Orçamento!A$16:AC$149,9) -> LAJE DO TABULEIRO | AB34: =VLOOKUP(A34,Orçamento!A$16:AR$149,41) -> 38202.3 | AK34: =IF(AQ34="","",$AB34*AQ34) | AT34: =IF(AZ34="","",$AB34*AZ34) | BC34: =IF(BI34="","",$AB34*BI34) | BL34: =IF(BR34="","",$AB34*BR34) -> 38202.3 | BR34: 1
A35: 3.2 | I35: =VLOOKUP(A35,Orçamento!A$16:AC$149,9) -> TRANSVERSINA DOS ENCONTROS + CONSOLOS | AB35: =VLOOKUP(A35,Orçamento!A$16:AR$149,41) -> 17176.18 | AK35: =IF(AQ35="","",$AB35*AQ35) | AT35: =IF(AZ35="","",$AB35*AZ35) | BC35: =IF(BI35="","",$AB35*BI35) -> 17176.18 | BI35: 1 | BL35: =IF(BR35="","",$AB35*BR35)
A36: 3.3 | I36: =VLOOKUP(A36,Orçamento!A$16:AC$149,9) -> BARREIRAS DE CONCRETO (TIPO NEW JERSEY) | AB36: =VLOOKUP(A36,Orçamento!A$16:AR$149,41) -> 10783.61 | AK36: =IF(AQ36="","",$AB36*AQ36) | AT36: =IF(AZ36="","",$AB36*AZ36) | BC36: =IF(BI36="","",$AB36*BI36) | BL36: =IF(BR36="","",$AB36*BR36) -> 10783.61 | BR36: 1
A37: 3.4 | I37: =VLOOKUP(A37,Orçamento!A$16:AC$149,9) -> VIGA LONGARINA PRÉ-MOLDADA | AB37: =VLOOKUP(A37,Orçamento!A$16:AR$149,41) -> 123437.25 | AK37: =IF(AQ37="","",$AB37*AQ37) -> 24687.45 | AQ37: 0.2 | AT37: =IF(AZ37="","",$AB37*AZ37) -> 61718.625 | AZ37: 0.5 | BC37: =IF(BI37="","",$AB37*BI37) -> 37031.175 | BI37: 0.3 | BL37: =IF(BR37="","",$AB37*BR37)
A38: 3.5 | I38: =VLOOKUP(A38,Orçamento!A$16:AC$149,9) -> PLACA DE APROXIMAÇÃO | AB38: =VLOOKUP(A38,Orçamento!A$16:AR$149,41) -> 49306.68 | AK38: =IF(AQ38="","",$AB38*AQ38) | AT38: =IF(AZ38="","",$AB38*AZ38) | BC38: =IF(BI38="","",$AB38*BI38) | BL38: =IF(BR38="","",$AB38*BR38) -> 49306.68 | BR38: 1
A39: 3.6 | I39: =VLOOKUP(A39,Orçamento!A$16:AC$149,9) -> BERÇO DE CONCRETO PARA VIGA LONGARINA | AB39: =VLOOKUP(A39,Orçamento!A$16:AR$149,41) -> 4823.6 | AK39: =IF(AQ39="","",$AB39*AQ39) -> 964.72 | AQ39: 0.2 | AT39: =IF(AZ39="","",$AB39*AZ39) -> 2411.8 | AZ39: 0.5 | BC39: =IF(BI39="","",$AB39*BI39) -> 1447.08 | BI39: 0.3 | BL39: =IF(BR39="","",$AB39*BR39)
A40: 4 | I40: =VLOOKUP(A40,Orçamento!A$16:AC$149,9) -> SERVIÇOS COMPLEMENTARES | AB40: =SUM(AB41:AG43) -> 11857.28 | AH40: 1 | AK40: =SUM(AK41:AP43) -> 0 | AQ40: =AK40/$AB40 -> 0 | AT40: =SUM(AT41:AY43) -> 1485.22 | AZ40: =AT40/$AB40 -> 0.12525807 | BC40: =SUM(BC41:BH43) -> 3687.784 | BI40: =BC40/$AB40 -> 0.31101433 | BL40: =SUM(BL41:BQ43) -> 6684.276 | BR40: =BL40/$AB40 -> 0.5637276
A41: 4.2 | I41: =VLOOKUP(A41,Orçamento!A$16:AC$149,9) -> SINALIZAÇÃO E SEGURANÇA | AB41: =VLOOKUP(A41,Orçamento!A$16:AR$149,41) -> 9219.46 | AK41: =IF(AQ41="","",$AB41*AQ41) | AT41: =IF(AZ41="","",$AB41*AZ41) | BC41: =IF(BI41="","",$AB41*BI41) -> 3687.784 | BI41: 0.4 | BL41: =IF(BR41="","",$AB41*BR41) -> 5531.676 | BR41: =1-BI41 -> 0.6
A42: 4.3 | I42: =VLOOKUP(A42,Orçamento!A$16:AC$149,9) -> DRENAGEM | AB42: =VLOOKUP(A42,Orçamento!A$16:AR$149,41) -> 1152.6 | AK42: =IF(AQ42="","",$AB42*AQ42) | AT42: =IF(AZ42="","",$AB42*AZ42) | BC42: =IF(BI42="","",$AB42*BI42) | BL42: =IF(BR42="","",$AB42*BR42) -> 1152.6 | BR42: 1
A43: 4.4 | I43: =VLOOKUP(A43,Orçamento!A$16:AC$149,9) -> ESCAVAÇÃO (ABERTURA DO CANAL DO RIO) | AB43: =VLOOKUP(A43,Orçamento!A$16:AR$149,41) -> 1485.22 | AK43: =IF(AQ43="","",$AB43*AQ43) | AT43: =IF(AZ43="","",$AB43*AZ43) -> 1485.22 | AZ43: 1 | BC43: =IF(BI43="","",$AB43*BI43) | BL43: =IF(BR43="","",$AB43*BR43)
A44: 5 | I44: =Orçamento!I124 -> ADMINISTRAÇÃO LOCAL | AB44: =SUM(AB45) -> 92461.63 | AH44: 1 | AK44: =SUM(AK45) -> 25907.749 | AQ44: =AK44/$AB44 -> 0.2802 | AT44: =SUM(AT45) -> 24881.425 | AZ44: =AT44/$AB44 -> 0.2691 | BC44: =SUM(BC45) -> 23855.101 | BI44: =BC44/$AB44 -> 0.258 | BL44: =SUM(BL45) -> 17817.356 | BR44: =BL44/$AB44 -> 0.1927
A45: 5.1 | I45: =Orçamento!I124 -> ADMINISTRAÇÃO LOCAL | AB45: =Orçamento!AO124 -> 92461.63 | AK45: =IF(AQ45="","",$AB45*AQ45) -> 25907.749 | AQ45: 0.2802 | AT45: =IF(AZ45="","",$AB45*AZ45) -> 24881.425 | AZ45: 0.2691 | BC45: =IF(BI45="","",$AB45*BI45) -> 23855.101 | BI45: 0.258 | BL45: =IF(BR45="","",$AB45*BR45) -> 17817.356 | BR45: =1-AQ45-AZ45-BI45 -> 0.1927
A46: TOTAL MENSAL | AK46: =SUM(AK16,AK19,AK21,AK44) -> 223365.36 | AQ46: =AK46/$AB$48 -> 0.24366959 | AT46: =SUM(AT16,AT19,AT21,AT44) -> 265837.69 | AZ46: =AT46/$AB$48 -> 0.29000271 | BC46: =SUM(BC16,BC19,BC21,BC44) -> 250203.13 | BI46: =BC46/$AB$48 -> 0.27294695 | BL46: =SUM(BL16,BL19,BL21,BL44) -> 177266.94 | BR46: =BL46/$AB$48 -> 0.19338075
A47: TOTAL ACUMULADO | AK47: =AK46 -> 223365.36 | AQ47: =AK47/$AB$48 -> 0.24366959 | AT47: =AT46+AK47 -> 489203.05 | AZ47: =AT47/$AB$48 -> 0.5336723 | BC47: =BC46+AT47 -> 739406.18 | BI47: =BC47/$AB$48 -> 0.80661925 | BL47: =BL46+BC47 -> 916673.12 | BR47: =BL47/$AB$48 -> 1
A48: TOTAL GERAL | AB48: =SUM(AB16,AB19,AB21,AB44) -> 916673.12 | AH48: 1

Sheet Curva ABC Serviços
A4: OBJETO: | I4: =IF(Dados!I4="","",Dados!I4) -> CONSTRUÇÃO DE PONTE RODOVIÁRIA EM CONCRETO ARMADO
A5: =Dados!A5 -> MUNICÍPIO: | I5: =IF(Dados!I5="","",Dados!I5) -> DEODÁPOLIS/MS
A6: =Dados!A6 -> RODOVIA/ESTRADA: | I6: =IF(Dados!I6="","",Dados!I6) -> ESTRADA VICINAL 14ª LINHA (LADO NASCENTE)
A7: =Dados!A7 -> LOCAL: | I7: =IF(Dados!I7="","",Dados!I7) -> PONTE SOBRE O CÓRREGO IRETAN
A8: =Dados!A8 -> COORDENADAS: | I8: =IF(Dados!I8="","",Dados!I8) -> 22°14'28.18"S, 54º04'37.28"O | BA8: =Dados!AI8 -> ÁREA: | BH8: =IF(Dados!AO8="","",Dados!AO8) -> 90 | BJ8: m²
A9: =Dados!A9 -> COMPRIMENTO: | I9: =IF(Dados!I9="","",Dados!I9) -> 15 | K9: m
A10: =Dados!A10 -> LARGURA: | I10: =IF(Dados!I10="","",Dados!I10) -> 6 | K10: m
A11: BDI: | I11: =Dados!I11 -> INSUMO | L11: =IF(Dados!L11="","",Dados!L11) -> 0.1527 | O11: =Dados!O11 -> SERVIÇO | R11: =IF(Dados!R11="","",Dados!R11) -> 0.2391 | BA11: =Dados!AI11 -> PRAZO DE EXECUÇÃO: | BH11: =IF(Dados!AO11="","",Dados!AO11) -> 120 | BJ11: dias
A12: SISTEMA/REFERÊNCIA: | I12: =IF(Dados!I12="","",Dados!I12) -> SEM DESONERAÇÃO SICRO (JANEIRO/2026) | V12: =IF(Dados!U12="","",Dados!U12) -> NÃO DESONERADO SINAPI (JANEIRO/2026)
A14: CRONOGRAMA FÍSICO-FINANCEIRO
A15: ITEM | C15: FONTE | F15: CÓDIGO | I15: DESCRIÇÃO | AB15: UNID. | AE15: QUANTIDADE | AK15: PREÇO UNITÁRIO | AQ15: PREÇO TOTAL | AW15: % | AZ15: % ACUM. | BC15: CLASSIFICAÇÃO
A16: 1.1 | F16: 407819 | I16: Armação em aço CA-50 - fornecimento, preparo e colocação | AB16: m³ | AE16: =SUMIF(Orçamento!F$18:F$149,'Curva ABC Serviços'!F16:F16,Orçamento!AH$18:AH$149) -> 13606.7 | AK16: =AQ16/AE16 -> 15.959998 | AQ16: =SUMIF(Orçamento!F:H,F16,Orçamento!AO:AO) -> 217162.91 | AW16: =AQ16/$AQ$53 -> 0.23690332 | AZ16: =AW16 -> 0.23690332 | BC16: =IF(AZ16<0.8,"A",IF(AZ16<0.95,"B","C")) -> A
A17: 1.2 | F17: 1107900 | I17: Concreto fck = 30 Mpa - confecção em betoneira e lançamento manual - areia e brita comerciais | AB17: m³ | AE17: =SUMIF(Orçamento!F$18:F$149,'Curva ABC Serviços'!F17:F17,Orçamento!AH$18:AH$149) -> 116.24 | AK17: =AQ17/AE17 -> 1310.9898 | AQ17: =SUMIF(Orçamento!F:H,F17,Orçamento!AO:AO) -> 152389.46 | AW17: =AQ17/$AQ$53 -> 0.16624188 | AZ17: =AW17+AZ16 -> 0.4031452 | BC17: =IF(AZ17<0.8,"A",IF(AZ17<0.95,"B","C")) -> A
A18: 1.3 | F18: 2306113 | I18: Estacas trilho TR 68 - fornecimento e cravação | AB18: m | AE18: =SUMIF(Orçamento!F$18:F$149,'Curva ABC Serviços'!F18:F18,Orçamento!AH$18:AH$149) -> 240 | AK18: =AQ18/AE18 -> 486.85 | AQ18: =SUMIF(Orçamento!F:H,F18,Orçamento!AO:AO) -> 116844 | AW18: =AQ18/$AQ$53 -> 0.12746528 | AZ18: =AW18+AZ17 -> 0.53061049 | BC18: =IF(AZ18<0.8,"A",IF(AZ18<0.95,"B","C")) -> A
A19: 1.4 | F19: IMT0000156 | I19: Mobilização e desmobilização de equipamentos | AB19: un | AE19: =SUMIF(Orçamento!F$18:F$149,'Curva ABC Serviços'!F19:F19,Orçamento!AH$18:AH$149) -> 1 | AK19: =AQ19/AE19 -> 98375.79 | AQ19: =SUMIF(Orçamento!F:H,F19,Orçamento!AO:AO) -> 98375.79 | AW19: =AQ19/$AQ$53 -> 0.10731829 | AZ19: =AW19+AZ18 -> 0.63792877 | BC19: =IF(AZ19<0.8,"A",IF(AZ19<0.95,"B","C")) -> A
A20: 1.5 | F20: 3108000 | I20: Formas de compensado resinado 12 mm - uso geral - utilização de 2 vezes - confecção, instalação e retirada | AB20: m² | AE20: =SUMIF(Orçamento!F$18:F$149,'Curva ABC Serviços'!F20:F20,Orçamento!AH$18:AH$149) -> 647.66 | AK20: =AQ20/AE20 -> 108.67001 | AQ20: =SUMIF(Orçamento!F:H,F20,Orçamento!AO:AO) -> 70381.22 | AW20: =AQ20/$AQ$53 -> 0.076778972 | AZ20: =AW20+AZ19 -> 0.71470775 | BC20: =IF(AZ20<0.8,"A",IF(AZ20<0.95,"B","C")) -> A
A21: 1.6 | F21: IMT0000099 | I21: Instalação dos canteiros de obras e acampamentos | AB21: un | AE21: =SUMIF(Orçamento!F$18:F$149,'Curva ABC Serviços'!F21:F21,Orçamento!AH$18:AH$149) -> 1 | AK21: =AQ21/AE21 -> 35230.43 | AQ21: =SUMIF(Orçamento!F:H,F21,Orçamento!AO:AO) -> 35230.43 | AW21: =AQ21/$AQ$53 -> 0.038432926 | AZ21: =AW21+AZ20 -> 0.75314067 | BC21: =IF(AZ21<0.8,"A",IF(AZ21<0.95,"B","C")) -> A
A22: 1.7 | F22: 1107908 | I22: Concreto fck = 40 MPa - confecção em betoneira e lançamento manual - areia e brita comerciais | AB22: m³ | AE22: =SUMIF(Orçamento!F$18:F$149,'Curva ABC Serviços'!F22:F22,Orçamento!AH$18:AH$149) -> 21.65 | AK22: =AQ22/AE22 -> 1399.63 | AQ22: =SUMIF(Orçamento!F:H,F22,Orçamento!AO:AO) -> 30301.99 | AW22: =AQ22/$AQ$53 -> 0.033056484 | AZ22: =AW22+AZ21 -> 0.78619716 | BC22: =IF(AZ22<0.8,"A",IF(AZ22<0.95,"B","C")) -> A
A23: 1.8 | F23: P9827 | I23: Vigia - mensalista | AB23: mês | AE23: =SUMIF(Orçamento!F$18:F$149,'Curva ABC Serviços'!F23:F23,Orçamento!AH$18:AH$149) -> 4 | AK23: =AQ23/AE23 -> 6645.69 | AQ23: =SUMIF(Orçamento!F:H,F23,Orçamento!AO:AO) -> 26582.76 | AW23: =AQ23/$AQ$53 -> 0.02899917 | AZ23: =AW23+AZ22 -> 0.81519633 | BC23: =IF(AZ23<0.8,"A",IF(AZ23<0.95,"B","C")) -> B
A24: 1.9 | F24: 3806420 | I24: Lançamento de viga pré-moldada de até 500 kN com utilização de guindaste | AB24: un | AE24: =SUMIF(Orçamento!F$18:F$149,'Curva ABC Serviços'!F24:F24,Orçamento!AH$18:AH$149) -> 4 | AK24: =AQ24/AE24 -> 5233.09 | AQ24: =SUMIF(Orçamento!F:H,F24,Orçamento!AO:AO) -> 20932.36 | AW24: =AQ24/$AQ$53 -> 0.022835141 | AZ24: =AW24+AZ23 -> 0.83803147 | BC24: =IF(AZ24<0.8,"A",IF(AZ24<0.95,"B","C")) -> B
A25: 1.10 | F25: P9876 | I25: Técnico de segurança do trabalho - mensalista | AB25: mês | AE25: =SUMIF(Orçamento!F$18:F$149,'Curva ABC Serviços'!F25:F25,Orçamento!AH$18:AH$149) -> 2 | AK25: =AQ25/AE25 -> 9710.84 | AQ25: =SUMIF(Orçamento!F:H,F25,Orçamento!AO:AO) -> 19421.68 | AW25: =AQ25/$AQ$53 -> 0.021187138 | AZ25: =AW25+AZ24 -> 0.85921861 | BC25: =IF(AZ25<0.8,"A",IF(AZ25<0.95,"B","C")) -> B
A26: 1.11 | F26: E9093 | I26: Veículo leve - 53 kW (sem motorista) | AB26: mês | AE26: =SUMIF(Orçamento!F$18:F$149,'Curva ABC Serviços'!F26:F26,Orçamento!AH$18:AH$149) -> 4 | AK26: =AQ26/AE26 -> 3215.9 | AQ26: =SUMIF(Orçamento!F:H,F26,Orçamento!AO:AO) -> 12863.6 | AW26: =AQ26/$AQ$53 -> 0.014032919 | AZ26: =AW26+AZ25 -> 0.87325153 | BC26: =IF(AZ26<0.8,"A",IF(AZ26<0.95,"B","C")) -> B
A27: 1.12 | F27: IMT9900195 | I27: Mobilização de pessoal e debandas | AB27: un | AE27: =SUMIF(Orçamento!F$18:F$149,'Curva ABC Serviços'!F27:F27,Orçamento!AH$18:AH$149) -> 4 | AK27: =AQ27/AE27 -> 2642.41 | AQ27: =SUMIF(Orçamento!F:H,F27,Orçamento!AO:AO) -> 10569.64 | AW27: =AQ27/$AQ$53 -> 0.011530435 | AZ27: =AW27+AZ26 -> 0.88478196 | BC27: =IF(AZ27<0.8,"A",IF(AZ27<0.95,"B","C")) -> B
A28: 1.13 | F28: IMT9900196 | I28: Desmobilização de pessoal e debandas | AB28: un | AE28: =SUMIF(Orçamento!F$18:F$149,'Curva ABC Serviços'!F28:F28,Orçamento!AH$18:AH$149) -> 4 | AK28: =AQ28/AE28 -> 2642.41 | AQ28: =SUMIF(Orçamento!F:H,F28,Orçamento!AO:AO) -> 10569.64 | AW28: =AQ28/$AQ$53 -> 0.011530435 | AZ28: =AW28+AZ27 -> 0.8963124 | BC28: =IF(AZ28<0.8,"A",IF(AZ28<0.95,"B","C")) -> B
A29: 1.14 | F29: 1106057 | I29: Concreto magro - confecção em betoneira e lançamento manual - areia e brita comerciais | AB29: m³ | AE29: =SUMIF(Orçamento!F$18:F$149,'Curva ABC Serviços'!F29:F29,Orçamento!AH$18:AH$149) -> 8.54 | AK29: =AQ29/AE29 -> 1213.6417 | AQ29: =SUMIF(Orçamento!F:H,F29,Orçamento!AO:AO) -> 10364.5 | AW29: =AQ29/$AQ$53 -> 0.011306648 | AZ29: =AW29+AZ28 -> 0.90761904 | BC29: =IF(AZ29<0.8,"A",IF(AZ29<0.95,"B","C")) -> B
A30: 1.15 | F30: AGC5030001 | I30: Tirante | AB30: un | AE30: =SUMIF(Orçamento!F$18:F$149,'Curva ABC Serviços'!F30:F30,Orçamento!AH$18:AH$149) -> 10 | AK30: =AQ30/AE30 -> 968.7 | AQ30: =SUMIF(Orçamento!F:H,F30,Orçamento!AO:AO) -> 9687 | AW30: =AQ30/$AQ$53 -> 0.010567562 | AZ30: =AW30+AZ29 -> 0.91818661 | BC30: =IF(AZ30<0.8,"A",IF(AZ30<0.95,"B","C")) -> B
A31: 1.16 | F31: 3806429 | I31: Plataforma de trabalho em aço tubular apoiada no solo - altura de 4 a 6 m - utilização de 100 vezes - fornecimento, instalação e retirada | AB31: m³ | AE31: =SUMIF(Orçamento!F$18:F$149,'Curva ABC Serviços'!F31:F31,Orçamento!AH$18:AH$149) -> 379.68 | AK31: =AQ31/AE31 -> 24.760008 | AQ31: =SUMIF(Orçamento!F:H,F31,Orçamento!AO:AO) -> 9400.88 | AW31: =AQ31/$AQ$53 -> 0.010255433 | AZ31: =AW31+AZ30 -> 0.92844204 | BC31: =IF(AZ31<0.8,"A",IF(AZ31<0.95,"B","C")) -> B
A32: 1.17 | F32: P9812 | I32: Engenheiro - mensalista | AB32: mês | AE32: =SUMIF(Orçamento!F$18:F$149,'Curva ABC Serviços'!F32:F32,Orçamento!AH$18:AH$149) -> 0.25 | AK32: =AQ32/AE32 -> 34344.12 | AQ32: =SUMIF(Orçamento!F:H,F32,Orçamento!AO:AO) -> 8586.03 | AW32: =AQ32/$AQ$53 -> 0.0093665122 | AZ32: =AW32+AZ31 -> 0.93780855 | BC32: =IF(AZ32<0.8,"A",IF(AZ32<0.95,"B","C")) -> B
A33: 1.18 | F33: P9806 | I33: Auxiliar administrativo - mensalista | AB33: mês | AE33: =SUMIF(Orçamento!F$18:F$149,'Curva ABC Serviços'!F33:F33,Orçamento!AH$18:AH$149) -> 1 | AK33: =AQ33/AE33 -> 6401.81 | AQ33: =SUMIF(Orçamento!F:H,F33,Orçamento!AO:AO) -> 6401.81 | AW33: =AQ33/$AQ$53 -> 0.0069837436 | AZ33: =AW33+AZ32 -> 0.94479229 | BC33: =IF(AZ33<0.8,"A",IF(AZ33<0.95,"B","C")) -> B
A34: 1.19 | F34: 5213571 | I34: Placa de aço - película I + III - fornecimento e implantação | AB34: m² | AE34: =SUMIF(Orçamento!F$18:F$149,'Curva ABC Serviços'!F34:F34,Orçamento!AH$18:AH$149) -> 10.17 | AK34: =AQ34/AE34 -> 601.93019 | AQ34: =SUMIF(Orçamento!F:H,F34,Orçamento!AO:AO) -> 6121.63 | AW34: =AQ34/$AQ$53 -> 0.0066780948 | AZ34: =AW34+AZ33 -> 0.95147039 | BC34: =IF(AZ34<0.8,"A",IF(AZ34<0.95,"B","C")) -> C
A35: 1.20 | F35: 407820 | I35: Armação em aço CA-60 - fornecimento, preparo e colocação | AB35: kg | AE35: =SUMIF(Orçamento!F$18:F$149,'Curva ABC Serviços'!F35:F35,Orçamento!AH$18:AH$149) -> 260.8 | AK35: =AQ35/AE35 -> 18.410008 | AQ35: =SUMIF(Orçamento!F:H,F35,Orçamento!AO:AO) -> 4801.33 | AW35: =AQ35/$AQ$53 -> 0.0052377777 | AZ35: =AW35+AZ34 -> 0.95670817 | BC35: =IF(AZ35<0.8,"A",IF(AZ35<0.95,"B","C")) -> C
A36: 1.21 | F36: 5502109 | I36: Escavação, carga e transporte de material de 1ª categoria - DMT de 50 a 200 m - caminho de serviço em leito natural - com escavadeira e caminhão basculante de 14 m³ | AB36: m³ | AE36: =SUMIF(Orçamento!F$18:F$149,'Curva ABC Serviços'!F36:F36,Orçamento!AH$18:AH$149) -> 579.25 | AK36: =AQ36/AE36 -> 8.1699784 | AQ36: =SUMIF(Orçamento!F:H,F36,Orçamento!AO:AO) -> 4732.46 | AW36: =AQ36/$AQ$53 -> 0.0051626473 | AZ36: =AW36+AZ35 -> 0.96187081 | BC36: =IF(AZ36<0.8,"A",IF(AZ36<0.95,"B","C")) -> C
A37: 1.22 | F37: E9125 | I37: Veículo tipo van furgão com capacidade de 1,38 t - 100 kW | AB37: mês | AE37: =SUMIF(Orçamento!F$18:F$149,'Curva ABC Serviços'!F37:F37,Orçamento!AH$18:AH$149) -> 0.33 | AK37: =AQ37/AE37 -> 14142.455 | AQ37: =SUMIF(Orçamento!F:H,F37,Orçamento!AO:AO) -> 4667.01 | AW37: =AQ37/$AQ$53 -> 0.0050912478 | AZ37: =AW37+AZ36 -> 0.96696206 | BC37: =IF(AZ37<0.8,"A",IF(AZ37<0.95,"B","C")) -> C
A38: 1.23 | F38: 103689 | I38: Fornecimento e instalação de placa de obra com chapa galvanizada e estrutura de madeira - AF_03/2022_PS | AB38: m² | AE38: =SUMIF(Orçamento!F$18:F$149,'Curva ABC Serviços'!F38:F38,Orçamento!AH$18:AH$149) -> 8 | AK38: =AQ38/AE38 -> 568.45 | AQ38: =SUMIF(Orçamento!F:H,F38,Orçamento!AO:AO) -> 4547.6 | AW38: =AQ38/$AQ$53 -> 0.0049609833 | AZ38: =AW38+AZ37 -> 0.97192304 | BC38: =IF(AZ38<0.8,"A",IF(AZ38<0.95,"B","C")) -> C
A39: 1.24 | I39: Despesas diversas | AB39: un | AE39: =Orçamento!AH149 -> 1 | AK39: =AQ39/AE39 -> 4402.93 | AQ39: =Orçamento!AO149 -> 4402.93 | AW39: =AQ39/$AQ$53 -> 0.0048031625 | AZ39: =AW39+AZ38 -> 0.97672621 | BC39: =IF(AZ39<0.8,"A",IF(AZ39<0.95,"B","C")) -> C
A40: 1.25 | F40: 5216111 | I40: Suporte para placa de sinalização em madeira de lei tratada 8 x 8 cm - fornecimento e implantação | AB40: un | AE40: =SUMIF(Orçamento!F$18:F$149,'Curva ABC Serviços'!F40:F40,Orçamento!AH$18:AH$149) -> 18 | AK40: =AQ40/AE40 -> 165.26 | AQ40: =SUMIF(Orçamento!F:H,F40,Orçamento!AO:AO) -> 2974.68 | AW40: =AQ40/$AQ$53 -> 0.0032450826 | AZ40: =AW40+AZ39 -> 0.97997129 | BC40: =IF(AZ40<0.8,"A",IF(AZ40<0.95,"B","C")) -> C
A41: 1.26 | F41: P9950 | I41: Auxiliar de topografia - mensalista | AB41: mês | AE41: =SUMIF(Orçamento!F$18:F$149,'Curva ABC Serviços'!F41:F41,Orçamento!AH$18:AH$149) -> 0.4 | AK41: =AQ41/AE41 -> 6779.6 | AQ41: =SUMIF(Orçamento!F:H,F41,Orçamento!AO:AO) -> 2711.84 | AW41: =AQ41/$AQ$53 -> 0.0029583501 | AZ41: =AW41+AZ40 -> 0.98292964 | BC41: =IF(AZ41<0.8,"A",IF(AZ41<0.95,"B","C")) -> C
A42: 1.27 | F42: 4815671 | I42: Reaterro e compactação com soquete vibratório | AB42: m³ | AE42: =SUMIF(Orçamento!F$18:F$149,'Curva ABC Serviços'!F42:F42,Orçamento!AH$18:AH$149) -> 108.89 | AK42: =AQ42/AE42 -> 24.769951 | AQ42: =SUMIF(Orçamento!F:H,F42,Orçamento!AO:AO) -> 2697.2 | AW42: =AQ42/$AQ$53 -> 0.0029423793 | AZ42: =AW42+AZ41 -> 0.98587202 | BC42: =IF(AZ42<0.8,"A",IF(AZ42<0.95,"B","C")) -> C
A43: 1.28 | I43: Manutenção do canteiro de obras e acampamentos | AB43: mês | AE43: =Orçamento!AH147 -> 2 | AK43: =AQ43/AE43 -> 1220.76 | AQ43: =Orçamento!AO147 -> 2441.52 | AW43: =AQ43/$AQ$53 -> 0.0026634576 | AZ43: =AW43+AZ42 -> 0.98853548 | BC43: =IF(AZ43<0.8,"A",IF(AZ43<0.95,"B","C")) -> C
A44: 1.29 | F44: 2003864 | I44: Esgotamento de água com bomba submersa | AB44: h | AE44: =SUMIF(Orçamento!F$18:F$149,'Curva ABC Serviços'!F44:F44,Orçamento!AH$18:AH$149) -> 120 | AK44: =AQ44/AE44 -> 18.12 | AQ44: =SUMIF(Orçamento!F:H,F44,Orçamento!AO:AO) -> 2174.4 | AW44: =AQ44/$AQ$53 -> 0.002372056 | AZ44: =AW44+AZ43 -> 0.99090753 | BC44: =IF(AZ44<0.8,"A",IF(AZ44<0.95,"B","C")) -> C
A45: 1.30 | F45: P9949 | I45: Topógrafo - mensalista | AB45: mês | AE45: =SUMIF(Orçamento!F$18:F$149,'Curva ABC Serviços'!F45:F45,Orçamento!AH$18:AH$149) -> 0.2 | AK45: =AQ45/AE45 -> 8495.6 | AQ45: =SUMIF(Orçamento!F:H,F45,Orçamento!AO:AO) -> 1699.12 | AW45: =AQ45/$AQ$53 -> 0.0018535724 | AZ45: =AW45+AZ44 -> 0.99276111 | BC45: =IF(AZ45<0.8,"A",IF(AZ45<0.95,"B","C")) -> C
A46: 1.31 | F46: P9833 | I46: Auxiliar de laboratório - mensalista | AB46: mês | AE46: =SUMIF(Orçamento!F$18:F$149,'Curva ABC Serviços'!F46:F46,Orçamento!AH$18:AH$149) -> 0.26 | AK46: =AQ46/AE46 -> 6090.8846 | AQ46: =SUMIF(Orçamento!F:H,F46,Orçamento!AO:AO) -> 1583.63 | AW46: =AQ46/$AQ$53 -> 0.0017275842 | AZ46: =AW46+AZ45 -> 0.99448869 | BC46: =IF(AZ46<0.8,"A",IF(AZ46<0.95,"B","C")) -> C
A47: 1.32 | F47: 1505860 | I47: Enrocamento de pedra jogada - pedra de mão comercial - fornecimento e assentamento | AB47: m³ | AE47: =SUMIF(Orçamento!F$18:F$149,'Curva ABC Serviços'!F47:F47,Orçamento!AH$18:AH$149) -> 6.46 | AK47: =AQ47/AE47 -> 224.04025 | AQ47: =SUMIF(Orçamento!F:H,F47,Orçamento!AO:AO) -> 1447.3 | AW47: =AQ47/$AQ$53 -> 0.0015788616 | AZ47: =AW47+AZ46 -> 0.99606755 | BC47: =IF(AZ47<0.8,"A",IF(AZ47<0.95,"B","C")) -> C
A48: 1.33 | F48: 2007971 | I48: Dreno de PVC D = 100 mm - fornecimento e instalação | AB48: m | AE48: =SUMIF(Orçamento!F$18:F$149,'Curva ABC Serviços'!F48:F48,Orçamento!AH$18:AH$149) -> 10 | AK48: =AQ48/AE48 -> 115.26 | AQ48: =SUMIF(Orçamento!F:H,F48,Orçamento!AO:AO) -> 1152.6 | AW48: =AQ48/$AQ$53 -> 0.001257373 | AZ48: =AW48+AZ47 -> 0.99732492 | BC48: =IF(AZ48<0.8,"A",IF(AZ48<0.95,"B","C")) -> C
A49: 1.34 | F49: P9858 | I49: Laboratorista - mensalista | AB49: mês | AE49: =SUMIF(Orçamento!F$18:F$149,'Curva ABC Serviços'!F49:F49,Orçamento!AH$18:AH$149) -> 0.13 | AK49: =AQ49/AE49 -> 8459.2308 | AQ49: =SUMIF(Orçamento!F:H,F49,Orçamento!AO:AO) -> 1099.7 | AW49: =AQ49/$AQ$53 -> 0.0011996643 | AZ49: =AW49+AZ48 -> 0.99852459 | BC49: =IF(AZ49<0.8,"A",IF(AZ49<0.95,"B","C")) -> C
A50: 1.35 | F50: 1100657 | I50: Adensamento de concreto por vibrador de imersão | AB50: m³ | AE50: =SUMIF(Orçamento!F$18:F$149,'Curva ABC Serviços'!F50:F50,Orçamento!AH$18:AH$149) -> 137.89 | AK50: =AQ50/AE50 -> 4.6100515 | AQ50: =SUMIF(Orçamento!F:H,F50,Orçamento!AO:AO) -> 635.68 | AW50: =AQ50/$AQ$53 -> 0.00069346421 | AZ50: =AW50+AZ49 -> 0.99921805 | BC50: =IF(AZ50<0.8,"A",IF(AZ50<0.95,"B","C")) -> C
A51: 1.36 | F51: 4507956 | I51: Cordoalha CP 190 RB D = 12,7 mm - fornecimento e instalação | AB51: kg | AE51: =SUMIF(Orçamento!F$18:F$149,'Curva ABC Serviços'!F51:F51,Orçamento!AH$18:AH$149) -> 50.48 | AK51: =AQ51/AE51 -> 11.759905 | AQ51: =SUMIF(Orçamento!F:H,F51,Orçamento!AO:AO) -> 593.64 | AW51: =AQ51/$AQ$53 -> 0.00064760271 | AZ51: =AW51+AZ50 -> 0.99986566 | BC51: =IF(AZ51<0.8,"A",IF(AZ51<0.95,"B","C")) -> C
A52: 1.37 | F52: 5214001 | I52: Pintura de faixa com tinta acrílica emulsionada em água - espessura de 0,3 mm | AB52: m² | AE52: =SUMIF(Orçamento!F$18:F$149,'Curva ABC Serviços'!F52:F52,Orçamento!AH$18:AH$149) -> 7.5 | AK52: =AQ52/AE52 -> 16.42 | AQ52: =SUMIF(Orçamento!F:H,F52,Orçamento!AO:AO) -> 123.15 | AW52: =AQ52/$AQ$53 -> 0.00013434451 | AZ52: =AW52+AZ51 -> 1 | BC52: =IF(AZ52<0.8,"A",IF(AZ52<0.95,"B","C")) -> C
A53: TOTAL GERAL | AQ53: =SUM(AQ16:AV52) -> 916673.12 | AW53: =SUM(AW16:AY52) -> 1 | AZ53: =AZ52 -> 1

Sheet Canteiro Id
A4: OBJETO: | I4: =IF(Dados!I4="","",Dados!I4) -> CONSTRUÇÃO DE PONTE RODOVIÁRIA EM CONCRETO ARMADO
A5: =Dados!A5 -> MUNICÍPIO: | I5: =IF(Dados!I5="","",Dados!I5) -> DEODÁPOLIS/MS
A6: =Dados!A6 -> RODOVIA/ESTRADA: | I6: =IF(Dados!I6="","",Dados!I6) -> ESTRADA VICINAL 14ª LINHA (LADO NASCENTE)
A7: =Dados!A7 -> LOCAL: | I7: =IF(Dados!I7="","",Dados!I7) -> PONTE SOBRE O CÓRREGO IRETAN
A8: =Dados!A8 -> COORDENADAS: | I8: =IF(Dados!I8="","",Dados!I8) -> 22°14'28.18"S, 54º04'37.28"O | AI8: =Dados!AI8 -> ÁREA: | AO8: =IF(Dados!AO8="","",Dados!AO8) -> 90 | AQ8: m²
A9: =Dados!A9 -> COMPRIMENTO: | I9: =IF(Dados!I9="","",Dados!I9) -> 15 | K9: m
A10: =Dados!A10 -> LARGURA: | I10: =IF(Dados!I10="","",Dados!I10) -> 6 | K10: m
A11: BDI: | I11: =Dados!I11 -> INSUMO | L11: =IF(Dados!L11="","",Dados!L11) -> 0.1527 | O11: =Dados!O11 -> SERVIÇO | R11: =IF(Dados!R11="","",Dados!R11) -> 0.2391 | AI11: =Dados!AI11 -> PRAZO DE EXECUÇÃO: | AO11: =IF(Dados!AO11="","",Dados!AO11) -> 120 | AQ11: dias
A12: SISTEMA/REFERÊNCIA: | I12: =IF(Dados!I12="","",Dados!I12) -> SEM DESONERAÇÃO SICRO (JANEIRO/2026) | V12: =IF(Dados!U12="","",Dados!U12) -> NÃO DESONERADO SINAPI (JANEIRO/2026)
A14: CANTEIRO DE OBRAS - IDENTIFICAÇÃO
A15: A - PREMISSAS DA OBRA:
A16: =CONCATENATE("1 - ",I4,", CONFORME CRONOGRAMA DE OBRAS, EM ",AO11," DIAS") -> 1 - CONSTRUÇÃO DE PONTE RODOVIÁRIA EM CONCRETO ARMADO, CONFORME CRONOGRAMA DE OBRAS, EM 120 DIAS
A17: 2 - MÃO DE OBRA ORDINÁRA MÉDIA NO PERÍODO DO EMPREENDIMENTO: | AK17: =LARGE('Histograma MO'!646:646,1) -> 15 | AM17: (FUNCIONÁRIOS/MÊS)
A18: 3 - MÃO DE OBRA PARCELA FIXA DA ADMINISTRAÇÃO LOCAL: | AK18: =SUM('Adm Local'!Y19:Z19,'Adm Local'!Y30:Z30) -> 3 | AM18: (FUNCIONÁRIOS/MÊS)
A19: 4 - MÃO DE OBRA PARCELA VINCULADA DA ADMINISTRAÇÃO LOCAL: | AK19: =SUM('Adm Local'!Y45:Z46,'Adm Local'!Y55:Z55) -> 4 | AM19: (FUNCIONÁRIOS/MÊS)
A20: 5 - MÃO DE OBRA PARCELA VARIÁVEL DA ADMINISTRAÇÃO LOCAL: | AK20: =SUM('Adm Local'!Y68:Z69) -> 3 | AM20: (FUNCIONÁRIOS/MÊS)
A21: DISTÂNCIA ENTRE O CANTEIRO E A CIDADE MAIS PRÓXIMA (PAVIMENTADO): | AK21: =14.5-AK22 -> 7.3 | AM21: km
A22: DISTÂNCIA ENTRE O CANTEIRO E A CIDADE MAIS PRÓXIMA (NÃO PAVIMENTADO): | AK22: 7.2 | AM22: km
A23: UNIDADE DA FEDERAÇÃO: | AK23: MATO GROSSO DO SUL
A24: MÊS-BASE: | AK24: 46023
A25: B - CLASSIFICAÇÃO DA OBRA: VER TABELA 02 - CLASSIFICAÇÃO DAS FAMÍLIAS DE SERVIÇOS NAS OBRAS DE ARTE ESPECIAIS
A34: CONSTRUÇÃO DE OBRA DE ARTE ESPECIAL DE PEQUENO PORTE (150,00m / ano)
A35: C - CARACTERIZAÇÃO DA MÃO DE OBRA: ITEM 9.4 - QUANTIDADE DE FUNCIONÁRIOS NOS CANTEIROS, DEVE-SE APLICAR O COEFICIENTE DE 1,33 SOBRE A MÃO DE OBRA ORDINÁRIA E A PARCELA VARIÁVEL DA ADMINISTRAÇÃO LOCAL PARA DETERMINAÇÃO DA QUANTIDADE MÁXIMA DE FUNCIONÁRIOS/MÊS
A36: NÚMERO DE FUNCIONÁRIOS DA MÃO DE OBRA ORDINÁRIA NO MÊS DE PICO (Nmo)
A37: =CONCATENATE("Nmo = ",AK17," =") -> Nmo = 15 = | J37: =ROUND(AK17,0) -> 15 | M37: FUNCIONÁRIOS/MÊS
A38: NÚMERO DE FUNCIONÁRIOS DA PARCELA VARIÁVEL NO MÊS DE PICO (Npv)
A39: =CONCATENATE("Npv = 1,33 x ",AK20," =") -> Npv = 1,33 x 3 = | J39: =ROUND(1.33*AK20,0) -> 4 | M39: FUNCIONÁRIOS/MÊS
A40: NÚMERO DE FUNCIONÁRIOS DA PARCELA FIXA DA ADMINISTRAÇÃO LOCAL (Npf)
A41: Npf = | J41: =AK18 -> 3 | M41: FUNCIONÁRIOS/MÊS
A42: NÚMERO DE FUNCIONÁRIOS DAS PARCELAS FIXA E VINCULADA (Npf-v)
A43: Npf-v = | J43: =AK18+AK19 -> 7 | M43: FUNCIONÁRIOS/MÊS
A44: NÚMERO DE FUNCIONÁRIOS ALOJADOS NO CANTEIRO DE OBRAS (Nfa)
A45: Nfa = | J45: =ROUND(0.5*(J37+J39)+J43,0) -> 17 | M45: FUNCIONÁRIOS/MÊS
A46: NÚMERO MÁXIMO DE FUNCIONÁRIOS (Nmax)
A47: Nmax = | J47: =J37+J39+J43 -> 26 | M47: FUNCIONÁRIOS/MÊS
A48: D - FATOR DE PRODUÇÃO DE CONSTRUÇÃO (k1)
A49: PADRÃO DE CONSTRUÇÃO PROVISÓRIO | AJ49: k1 = | AM49: 0.8
A50: D - FATOR DE MOBILIÁRIO E APARELHAGEM (k2): VER TABELA 76 - FATOR DE AJUSTE DE MOBILIÁRIO E APARELHAGEM DAS INSTALAÇÕES DOS CANTEIROS-TIPO
A57: CONSTRUÇÃO OU RECUPERAÇÃO, REFORÇO E ALARGAMENTO DE OBRAS DE ARTE ESPECIAIS DE PEQUENO PORTE | AJ57: k2 = | AM57: 1.33
A58: E - FATOR DE DISTÂNCIA DO CANTEIRO AOS CENTROS FORNECEDORES (k3) : VER TABELA 59 - FATORES DE AJUSTE DA DISTÂNCIA DO CANTEIRO AOS CENTROS FORNECEDORES
A67: DISTÂNCIA DO CANTEIRO AO FORNECEDOR (DT):
A68: LEITO NATURAL (LN): | AM68: =AK22 -> 7.2
A69: REVESTIMENTO PRIMÁRIO (RP): | AM69: 0
A70: PAVIMENTADA (P): | AM70: =AK21 -> 7.3
A71: FATOR DE DISTÂNCIA AOS CENTROS FORNECEDORES | AJ71: k3 = | AM71: =ROUND(1+(0.0014*AM68)+(0.0009*AM69)+(0.0008*AM70),4) -> 1.0159
A72: F - CUSTO MÉDIO DA CONSTRUÇÃO CIVIL (CMCC)
A73: =CONCATENATE(A23," ",AK23) -> UNIDADE DA FEDERAÇÃO: MATO GROSSO DO SUL
A74: MÊS-BASE: | D74: =AK24 -> 46023
A75: CMCC (SEM DESONERAÇÃO DA FOLHA DE PAGAMENTO) | AM75: 1953.92 | AS75: https://biblioteca.ibge.gov.br/index.php/biblioteca-catalogo?view=detalhes&id=7242

Sheet Canteiro Qtd
A4: OBJETO: | I4: =IF(Dados!I4="","",Dados!I4) -> CONSTRUÇÃO DE PONTE RODOVIÁRIA EM CONCRETO ARMADO
A5: =Dados!A5 -> MUNICÍPIO: | I5: =IF(Dados!I5="","",Dados!I5) -> DEODÁPOLIS/MS
A6: =Dados!A6 -> RODOVIA/ESTRADA: | I6: =IF(Dados!I6="","",Dados!I6) -> ESTRADA VICINAL 14ª LINHA (LADO NASCENTE)
A7: =Dados!A7 -> LOCAL: | I7: =IF(Dados!I7="","",Dados!I7) -> PONTE SOBRE O CÓRREGO IRETAN
A8: =Dados!A8 -> COORDENADAS: | I8: =IF(Dados!I8="","",Dados!I8) -> 22°14'28.18"S, 54º04'37.28"O | AI8: =Dados!AI8 -> ÁREA: | AO8: =IF(Dados!AO8="","",Dados!AO8) -> 90 | AQ8: m²
A9: =Dados!A9 -> COMPRIMENTO: | I9: =IF(Dados!I9="","",Dados!I9) -> 15 | K9: m
A10: =Dados!A10 -> LARGURA: | I10: =IF(Dados!I10="","",Dados!I10) -> 6 | K10: m
A11: BDI: | I11: =Dados!I11 -> INSUMO | L11: =IF(Dados!L11="","",Dados!L11) -> 0.1527 | O11: =Dados!O11 -> SERVIÇO | R11: =IF(Dados!R11="","",Dados!R11) -> 0.2391 | AI11: =Dados!AI11 -> PRAZO DE EXECUÇÃO: | AO11: =IF(Dados!AO11="","",Dados!AO11) -> 120 | AQ11: dias
A12: SISTEMA/REFERÊNCIA: | I12: =IF(Dados!I12="","",Dados!I12) -> SEM DESONERAÇÃO SICRO (JANEIRO/2026) | V12: =IF(Dados!U12="","",Dados!U12) -> NÃO DESONERADO SINAPI (JANEIRO/2026)
A14: CANTEIRO DE OBRAS - QUANTIFICAÇÃO
A15: F - DIMENSIONAMENTO DAS INSTALAÇÕES COM UTILIZAÇÃO DE CONTAINER (CCi x QCi)
A16: INSTALAÇÕES | I16: CONTAINER | Z16: CÓD. | AD16: Qtde | AF16: ÁREA DE REF. | AI16: V. AQUISIÇÃO | AN16: CUSTO
A17: ESCRITÓRIO | I17: =+VLOOKUP(Z17,Materiais!A:D,2,"falso") -> Contêiner com revestimento térmico, janela e banheiro - L = 2,44 m e C = 6,09 m (1 TEU) | Z17: M0059 | AD17: 1 | AF17: =ROUND(2.44*6.09,2)*AD17 -> 14.86 | AI17: =IF(Z17="","",+VLOOKUP(Z17,Materiais!A:D,4,"falso")) -> 58283.063 | AN17: =IF(AI17="","",(AI17*AD17)) -> 58283.063 | AS17: =CONCATENATE("PARCELAS FIXA E VINCULADA = ",'Canteiro Id'!AK18," + ",'Canteiro Id'!AK19," = ",'Canteiro Id'!AK18+'Canteiro Id'!AK19) -> PARCELAS FIXA E VINCULADA = 3 + 4 = 7 | AV17: 1
A18: SEÇÃO TÉCNICA | I18: =+VLOOKUP(Z18,Materiais!A:D,2,"falso") -> Contêiner com revestimento térmico, janela e banheiro - L = 2,44 m e C = 6,09 m (1 TEU) | Z18: M0059 | AD18: 1 | AF18: =ROUND(2.44*6.09,2)*AD18 -> 14.86 | AI18: =IF(Z18="","",+VLOOKUP(Z18,Materiais!A:D,4,"falso")) -> 58283.063 | AN18: =IF(AI18="","",(AI18*AD18)) -> 58283.063 | AV18: 2
A19: ALMOXARIFADO E DEPÓSITO DE CIMENTO | I19: =+VLOOKUP(Z19,Materiais!A:D,2,"falso") -> Contêiner com janela - L = 2,44 m e C = 6,09 m (1 TEU) | Z19: M0042 | AD19: 1 | AF19: =ROUND(2.44*6.09,2)*AD19 -> 14.86 | AI19: =IF(Z19="","",+VLOOKUP(Z19,Materiais!A:D,4,"falso")) -> 36836.045 | AN19: =IF(AI19="","",(AI19*AD19)) -> 36836.045
A20: LOCAL PARA REFEIÇÃO | I20: =+VLOOKUP(Z20,Materiais!A:D,2,"falso") -> Contêiner com janela e 2 banheiros - L = 4,88 m e C = 6,09 m (1 TEU duplo) | Z20: M0058 | AD20: 1 | AF20: =ROUND(4.88*6.09,2)*AD20 -> 29.72 | AI20: =IF(Z20="","",+VLOOKUP(Z20,Materiais!A:D,4,"falso")) -> 132070.63 | AN20: =IF(AI20="","",(AI20*AD20)) -> 132070.63
A21: COZINHA | I21: =+VLOOKUP(Z21,Materiais!A:D,2,"falso") -> Contêiner com janela - L = 4,88 m e C = 6,09 m (1 TEU duplo) | Z21: M0057 | AD21: 1 | AF21: =ROUND(4.88*6.09,2)*AD21 -> 29.72 | AI21: =IF(Z21="","",+VLOOKUP(Z21,Materiais!A:D,4,"falso")) -> 127045.6 | AN21: =IF(AI21="","",(AI21*AD21)) -> 127045.6
A22: ALOJAMENTO | I22: =+VLOOKUP(Z22,Materiais!A:D,2,"falso") -> Contêiner com revestimento térmico, janela e banheiro - L = 2,44 m e C = 6,09 m (1 TEU) | Z22: M0059 | AD22: =ROUND('Canteiro Id'!AK17*0.5/6+1,0) -> 2 | AF22: =ROUND(2.44*6.09,2)*AD22 -> 29.72 | AI22: =IF(Z22="","",+VLOOKUP(Z22,Materiais!A:D,4,"falso")) -> 58283.063 | AN22: =IF(AI22="","",(AI22*AD22)) -> 116566.13
A23: INSTALAÇÕES SANITÁRIAS E VESTIÁRIO | I23: =+VLOOKUP(Z23,Materiais!A:D,2,"falso") -> Contêiner com 2 banheiros - L = 2,44 m e C = 6,09 m (1 TEU) | Z23: M0041 | AD23: 1 | AF23: =ROUND(2.44*6.09,2)*AD23 -> 14.86 | AI23: =IF(Z23="","",+VLOOKUP(Z23,Materiais!A:D,4,"falso")) -> 90298.939 | AN23: =IF(AI23="","",(AI23*AD23)) -> 90298.939
A24: AMBULATÓRIO | I24: =+VLOOKUP(Z24,Materiais!A:D,2,"falso") -> Contêiner com revestimento térmico, janela e banheiro - L = 2,44 m e C = 6,09 m (1 TEU) | Z24: M0059 | AD24: 1 | AF24: =ROUND(2.44*6.09,2)*AD24 -> 14.86 | AI24: =IF(Z24="","",+VLOOKUP(Z24,Materiais!A:D,4,"falso")) -> 58283.063 | AN24: =IF(AI24="","",(AI24*AD24)) -> 58283.063
A25: LABORATÓRIO | I25: =+VLOOKUP(Z25,Materiais!A:D,2,"falso") -> Contêiner com janela - L = 2,44 m e C = 6,09 m (1 TEU) | Z25: M0042 | AD25: 1 | AF25: =ROUND(2.44*6.09,2)*AD25 -> 14.86 | AI25: =IF(Z25="","",+VLOOKUP(Z25,Materiais!A:D,4,"falso")) -> 36836.045 | AN25: =IF(AI25="","",(AI25*AD25)) -> 36836.045
A26: GUARITA | I26: =+VLOOKUP(Z26,Materiais!A:D,2,"falso") -> Contêiner com 3 janelas para guarita - L = 2,44 m e C = 3,05 m (1/2 TEU) | Z26: M0071 | AD26: 1 | AF26: =ROUND(2.44*3.05,2)*AD26 -> 7.44 | AI26: =IF(Z26="","",+VLOOKUP(Z26,Materiais!A:D,4,"falso")) -> 40370.514 | AN26: =IF(AI26="","",(AI26*AD26)) -> 40370.514
A27: TOTAL = | AD27: =ROUND(SUM(AD17:AE26),0) -> 11 | AF27: =SUM(AF17:AH26) -> 185.76 | AI27: CCO = | AN27: =ROUND(SUM(AN17:AR26),2) -> 754873.09
A28: G. - CANTEIRO PRINCIPAL - CONSTRUÇÃO DE OBRA DE ARTE ESPECIAL DE PEQUENO PORTE
A29: G.1 - DIMENSIONAMENTO DAS ÁREAS VARIÁVEIS | Z29: EQUAÇÕES DE DIMENSIONAMENTO DAS ÁREAS | AJ29: CÁLCULO
A30: ESCRITÓRIO E SEÇÃO TÉCNICA | Z30: Ae-st = 57,95 + 4,5 X (Npf-v) | AJ30: =ROUND(57.95+4.5*'Canteiro Id'!J43,2) -> 89.45
A31: REFEITÓRIO E COZINHA | Z31: ALr-c = 1,55 X 50%(Nmax) | AJ31: =ROUND(1.55*(0.5*'Canteiro Id'!J47),2) -> 20.15
A32: ALOJAMENTOS E RESIDÊNCIAS | Z32: Aal = 3,11 X 50%(Nmo + Npv) | AJ32: =ROUND(3.11*0.5*('Canteiro Id'!J37+'Canteiro Id'!J39),2) -> 29.55
A33: INSTALAÇÕES SANITÁRIAS E VESTIÁRIO | Z33: AI-v = 0,77 X (Nmo + Npv) | AJ33: =ROUND(0.77*('Canteiro Id'!J37+'Canteiro Id'!J39),2) -> 14.63
A34: INSTALAÇÕES ADICIONAIS | Z34: Aamb = 0,25 X (Nmax) | AJ34: =ROUND(0.25*'Canteiro Id'!J47,2) -> 6.5
A35: RESIDÊNCIAS | Z35: Ares = 8,46 X (Npf-v) | AJ35: =ROUND(8.46*('Canteiro Id'!J43),2) -> 59.22
A36: G.2 - ÁREAS FIXAS DE REFERÊNCIA DO CANTEIRO PRINCIPAL: INSTALAÇÕES E ÁREA DE REFERÊNCIA PARA O CANTEIRO DE OBRA DE ARTE ESPECIAIS
A37: ÁREAS COBERTAS
A38: ÁREA TOTAL DO TERRENO (VER TABELA 74 - RELAÇÃO ENTRE AS ÁREAS COBERTAS EDIFICADAS E AS ÁREAS TOTAIS DOS TERRENOS NOS CANTEIROS-TIPOS DE INTERVENÇÕES PONTUAIS)
A44: OBRA DE CONSTRUÇÃO DE OBRA DE ARTE ESPECIAL DE PEQUENO PORTE => | AB44: 0.234
A45: =CONCATENATE("ÁREA TOTAL DE REFERÊNCIA DO TERRENO = ",AF27,"/0,234 =") -> ÁREA TOTAL DE REFERÊNCIA DO TERRENO = 185,76/0,234 = | AB45: =ROUND((AF27)/AB44,2) -> 793.85 | AF45: m²
A46: =CONCATENATE("ÁREAS DESCOBERTAS = ",AB45," - ",AF27," =") -> ÁREAS DESCOBERTAS = 793,85 - 185,76 = | AB46: =AB45-X56 -> 608.09 | AF46: m²
A47: FEAT = | AB47: 0.0097
A48: G.3 - CUSTO DAS INSTALAÇÕES COM UTILIZAÇÃO DE CONTAINER (ΣCCi x QCi)
A49: Qtde | C49: DESCRIÇÃO | T49: CÓD. | X49: ÁREA DE REF. | AA49: CUSTO MENSAL | AF49: UTILIZAÇÃO | AN49: CUSTO TOTAL
A50: =SUMIF(Z$17:AC$26,T50,AD$17:AE$26) -> 1 | C50: =IF(A50="","",+VLOOKUP(T50,Materiais!A:D,2,"falso")) -> #VALUE! | T50: M0041 | X50: =SUMIF(Z$17:AC$26,T50,AF$17:AH$26) -> 14.86 | AA50: =SUMIF(Z$17:AC$26,T50,AN$17:AR$26)/A50 -> 90298.939 | AF50: =A23 -> INSTALAÇÕES SANITÁRIAS E VESTIÁRIO | AN50: =IF(T50="","",A50*AA50) -> 90298.939
A51: =SUMIF(Z$17:AC$26,T51,AD$17:AE$26) -> 2 | C51: =IF(A51="","",+VLOOKUP(T51,Materiais!A:D,2,"falso")) -> #VALUE! | T51: M0042 | X51: =SUMIF(Z$17:AC$26,T51,AF$17:AH$26) -> 29.72 | AA51: =SUMIF(Z$17:AC$26,T51,AN$17:AR$26)/A51 -> 36836.045 | AF51: ALMOXARIFADO E DEPÓSITO DE CIMENTO E LABORATÓRIO | AN51: =IF(T51="","",A51*AA51) -> 73672.089
A52: =SUMIF(Z$17:AC$26,T52,AD$17:AE$26) -> 1 | C52: =IF(A52="","",+VLOOKUP(T52,Materiais!A:D,2,"falso")) -> #VALUE! | T52: M0057 | X52: =SUMIF(Z$17:AC$26,T52,AF$17:AH$26) -> 29.72 | AA52: =SUMIF(Z$17:AC$26,T52,AN$17:AR$26)/A52 -> 127045.6 | AF52: COZINHA | AN52: =IF(T52="","",A52*AA52) -> 127045.6
A53: =SUMIF(Z$17:AC$26,T53,AD$17:AE$26) -> 1 | C53: =IF(A53="","",+VLOOKUP(T53,Materiais!A:D,2,"falso")) -> #VALUE! | T53: M0058 | X53: =SUMIF(Z$17:AC$26,T53,AF$17:AH$26) -> 29.72 | AA53: =SUMIF(Z$17:AC$26,T53,AN$17:AR$26)/A53 -> 132070.63 | AF53: LOCAL PARA REFEIÇÃO | AN53: =IF(T53="","",A53*AA53) -> 132070.63
A54: =SUMIF(Z$17:AC$26,T54,AD$17:AE$26) -> 5 | C54: =IF(A54="","",+VLOOKUP(T54,Materiais!A:D,2,"falso")) -> #VALUE! | T54: M0059 | X54: =SUMIF(Z$17:AC$26,T54,AF$17:AH$26) -> 74.3 | AA54: =SUMIF(Z$17:AC$26,T54,AN$17:AR$26)/A54 -> 58283.063 | AF54: ESCRITÓRIO, SEÇÃO TÉCNICA, ALOJAMENTO, RESIDÊNCIA E AMBULATÓRIO | AN54: =IF(T54="","",A54*AA54) -> 291415.32
A55: =SUMIF(Z$17:AC$26,T55,AD$17:AE$26) -> 1 | C55: =IF(A55="","",+VLOOKUP(T55,Materiais!A:D,2,"falso")) -> #VALUE! | T55: M0071 | X55: =SUMIF(Z$17:AC$26,T55,AF$17:AH$26) -> 7.44 | AA55: =SUMIF(Z$17:AC$26,T55,AN$17:AR$26)/A55 -> 40370.514 | AF55: GUARITA | AN55: =IF(T55="","",A55*AA55) -> 40370.514
A56: =ROUND(SUM(A50:B55),0) -> 11 | X56: =SUMIF(A50:B55,">0",X50:Z55) -> 185.76 | AN56: =SUM(AN50:AR55) -> 754873.09
A58: ONDE:
A59: P = PRAZO DA OBRA (MESES) = | AA59: =ROUND(AO11/30,0) -> 4
A60: K2 = FATOR DE MOBILIÁRIO E APARELHAGEM = | AA60: ='Canteiro Id'!AM57 -> 1.33
A61: QEMi = QUANTIDADE DE ESTRUTURAS MODULARES NO CANTEIRO = | AA61: =AD27 -> 11
A62: CEMi = CUSTO DAS ESTRUTURAS MODULARES NO CANTEIRO (R$) = | AA62: =AN56 -> 754873.09
A63: AT = ÁREA TOTAL DO TERRENO (M²) = | AA63: =AB45 -> 793.85
A64: FEAT = FATOR DE EQUIVALÊNCIA DE ÁREAS TOTAIS = | AA64: =AB47 -> 0.0097
A65: CMCC = CUSTO MÉDIO DA CONSTRUÇÃO CIVIL POR METRO QUADRADO (R$/M²) = | AA65: ='Canteiro Id'!AM75 -> 1953.92
A66: CIP = CUSTO TOTAL DO CANTEIRO DE OBRAS PARA INTERVENÇÕES PONTUAIS EXCLUSIVAMENTE EM ESTRUTURAS MODULARES = | AA66: =((AA59/300)*(AA60*AA62)+AA63*AA64*AA65) -> 28432.274
A67: =CONCATENATE("BDI (",R11*100,"%) =") -> BDI (23,91%) = | AA67: =AA66*R11 -> 6798.1568
A68: CUSTO TOTAL DO CANTEIRO = | AA68: =SUM(AA66:AE67) -> 35230.431

Sheet MC Transporte
A4: OBJETO: | I4: =IF(Dados!I4="","",Dados!I4) -> CONSTRUÇÃO DE PONTE RODOVIÁRIA EM CONCRETO ARMADO
A5: =Dados!A5 -> MUNICÍPIO: | I5: =IF(Dados!I5="","",Dados!I5) -> DEODÁPOLIS/MS
A6: =Dados!A6 -> RODOVIA/ESTRADA: | I6: =IF(Dados!I6="","",Dados!I6) -> ESTRADA VICINAL 14ª LINHA (LADO NASCENTE)
A7: =Dados!A7 -> LOCAL: | I7: =IF(Dados!I7="","",Dados!I7) -> PONTE SOBRE O CÓRREGO IRETAN
A8: =Dados!A8 -> COORDENADAS: | I8: =IF(Dados!I8="","",Dados!I8) -> 22°14'28.18"S, 54º04'37.28"O | BA8: =Dados!AI8 -> ÁREA: | BH8: =IF(Dados!AO8="","",Dados!AO8) -> 90 | BJ8: m²
A9: =Dados!A9 -> COMPRIMENTO: | I9: =IF(Dados!I9="","",Dados!I9) -> 15 | K9: m
A10: =Dados!A10 -> LARGURA: | I10: =IF(Dados!I10="","",Dados!I10) -> 6 | K10: m
A11: BDI: | I11: =Dados!I11 -> INSUMO | L11: =IF(Dados!L11="","",Dados!L11) -> 0.1527 | O11: =Dados!O11 -> SERVIÇO | R11: =IF(Dados!R11="","",Dados!R11) -> 0.2391 | BA11: =Dados!AI11 -> PRAZO DE EXECUÇÃO: | BH11: =IF(Dados!AO11="","",Dados!AO11) -> 120 | BJ11: dias
A12: SISTEMA/REFERÊNCIA: | I12: =IF(Dados!I12="","",Dados!I12) -> SEM DESONERAÇÃO SICRO (JANEIRO/2026) | V12: =IF(Dados!U12="","",Dados!U12) -> NÃO DESONERADO SINAPI (JANEIRO/2026)
A14: 1. CÁLCULO DO MOMENTO DE TRANSPORTE
A15: ITEM | C15: FONTE | F15: CÓDIGO | I15: DESCRIÇÃO DO EQUIPAMENTO | AB15: QTDE. | AE15: UNID. | AH15: T/UNID. | AK15: DMT | AT15: TOTAL | BC15: DESLOCAMENTO - ORIGEM
AK16: ROD. PAV. | AN16: REVEST. PRIMÁRIO | AQ16: TERRENO NATURAL | AT16: ROD. PAV. | AW16: REVEST. PRIMÁRIO | AZ16: TERRENO NATURAL
AK17: KM | AN17: KM | AQ17: KM | AT17: TKM | AW17: TKM | AZ17: TKM
A18: 1.1. | I18: MATERIAL BÁSICO
A19: 1.1.1 | C19: 1106057 | F19: M0424 | I19: CIMENTO - CONCRETO MAGRO | AB19: =Orçamento!AF157 -> 8.54 | AE19: m³ | AH19: 0.28053 | AK19: =Dados!$Y$23 -> 0 | AN19: 0 | AQ19: =Dados!$AK$23 -> 0 | AT19: =ROUND(($AB19*$AH19*AK19),3) -> 0 | AW19: =ROUND(($AB19*$AH19*AN19),3) -> 0 | AZ19: =ROUND(($AB19*$AH19*AQ19),3) -> 0 | BC19: =Dados!$I$23 -> Material entregue no Canteiro de Obras
A20: 1.1.2 | C20: 1107900 | F20: M0424 | I20: CIMENTO - CONCRETO FCK 30MPA | AB20: =Orçamento!AF167 -> 116.24 | AE20: m³ | AH20: 0.35237 | AK20: =Dados!$Y$23 -> 0 | AN20: =Dados!AE25 -> 0 | AQ20: =Dados!$AK$23 -> 0 | AT20: =ROUND(($AB20*$AH20*AK20),3) -> 0 | AW20: =ROUND(($AB20*$AH20*AN20),3) -> 0 | AZ20: =ROUND(($AB20*$AH20*AQ20),3) -> 0 | BC20: =Dados!$I$23 -> Material entregue no Canteiro de Obras
A21: 1.1.3 | C21: 1107908 | F21: M0424 | I21: CIMENTO - CONCRETO FCK 40MPA | AB21: =Orçamento!AF171 -> 21.65 | AE21: m³ | AH21: 0.44005 | AK21: =Dados!$Y$23 -> 0 | AN21: =Dados!AE24 -> 0 | AQ21: =Dados!$AK$23 -> 0 | AT21: =ROUND(($AB21*$AH21*AK21),3) -> 0 | AW21: =ROUND(($AB21*$AH21*AN21),3) -> 0 | AZ21: =ROUND(($AB21*$AH21*AQ21),3) -> 0 | BC21: =Dados!$I$23 -> Material entregue no Canteiro de Obras
A22: 1.1.4 | C22: 407819 | F22: M0004 | I22: AÇO CA-50 | AB22: =Orçamento!AF179 -> 13606.7 | AE22: m³ | AH22: 0.0011 | AK22: =Dados!$Y$24 -> 0 | AN22: =Dados!AE23 -> 0 | AQ22: =Dados!$AK$24 -> 0 | AT22: =ROUND(($AB22*$AH22*AK22),3) -> 0 | AW22: =ROUND(($AB22*$AH22*AN22),3) -> 0 | AZ22: =ROUND(($AB22*$AH22*AQ22),3) -> 0 | BC22: =Dados!$I$24 -> Dourados/MS ao Canteiro de Obras
A23: 1.1.5 | C23: 3108000 | I23: FORMA - MADEIRA | AB23: =Orçamento!AF181 -> 647.66 | AE23: m² | AH23: 0.02258 | AK23: =Dados!$Y$25 -> 7.3 | AN23: =Dados!AE24 -> 0 | AQ23: =Dados!$AK$25 -> 7.2 | AT23: =ROUND(($AB23*$AH23*AK23),3) -> 106.756 | AW23: =ROUND(($AB23*$AH23*AN23),3) -> 0 | AZ23: =ROUND(($AB23*$AH23*AQ23),3) -> 105.294 | BC23: =Dados!$I$25 -> Deodápolis/MS ao Canteiro de Obras
A24: SUB-TOTAL (MATERIAL BÁSICO) | AT24: =SUM(AT19:AV23) -> 106.756 | AW24: =SUM(AW19:AY23) -> 0 | AZ24: =SUM(AZ19:BB23) -> 105.294
A25: 1.2. | I25: MATERIAL AGREGADO
A26: 1.2.1 | C26: =C19 -> 1106057 | F26: M0082 | I26: AREIA - CONCRETO MAGRO | AB26: =AB$19 -> 8.54 | AE26: m³ | AH26: 0.89922 | AK26: =Dados!$Y$27 -> #REF! | AN26: 0 | AQ26: =Dados!$AK$27 -> #REF! | AT26: =ROUND(($AB26*$AH26*AK26),3) -> #REF! | AW26: =ROUND(($AB26*$AH26*AN26),3) -> 0 | AZ26: =ROUND(($AB26*$AH26*AQ26),3) -> #REF! | BC26: =Dados!$I$27 -> Naviraí/MS ao Canteiro de Obras
A27: 1.2.2 | C27: =C26 -> 1106057 | F27: M0192 | I27: BRITA 2 - CONCRETO MAGRO | AB27: =AB26 -> 8.54 | AE27: m³ | AH27: 1.10262 | AK27: =Dados!$Y$29 -> 106.8 | AN27: 0 | AQ27: =Dados!$AK$29 -> 11.2 | AT27: =ROUND(($AB27*$AH27*AK27),3) -> 1005.669 | AW27: =ROUND(($AB27*$AH27*AN27),3) -> 0 | AZ27: =ROUND(($AB27*$AH27*AQ27),3) -> 105.463 | BC27: =Dados!$I$29 -> Itaporã/MS ao Canteiro de Obras
A28: 1.2.3 | C28: =C20 -> 1107900 | F28: M0082 | I28: AREIA - CONCRETO FCK 30 MPA | AB28: =AB20 -> 116.24 | AE28: m³ | AH28: 0.89045 | AK28: =Dados!$Y$27 -> #REF! | AN28: 0 | AQ28: =Dados!$AK$27 -> #REF! | AT28: =ROUND(($AB28*$AH28*AK28),3) -> #REF! | AW28: =ROUND(($AB28*$AH28*AN28),3) -> 0 | AZ28: =ROUND(($AB28*$AH28*AQ28),3) -> #REF! | BC28: =Dados!$I$27 -> Naviraí/MS ao Canteiro de Obras
A29: 1.2.4 | C29: =C28 -> 1107900 | F29: M0191 | I29: BRITA 1 - CONCRETO FCK 30 MPA | AB29: =AB28 -> 116.24 | AE29: m³ | AH29: 0.55131 | AK29: =Dados!$Y$28 -> 106.8 | AN29: 0 | AQ29: =Dados!$AK$28 -> 11.2 | AT29: =ROUND(($AB29*$AH29*AK29),3) -> 6844.201 | AW29: =ROUND(($AB29*$AH29*AN29),3) -> 0 | AZ29: =ROUND(($AB29*$AH29*AQ29),3) -> 717.744 | BC29: =Dados!$I$28 -> Itaporã/MS ao Canteiro de Obras
A30: 1.2.5 | C30: =C29 -> 1107900 | F30: M0192 | I30: BRITA 2 - CONCRETO FCK 30 MPA | AB30: =AB29 -> 116.24 | AE30: m³ | AH30: 0.55131 | AK30: =Dados!$Y$29 -> 106.8 | AN30: 0 | AQ30: =Dados!$AK$29 -> 11.2 | AT30: =ROUND(($AB30*$AH30*AK30),3) -> 6844.201 | AW30: =ROUND(($AB30*$AH30*AN30),3) -> 0 | AZ30: =ROUND(($AB30*$AH30*AQ30),3) -> 717.744 | BC30: =Dados!$I$29 -> Itaporã/MS ao Canteiro de Obras
A31: 1.2.6 | C31: =C21 -> 1107908 | F31: M0082 | I31: AREIA - CONCRETO FCK 40 MPA | AB31: =AB21 -> 21.65 | AE31: m³ | AH31: 0.81605 | AK31: =Dados!$Y$27 -> #REF! | AN31: 0 | AQ31: =Dados!$AK$27 -> #REF! | AT31: =ROUND(($AB31*$AH31*AK31),3) -> #REF! | AW31: =ROUND(($AB31*$AH31*AN31),3) -> 0 | AZ31: =ROUND(($AB31*$AH31*AQ31),3) -> #REF! | BC31: =Dados!$I$27 -> Naviraí/MS ao Canteiro de Obras
A32: 1.2.7 | C32: =C31 -> 1107908 | F32: M0191 | I32: BRITA 1 - CONCRETO FCK 40 MPA | AB32: =AB31 -> 21.65 | AE32: m³ | AH32: 0.55131 | AK32: =Dados!$Y$28 -> 106.8 | AN32: 0 | AQ32: =Dados!$AK$28 -> 11.2 | AT32: =ROUND(($AB32*$AH32*AK32),3) -> 1274.75 | AW32: =ROUND(($AB32*$AH32*AN32),3) -> 0 | AZ32: =ROUND(($AB32*$AH32*AQ32),3) -> 133.682 | BC32: =Dados!$I$28 -> Itaporã/MS ao Canteiro de Obras
A33: 1.2.8 | C33: =C32 -> 1107908 | F33: M0192 | I33: BRITA 2 - CONCRETO FCK 40 MPA | AB33: =AB32 -> 21.65 | AE33: m³ | AH33: 0.55131 | AK33: =Dados!$Y$29 -> 106.8 | AN33: 0 | AQ33: =Dados!$AK$29 -> 11.2 | AT33: =ROUND(($AB33*$AH33*AK33),3) -> 1274.75 | AW33: =ROUND(($AB33*$AH33*AN33),3) -> 0 | AZ33: =ROUND(($AB33*$AH33*AQ33),3) -> 133.682 | BC33: =Dados!$I$29 -> Itaporã/MS ao Canteiro de Obras
A34: SUB-TOTAL (MATERIAL BÁSICO) | AT34: =SUM(AT26:AV33) -> #REF! | AW34: =SUM(AW26:AY33) -> 0 | AZ34: =SUM(AZ26:BB33) -> #REF!

Sheet Adm Local
A4: OBJETO: | I4: =IF(Dados!I4="","",Dados!I4) -> CONSTRUÇÃO DE PONTE RODOVIÁRIA EM CONCRETO ARMADO
A5: =Dados!A5 -> MUNICÍPIO: | I5: =IF(Dados!I5="","",Dados!I5) -> DEODÁPOLIS/MS
A6: =Dados!A6 -> RODOVIA/ESTRADA: | I6: =IF(Dados!I6="","",Dados!I6) -> ESTRADA VICINAL 14ª LINHA (LADO NASCENTE)
A7: =Dados!A7 -> LOCAL: | I7: =IF(Dados!I7="","",Dados!I7) -> PONTE SOBRE O CÓRREGO IRETAN
A8: =Dados!A8 -> COORDENADAS: | I8: =IF(Dados!I8="","",Dados!I8) -> 22°14'28.18"S, 54º04'37.28"O | AI8: =Dados!AI8 -> ÁREA: | AO8: =IF(Dados!AO8="","",Dados!AO8) -> 90 | AQ8: m²
A9: =Dados!A9 -> COMPRIMENTO: | I9: =IF(Dados!I9="","",Dados!I9) -> 15 | K9: m
A10: =Dados!A10 -> LARGURA: | I10: =IF(Dados!I10="","",Dados!I10) -> 6 | K10: m
A11: BDI: | I11: =Dados!I11 -> INSUMO | L11: =IF(Dados!L11="","",Dados!L11) -> 0.1527 | O11: =Dados!O11 -> SERVIÇO | R11: =IF(Dados!R11="","",Dados!R11) -> 0.2391 | AI11: =Dados!AI11 -> PRAZO DE EXECUÇÃO: | AO11: =IF(Dados!AO11="","",Dados!AO11) -> 120 | AQ11: dias
A12: SISTEMA/REFERÊNCIA: | I12: =IF(Dados!I12="","",Dados!I12) -> SEM DESONERAÇÃO SICRO (JANEIRO/2026) | V12: =IF(Dados!U12="","",Dados!U12) -> NÃO DESONERADO SINAPI (JANEIRO/2026)
A14: PARCELA FIXA DA ADMINISTRAÇÃO LOCAL
A15: ITEM | C15: FONTE | F15: CÓDIGO | I15: DISCRIMINAÇÃO | W15: UNID. | Y15: QTDE. | AA15: OCUP. PROD. | AD15: UNID. PROD. | AG15: QTDE. PROD. (% MÊS) | AK15: CUSTO UNIT. (R$/MÊS) | AO15: CUSTO TOTAL (R$)
A16: 1. | I16: GERÊNCIA TÉCNICA
A17: =CONCATENATE(A16,"1.") -> 1.1. | I17: GERAL
A18: =CONCATENATE(A17,"1.") -> 1.1.1. | I18: MÃO DE OBRA
A19: =CONCATENATE(A18,"1.") -> 1.1.1.1. | C19: SICRO | F19: P9812 | I19: =+VLOOKUP(F19,'Mão de Obra'!A:J,2,"falso") -> Engenheiro - mensalista | W19: UN. | Y19: 1 | AA19: 0.125 | AD19: =+VLOOKUP(F19,'Mão de Obra'!A:J,3,"falso") -> mês | AG19: =Y19*AA19 -> 0.125 | AK19: =+VLOOKUP(F19,'Mão de Obra'!A:J,9,"falso") -> 27716.994 | AO19: =ROUND((AG19*AK19),2) -> 3464.62
AN20: =CONCATENATE("SUBTOTAL DO ITEM ",A18) -> SUBTOTAL DO ITEM 1.1.1. | AO20: =SUM(AO19:AR19) -> 3464.62
A21: =CONCATENATE(A17,"2.") -> 1.1.2. | I21: VEÍCULOS
A22: ITEM | C22: FONTE | F22: CÓDIGO | I22: DISCRIMINAÇÃO | W22: UNID. | Y22: QTDE. | AA22: UTILIZAÇÃO | AG22: CUSTO PRODUTIVO | AO22: CUSTO TOTAL (R$)
AA23: OPER. | AD23: IMPROD. | AG23: PRODUTIVO | AK23: IMPRODUTIVO
A24: =CONCATENATE(A21,"1.") -> 1.1.2.1. | C24: SICRO | F24: E9093 | I24: =+VLOOKUP(F24,Equipamentos!A:K,2,"falso") -> Veículo leve - 53 kW (sem motorista) | W24: UN. | Y24: 1 | AA24: 44 | AD24: =182.49-AA24 -> 138.49 | AG24: =+VLOOKUP($F24,Equipamentos!A:K,10,"falso") -> 36.9971 | AK24: =+VLOOKUP($F24,Equipamentos!A:K,11,"falso") -> 6.9859 | AO24: =ROUND((Y24*((AA24*AG24)+(AD24*AK24))),2) -> 2595.35
AN25: =CONCATENATE("SUBTOTAL DO ITEM ",A21) -> SUBTOTAL DO ITEM 1.1.2. | AO25: =SUM(AO24:AR24) -> 2595.35
AN26: =CONCATENATE("SUBTOTAL DO ITEM ",A16) -> SUBTOTAL DO ITEM 1. | AO26: =AO20+AO25 -> 6059.97
A27: 2. | I27: GERÊNCIA ADMINISTRATIVA
A28: =CONCATENATE(A27,"1.") -> 2.1. | I28: GERAL
A29: =CONCATENATE(A28,"1.") -> 2.1.1. | I29: MÃO DE OBRA
A30: =CONCATENATE(A29,"1.") -> 2.1.1.1. | C30: SICRO | F30: P9827 | I30: =+VLOOKUP(F30,'Mão de Obra'!A:J,2,"falso") -> Vigia - mensalista | W30: UN. | Y30: 2 | AA30: 1 | AD30: =+VLOOKUP(F30,'Mão de Obra'!A:J,3,"falso") -> mês | AG30: =Y30*AA30 -> 2 | AK30: =+VLOOKUP(F30,'Mão de Obra'!A:J,9,"falso") -> 5363.3214 | AO30: =ROUND((AG30*AK30),2) -> 10726.64
AN31: =CONCATENATE("SUBTOTAL DO ITEM ",A29) -> SUBTOTAL DO ITEM 2.1.1. | AO31: =SUM(AO30:AR30) -> 10726.64
A32: =CONCATENATE(A28,"2.") -> 2.1.2. | I32: VEÍCULOS
A33: ITEM | C33: FONTE | F33: CÓDIGO | I33: DISCRIMINAÇÃO | W33: UNID. | Y33: QTDE. | AA33: UTILIZAÇÃO | AG33: CUSTO PRODUTIVO | AO33: CUSTO TOTAL (R$)
AA34: OPER. | AD34: IMPROD. | AG34: PRODUTIVO | AK34: IMPRODUTIVO
A35: =CONCATENATE(A32,"1.") -> 2.1.2.1. | C35: SICRO | F35: E9093 | I35: =+VLOOKUP(F35,Equipamentos!A:K,2,"falso") -> Veículo leve - 53 kW (sem motorista) | W35: UN. | Y35: 1 | AA35: 44 | AD35: =$AD$24 -> 138.49 | AG35: =+VLOOKUP($F35,Equipamentos!A:K,10,"falso") -> 36.9971 | AK35: =+VLOOKUP($F35,Equipamentos!A:K,11,"falso") -> 6.9859 | AO35: =ROUND((Y35*((AA35*AG35)+(AD35*AK35))),2) -> 2595.35
AN36: =CONCATENATE("SUBTOTAL DO ITEM ",A32) -> SUBTOTAL DO ITEM 2.1.2. | AO36: =SUM(AO35:AR35) -> 2595.35
AN37: =CONCATENATE("SUBTOTAL DO ITEM ",A27) -> SUBTOTAL DO ITEM 2. | AO37: =AO31+AO36 -> 13321.99
AN38: =CONCATENATE("TOTAL DA MÃO DE OBRA ",A14) -> TOTAL DA MÃO DE OBRA PARCELA FIXA DA ADMINISTRAÇÃO LOCAL | AO38: =AO26+AO37 -> 19381.96
A40: PARCELA VINCULADA DA ADMINISTRAÇÃO LOCAL
A41: ITEM | C41: FONTE | F41: CÓDIGO | I41: DISCRIMINAÇÃO | W41: UNID. | Y41: QTDE. | AA41: OCUP. PROD. | AD41: UNID. PROD. | AG41: QTDE. PROD. (% MÊS) | AK41: CUSTO UNIT. (R$/MÊS) | AO41: CUSTO TOTAL (R$)
A42: 3. | I42: PARCELA VINCULADA
A43: =CONCATENATE(A42,"1.") -> 3.1. | I43: EQUIPE DE TOPOGRAFIA
A44: =CONCATENATE(A43,"1.") -> 3.1.1. | I44: MÃO DE OBRA
A45: =CONCATENATE(A44,"1.") -> 3.1.1.1. | C45: SICRO | F45: P9949 | I45: =+VLOOKUP(F45,'Mão de Obra'!A:J,2,"falso") -> Topógrafo - mensalista | W45: UN. | Y45: 1 | AA45: 1 | AD45: =+VLOOKUP(F45,'Mão de Obra'!A:J,3,"falso") -> mês | AG45: =Y45*AA45 -> 1 | AK45: =+VLOOKUP(F45,'Mão de Obra'!A:J,9,"falso") -> 6856.2644 | AO45: =ROUND((AG45*AK45),2) -> 6856.26
A46: =CONCATENATE(A44,"2.") -> 3.1.1.2. | C46: SICRO | F46: P9950 | I46: =+VLOOKUP(F46,'Mão de Obra'!A:J,2,"falso") -> Auxiliar de topografia - mensalista | W46: UN. | Y46: 2 | AA46: 1 | AD46: =+VLOOKUP(F46,'Mão de Obra'!A:J,3,"falso") -> mês | AG46: =Y46*AA46 -> 2 | AK46: =+VLOOKUP(F46,'Mão de Obra'!A:J,9,"falso") -> 5471.4009 | AO46: =ROUND((AG46*AK46),2) -> 10942.8
AN47: =CONCATENATE("SUBTOTAL DO ITEM ",A44) -> SUBTOTAL DO ITEM 3.1.1. | AO47: =SUM(AO45:AR46) -> 17799.06
A48: =CONCATENATE(A43,"2.") -> 3.1.2. | I48: VEÍCULOS
A49: ITEM | C49: FONTE | F49: CÓDIGO | I49: DISCRIMINAÇÃO | W49: UNID. | Y49: QTDE. | AA49: UTILIZAÇÃO | AG49: CUSTO PRODUTIVO | AO49: CUSTO TOTAL (R$)
AA50: OPER. | AD50: IMPROD. | AG50: PRODUTIVO | AK50: IMPRODUTIVO
A51: =CONCATENATE(A48,"1.") -> 3.1.2.1. | C51: SICRO | F51: E9125 | I51: =+VLOOKUP(F51,Equipamentos!A:K,2,"falso") -> Veículo tipo van furgão com capacidade de 1,38 t - 100 kW | W51: UN. | Y51: =AA46 -> 1 | AA51: 44 | AD51: =$AD$24 -> 138.49 | AG51: =+VLOOKUP($F51,Equipamentos!A:K,10,"falso") -> 93.7824 | AK51: =+VLOOKUP($F51,Equipamentos!A:K,11,"falso") -> 52.6179 | AO51: =ROUND((Y51*((AA51*AG51)+(AD51*AK51))),2) -> 11413.48
AN52: =CONCATENATE("SUBTOTAL DO ITEM ",A48) -> SUBTOTAL DO ITEM 3.1.2. | AO52: =SUM(AO51:AR51) -> 11413.48
A53: =CONCATENATE(A42,"2.") -> 3.2. | I53: EQUIPE DE MEDICINA E SEGURANÇA DO TRABALHO
A54: =CONCATENATE(A53,"1.") -> 3.2.1. | I54: MÃO DE OBRA
A55: =CONCATENATE(A54,"1.") -> 3.2.1.1. | C55: SICRO | F55: P9876 | I55: =+VLOOKUP(F55,'Mão de Obra'!A:J,2,"falso") -> Técnico de segurança do trabalho - mensalista | W55: UN. | Y55: 1 | AA55: 1 | AD55: =+VLOOKUP(F55,'Mão de Obra'!A:J,3,"falso") -> mês | AG55: =Y55*AA55 -> 1 | AK55: =+VLOOKUP(F55,'Mão de Obra'!A:J,9,"falso") -> 7837.0144 | AO55: =ROUND((AG55*AK55),2) -> 7837.01
AN56: =CONCATENATE("SUBTOTAL DO ITEM ",A54) -> SUBTOTAL DO ITEM 3.2.1. | AO56: =SUM(AO55:AR55) -> 7837.01
AN57: =CONCATENATE("TOTAL DA MÃO DE OBRA ",A40) -> TOTAL DA MÃO DE OBRA PARCELA VINCULADA DA ADMINISTRAÇÃO LOCAL | AO57: =#REF!+AO47+AO52+AO56 -> #REF!
A59: PARCELA VARIÁVEL DA ADMINISTRAÇÃO LOCAL
A60: ITEM | C60: FONTE | F60: CÓDIGO | I60: DISCRIMINAÇÃO | W60: UNID. | Y60: QTDE. | AA60: OCUP. PROD. | AD60: UNID. PROD. | AG60: QTDE. PROD. (% MÊS) | AK60: CUSTO UNIT. (R$/MÊS) | AO60: CUSTO TOTAL (R$)
A61: 4. | I61: PARCELA VARIÁVEL
A62: =CONCATENATE(A61,"1.") -> 4.1. | I62: EQUIPE DE FRENTE DE SERVIÇO
A63: =CONCATENATE(A62,"1.") -> 4.1.1. | I63: MÃO DE OBRA
A64: =CONCATENATE(A63,"1.") -> 4.1.1.1. | C64: SICRO | F64: P9806 | I64: =+VLOOKUP(F64,'Mão de Obra'!A:J,2,"falso") -> Auxiliar administrativo - mensalista | W64: UN. | Y64: 0.5 | AA64: 1 | AD64: =+VLOOKUP(F64,'Mão de Obra'!A:J,3,"falso") -> mês | AG64: =Y64*AA64 -> 0.5 | AK64: =+VLOOKUP(F64,'Mão de Obra'!A:J,9,"falso") -> 5166.5025 | AO64: =ROUND((AG64*AK64),2) -> 2583.25
AN65: =CONCATENATE("SUBTOTAL DO ITEM ",A63) -> SUBTOTAL DO ITEM 4.1.1. | AO65: =SUM(AO64:AR64) -> 2583.25
A66: =CONCATENATE(A61,"2.") -> 4.2. | I66: LABORATÓRIO DE CONCRETO
A67: =CONCATENATE(A66,"1.") -> 4.2.1. | I67: MÃO DE OBRA
A68: =CONCATENATE(A67,"1.") -> 4.2.1.1. | C68: SICRO | F68: P9858 | I68: =+VLOOKUP(F68,'Mão de Obra'!A:J,2,"falso") -> Laboratorista - mensalista | W68: UN. | Y68: 1 | AA68: 1 | AD68: =+VLOOKUP(F68,'Mão de Obra'!A:J,3,"falso") -> mês | AG68: =Y68*AA68 -> 1 | AK68: =+VLOOKUP(F68,'Mão de Obra'!A:J,9,"falso") -> 6826.8877 | AO68: =ROUND((AG68*AK68),2) -> 6826.89
A69: =CONCATENATE(A67,"2.") -> 4.2.1.2. | C69: SICRO | F69: P9833 | I69: =+VLOOKUP(F69,'Mão de Obra'!A:J,2,"falso") -> Auxiliar de laboratório - mensalista | W69: UN. | Y69: 2 | AA69: 1 | AD69: =+VLOOKUP(F69,'Mão de Obra'!A:J,3,"falso") -> mês | AG69: =Y69*AA69 -> 2 | AK69: =+VLOOKUP(F69,'Mão de Obra'!A:J,9,"falso") -> 4915.5662 | AO69: =ROUND((AG69*AK69),2) -> 9831.13
AN70: =CONCATENATE("SUBTOTAL DO ITEM ",A67) -> SUBTOTAL DO ITEM 4.2.1. | AO70: =SUM(AO68:AR69) -> 16658.02
A71: =CONCATENATE(A66,"2.") -> 4.2.2. | I71: VEÍCULOS
A72: ITEM | C72: FONTE | F72: CÓDIGO | I72: DISCRIMINAÇÃO | W72: UNID. | Y72: QTDE. | AA72: UTILIZAÇÃO | AG72: CUSTO PRODUTIVO | AO72: CUSTO TOTAL (R$)
AA73: OPER. | AD73: IMPROD. | AG73: PRODUTIVO | AK73: IMPRODUTIVO
A74: =CONCATENATE(A71,"1.") -> 4.2.2.1. | C74: SICRO | F74: E9125 | I74: =+VLOOKUP(F74,Equipamentos!A:K,2,"falso") -> Veículo tipo van furgão com capacidade de 1,38 t - 100 kW | W74: UN. | Y74: =AA69 -> 1 | AA74: 44 | AD74: =$AD$24 -> 138.49 | AG74: =+VLOOKUP($F74,Equipamentos!A:K,10,"falso") -> 93.7824 | AK74: =+VLOOKUP($F74,Equipamentos!A:K,11,"falso") -> 52.6179 | AO74: =ROUND((Y74*((AA74*AG74)+(AD74*AK74))),2) -> 11413.48
AN75: =CONCATENATE("SUBTOTAL DO ITEM ",A71) -> SUBTOTAL DO ITEM 4.2.2. | AO75: =SUM(AO74:AR74) -> 11413.48
AN76: =CONCATENATE("TOTAL DA MÃO DE OBRA ",A59) -> TOTAL DA MÃO DE OBRA PARCELA VARIÁVEL DA ADMINISTRAÇÃO LOCAL | AO76: =AO65+AO70+AO75 -> 30654.75
A78: DIMENSIONAMENTO DE EQUIPES DE LABORATÓRIO DE CONCRETO PARA OBRAS DE ARTES ESPECIAIS
A79: ITEM | C79: FONTE | F79: CÓDIGO | I79: DISCRIMINAÇÃO | AC79: UNIDADE | AG79: Qp | AK79: Qe | AO79: ELc
A80: 5. | I80: INFRAESTRUTURA, MESOESTRUTURA E SUPERESTRUTURA
A81: =CONCATENATE(A80,"1.") -> 5.1. | C81: SICRO | F81: 1107900 | I81: =+VLOOKUP($F81,#REF!,2,"falso") -> #REF! | AC81: =+VLOOKUP($F81,#REF!,3,"falso") -> #REF! | AG81: =Orçamento!AF167 -> 116.24 | AK81: 1100 | AO81: =ROUND(AG81/AK81,2) -> 0.11
A82: =CONCATENATE(A80,"2.") -> 5.2. | C82: SICRO | F82: 1107908 | I82: =+VLOOKUP($F82,#REF!,2,"falso") -> #REF! | AC82: =+VLOOKUP($F82,#REF!,3,"falso") -> #REF! | AG82: =Orçamento!AF171 -> 21.65 | AK82: 1100 | AO82: =ROUND(AG82/AK82,2) -> 0.02
AN83: TOTAL DE EQUIPES DE LABORATÓRIO DE CONCRETO PARA OBRAS DE ARTES ESPECIAIS | AO83: =ROUND(SUM(AO81:AR82),2) -> 0.13
A85: MANUTENÇÃO DO CANTEIRO DE OBRAS
A86: ITEM | C86: FONTE | F86: CÓDIGO | I86: DISCRIMINAÇÃO | Y86: QTDE | AC86: UNIDADE | AG86: CUSTO UNIT. (R$/MÊS) | AK86: COEF. PROPOR. | AO86: CUSTO TOTAL (R$)
A87: 6. | I87: MANUTENÇÃO DO CANTEIRO DE OBRAS E ACAMPAMENTOS
A88: =CONCATENATE(A87,"1.") -> 6.1. | I88: MÃO DE OBRA
A89: =CONCATENATE(A88,"1.") -> 6.1.1. | C89: SICRO | F89: P9952 | I89: =+VLOOKUP(F89,'Mão de Obra'!A:J,2,"falso") -> Pedreiro - mensalista | Y89: 0.1 | AC89: =+VLOOKUP(F89,'Mão de Obra'!A:J,3,"falso") -> mês | AG89: =+VLOOKUP(F89,'Mão de Obra'!A:J,9,"falso") -> 5463.7457 | AK89: =AB$98 -> 0.6087 | AO89: =ROUND((Y89*AK89)*AG89,2) -> 332.58
A90: =CONCATENATE(A88,"2.") -> 6.1.2. | C90: SICRO | F90: P9954 | I90: =+VLOOKUP(F90,'Mão de Obra'!A:J,2,"falso") -> Servente - mensalista | Y90: 0.1 | AC90: =+VLOOKUP(F90,'Mão de Obra'!A:J,3,"falso") -> mês | AG90: =+VLOOKUP(F90,'Mão de Obra'!A:J,9,"falso") -> 4355.1438 | AK90: =AB$98 -> 0.6087 | AO90: =ROUND((Y90*AK90)*AG90,2) -> 265.1
A91: =CONCATENATE(A88,"3.") -> 6.1.3. | C91: SICRO | F91: P9953 | I91: =+VLOOKUP(F91,'Mão de Obra'!A:J,2,"falso") -> Eletricista - mensalista | Y91: 0.1 | AC91: =+VLOOKUP(F91,'Mão de Obra'!A:J,3,"falso") -> mês | AG91: =+VLOOKUP(F91,'Mão de Obra'!A:J,9,"falso") -> 6366.2823 | AK91: =AB$98 -> 0.6087 | AO91: =ROUND((Y91*AK91)*AG91,2) -> 387.52
AN92: =CONCATENATE("SUBTOTAL DO ITEM ",A88) -> SUBTOTAL DO ITEM 6.1. | AO92: =SUM(AO89:AR91) -> 985.2
AN93: =CONCATENATE("TOTAL DA ",I87) -> TOTAL DA MANUTENÇÃO DO CANTEIRO DE OBRAS E ACAMPAMENTOS | AO93: =AO92 -> 985.2
A95: CÁLCULO DO COEFICIENTE DE PROPORCIONALIDADE
A96: ÁREA DAS INSTALAÇÕES COBERTAS REFERENCIAIS DO CANTEIRO DE OBRAS (ACr) = | AB96: 305.17 | AG96: m²
A97: ÁREA DAS INSTALAÇÕES COBERTAS PREVISTAS EM PROJETO DO CANTEIRO DE OBRAS (ACp) = | AB97: ='Canteiro Qtd'!X56 -> 185.76 | AG97: m²
A98: COEFICIENTE DE PROPORCIONALIDADE DE ÁREAS DAS INST. COBERTAS DO CANT. DE OBRAS (Cac) = | AB98: =ROUND(AB97/AB96,4) -> 0.6087
A100: RESUMO DAS PARCELAS DA ADMINISTRAÇÃO LOCAL
A101: ITEM | C101: DISCRIMINAÇÃO | AC101: UNIDADE | AG101: QUANTIDADE | AK101: CUSTO UNITÁRIO | AO101: CUSTO TOTAL
A102: 7. | C102: =A14 -> PARCELA FIXA DA ADMINISTRAÇÃO LOCAL
A103: =CONCATENATE(A102,"1.") -> 7.1. | C103: =I16 -> GERÊNCIA TÉCNICA | AC103: MÊS | AG103: =TRUNC(AO11/30,0)-2 -> 2 | AK103: =TRUNC(AO26,2) -> 6059.97 | AO103: =ROUND(AG103*AK103,2) -> 12119.94
A104: =CONCATENATE(A102,"2.") -> 7.2. | C104: =I27 -> GERÊNCIA ADMINISTRATIVA | AC104: MÊS | AG104: =AG$103 -> 2 | AK104: =TRUNC(AO37,2) -> 13321.99 | AO104: =ROUND(AG104*AK104,2) -> 26643.98
AN105: =CONCATENATE("SUBTOTAL DO ITEM ",A102) -> SUBTOTAL DO ITEM 7. | AO105: =SUM(AO103:AR104) -> 38763.92
A106: 8. | C106: =A40 -> PARCELA VINCULADA DA ADMINISTRAÇÃO LOCAL
A107: =CONCATENATE(A106,"1.") -> 8.1. | C107: =I43 -> EQUIPE DE TOPOGRAFIA | AC107: MÊS | AG107: =AG103*0.1 -> 0.2 | AK107: =AO47+AO52 -> 29212.54 | AO107: =ROUND(AG107*AK107,2) -> 5842.51
A108: =CONCATENATE(A106,"2.") -> 8.2. | C108: =I53 -> EQUIPE DE MEDICINA E SEGURANÇA DO TRABALHO | AC108: MÊS | AG108: =AG$103 -> 2 | AK108: =AO56 -> 7837.01 | AO108: =ROUND(AG108*AK108,2) -> 15674.02
AN109: =CONCATENATE("SUBTOTAL DO ITEM ",A106) -> SUBTOTAL DO ITEM 8. | AO109: =SUM(AO107:AR108) -> 21516.53
A110: 9. | C110: =I61 -> PARCELA VARIÁVEL
...

Sheet Histograma MO
A4: OBJETO: | I4: CONSTRUÇÃO DE PONTE RODOVIÁRIA EM CONCRETO ARMADO
A5: MUNICÍPIO: | I5: DEODÁPOLIS/MS
A6: RODOVIA/ESTRADA: | I6: ESTRADA VICINAL 14ª LINHA (LADO NASCENTE)
A7: LOCAL: | I7: PONTE SOBRE O CÓRREGO IRETAN
A8: COORDENADAS: | I8: 22°14'28.18"S, 54º04'37.28"O | CD8: ÁREA: | CK8: 90 | CM8: m²
A9: COMPRIMENTO: | I9: 15 | K9: m
A10: LARGURA: | I10: 6 | K10: m
A11: BDI: | I11: INSUMO | L11: 0.1527 | O11: SERVIÇO | R11: 0.2391 | CD11: PRAZO DE EXECUÇÃO: | CK11: 120 | CM11: dias
A12: SISTEMA/REFERÊNCIA: | I12: SEM DESONERAÇÃO SICRO (JANEIRO/2026) | V12: NÃO DESONERADO SINAPI (JANEIRO/2026)
A14: HISTOGRAMA DE MÃO DE OBRA
A15: ITEM | C15: FONTE | F15: CÓDIGO | I15: DESCRIÇÃO | AB15: UN. | AD15: QTDE. | AG15: CÓD. MO | AI15: DESCRIÇÃO MÃO DE OBRA | AW15: QTDE. PREVISTA | AZ15: PROD. EQUIPE | BC15: QTDE. NECESSÁRIA | BF15: JORNADA MÊS | BI15: Qtde. neces. (mês) | BM15: 1º MÊS (30 DIAS) | BQ15: % | BT15: 2º MÊS (30 DIAS) | BX15: % | CA15: 3º MÊS (30 DIAS) | CE15: % | CH15: 4º MÊS (30 DIAS) | CL15: %
A16: 6.2.1 | F16: 103689 | I16: Fornecimento e instalação de placa de obra com chapa galvanizada e estrutura de madeira - AF_03/2022_PS | AB16: m² | AD16: 1 | AG16: SIN_MO_88316 | AI16: Servente com encargos complementares | AW16: 1.1186 | AZ16: 1 | BC16: 1.1186 | BF16: 182.49 | BI16: 0.0061296509 | BM16: 0.0061296509 | BQ16: 1
AG17: SIN_MO_88262 | AI17: Carpinteiro de formas com encargos complementares | AW17: 0.3729 | BC17: 0.3729 | BF17: 182.49 | BI17: 0.0020433996 | BM17: 0.0020433996 | BQ17: 1
AG18: 0 | AI18: #N/A | AW18: 0 | BC18: 0 | BF18: 182.49 | BI18: 0 | BQ18: 1
AG19: 0 | AI19: #N/A | AW19: 0 | BC19: 0 | BF19: 182.49 | BI19: 0 | BQ19: 1
AG20: 0 | AI20: #N/A | AW20: 0 | BC20: 0 | BF20: 182.49 | BI20: 0 | BQ20: 1
AG21: 0 | AI21: #N/A | AW21: 0 | BC21: 0 | BF21: 182.49 | BI21: 0 | BQ21: 1
AG22: 0 | AI22: #N/A | AW22: 0 | BC22: 0 | BF22: 182.49 | BI22: 0 | BQ22: 1
AG23: 0 | AI23: #N/A | AW23: 0 | BC23: 0 | BF23: 182.49 | BI23: 0 | BQ23: 1
A24: 1.1.1 | F24: 5502109 | I24: Escavação, carga e transporte de material de 1ª categoria - DMT de 50 a 200 m - caminho de serviço em leito natural - com escavadeira e caminhão basculante de 14 m³ | AB24: m³ | AD24: 57.6 | AG24: P9824 | AI24: Servente | AW24: 1 | AZ24: 230.19 | BC24: 0.25022807 | BF24: 182.49 | BI24: 0.0013711879 | BM24: 0.0013711879 | BQ24: 1
AG25: 0 | AI25: #N/A | AW25: 0 | BC25: 0 | BF25: 182.49 | BI25: 0 | BQ25: 1
AG26: 0 | AI26: #N/A | AW26: 0 | BC26: 0 | BF26: 182.49 | BI26: 0 | BQ26: 1
AG27: 0 | AI27: #N/A | AW27: 0 | BC27: 0 | BF27: 182.49 | BI27: 0 | BQ27: 1
AG28: 0 | AI28: #N/A | AW28: 0 | BC28: 0 | BF28: 182.49 | BI28: 0 | BQ28: 1
AG29: 0 | AI29: #N/A | AW29: 0 | BC29: 0 | BF29: 182.49 | BI29: 0 | BQ29: 1
AG30: 0 | AI30: #N/A | AW30: 0 | BC30: 0 | BF30: 182.49 | BI30: 0 | BQ30: 1
AG31: 0 | AI31: #N/A | AW31: 0 | BC31: 0 | BF31: 182.49 | BI31: 0 | BQ31: 1
A32: 1.1.3 | F32: 407819 | I32: Armação em aço CA-50 - fornecimento, preparo e colocação | AB32: kg | AD32: 81.4 | AG32: P9801 | AI32: Ajudante | AW32: 0.09 | AZ32: 1 | BC32: 7.326 | BF32: 182.49 | BI32: 0.040144665 | BM32: 0.040144665 | BQ32: 1
AG33: P9805 | AI33: Armador | AW33: 0.09 | BC33: 7.326 | BF33: 182.49 | BI33: 0.040144665 | BM33: 0.040144665 | BQ33: 1
AG34: 0 | AI34: #N/A | AW34: 0 | BC34: 0 | BF34: 182.49 | BI34: 0 | BQ34: 1
AG35: 0 | AI35: #N/A | AW35: 0 | BC35: 0 | BF35: 182.49 | BI35: 0 | BQ35: 1
AG36: 0 | AI36: #N/A | AW36: 0 | BC36: 0 | BF36: 182.49 | BI36: 0 | BQ36: 1
AG37: 0 | AI37: #N/A | AW37: 0 | BC37: 0 | BF37: 182.49 | BI37: 0 | BQ37: 1
AG38: 0 | AI38: #N/A | AW38: 0 | BC38: 0 | BF38: 182.49 | BI38: 0 | BQ38: 1
AG39: 0 | AI39: #N/A | AW39: 0 | BC39: 0 | BF39: 182.49 | BI39: 0 | BQ39: 1
A40: 1.1.4 | F40: 2306113 | I40: Estacas trilho TR 68 - fornecimento e cravação | AB40: m | AD40: 120 | AG40: P9824 | AI40: Servente | AW40: 2 | AZ40: 8.3 | BC40: 28.915663 | BF40: 182.49 | BI40: 0.15845067 | BM40: 0.15845067 | BQ40: 1
AG41: 0 | AI41: #N/A | AW41: 0 | BC41: 0 | BF41: 182.49 | BI41: 0 | BQ41: 1
AG42: 0 | AI42: #N/A | AW42: 0 | BC42: 0 | BF42: 182.49 | BI42: 0 | BQ42: 1
AG43: 0 | AI43: #N/A | AW43: 0 | BC43: 0 | BF43: 182.49 | BI43: 0 | BQ43: 1
AG44: 0 | AI44: #N/A | AW44: 0 | BC44: 0 | BF44: 182.49 | BI44: 0 | BQ44: 1
AG45: 0 | AI45: #N/A | AW45: 0 | BC45: 0 | BF45: 182.49 | BI45: 0 | BQ45: 1
AG46: 0 | AI46: #N/A | AW46: 0 | BC46: 0 | BF46: 182.49 | BI46: 0 | BQ46: 1
AG47: 0 | AI47: #N/A | AW47: 0 | BC47: 0 | BF47: 182.49 | BI47: 0 | BQ47: 1
A48: 1.1.5 | F48: 2003864 | I48: Esgotamento de água com bomba submersa | AB48: h | AD48: 60 | AG48: P9807 | AI48: Bombeiro hidráulico | AW48: 0.05 | AZ48: 1 | BC48: 3 | BF48: 182.49 | BI48: 0.016439257 | BM48: 0.016439257 | BQ48: 1
AG49: P9810 | AI49: Eletricista | AW49: 0.01 | BC49: 0.6 | BF49: 182.49 | BI49: 0.0032878514 | BM49: 0.0032878514 | BQ49: 1
AG50: 0 | AI50: #N/A | AW50: 0 | BC50: 0 | BF50: 182.49 | BI50: 0 | BQ50: 1
AG51: 0 | AI51: #N/A | AW51: 0 | BC51: 0 | BF51: 182.49 | BI51: 0 | BQ51: 1
AG52: 0 | AI52: #N/A | AW52: 0 | BC52: 0 | BF52: 182.49 | BI52: 0 | BQ52: 1
AG53: 0 | AI53: #N/A | AW53: 0 | BC53: 0 | BF53: 182.49 | BI53: 0 | BQ53: 1
AG54: 0 | AI54: #N/A | AW54: 0 | BC54: 0 | BF54: 182.49 | BI54: 0 | BQ54: 1
AG55: 0 | AI55: #N/A | AW55: 0 | BC55: 0 | BF55: 182.49 | BI55: 0 | BQ55: 1
A56: 1.2.1 | F56: 5502109 | I56: Escavação, carga e transporte de material de 1ª categoria - DMT de 50 a 200 m - caminho de serviço em leito natural - com escavadeira e caminhão basculante de 14 m³ | AB56: m³ | AD56: 57.6 | AG56: P9824 | AI56: Servente | AW56: 1 | AZ56: 230.19 | BC56: 0.25022807 | BF56: 182.49 | BI56: 0.0013711879 | BM56: 0.00034279696 | BQ56: 0.25 | BT56: 0.0010283909 | BX56: 0.75
AG57: 0 | AI57: #N/A | AW57: 0 | BC57: 0 | BF57: 182.49 | BI57: 0 | BQ57: 0.25 | BX57: 0.75
AG58: 0 | AI58: #N/A | AW58: 0 | BC58: 0 | BF58: 182.49 | BI58: 0 | BQ58: 0.25 | BX58: 0.75
AG59: 0 | AI59: #N/A | AW59: 0 | BC59: 0 | BF59: 182.49 | BI59: 0 | BQ59: 0.25 | BX59: 0.75
AG60: 0 | AI60: #N/A | AW60: 0 | BC60: 0 | BF60: 182.49 | BI60: 0 | BQ60: 0.25 | BX60: 0.75
AG61: 0 | AI61: #N/A | AW61: 0 | BC61: 0 | BF61: 182.49 | BI61: 0 | BQ61: 0.25 | BX61: 0.75
AG62: 0 | AI62: #N/A | AW62: 0 | BC62: 0 | BF62: 182.49 | BI62: 0 | BQ62: 0.25 | BX62: 0.75
AG63: 0 | AI63: #N/A | AW63: 0 | BC63: 0 | BF63: 182.49 | BI63: 0 | BQ63: 0.25 | BX63: 0.75
A64: 1.2.3 | F64: 407819 | I64: Armação em aço CA-50 - fornecimento, preparo e colocação | AB64: kg | AD64: 81.4 | AG64: P9801 | AI64: Ajudante | AW64: 0.09 | AZ64: 1 | BC64: 7.326 | BF64: 182.49 | BI64: 0.040144665 | BM64: 0.010036166 | BQ64: 0.25 | BT64: 0.030108499 | BX64: 0.75
AG65: P9805 | AI65: Armador | AW65: 0.09 | BC65: 7.326 | BF65: 182.49 | BI65: 0.040144665 | BM65: 0.010036166 | BQ65: 0.25 | BT65: 0.030108499 | BX65: 0.75
AG66: 0 | AI66: #N/A | AW66: 0 | BC66: 0 | BF66: 182.49 | BI66: 0 | BQ66: 0.25 | BX66: 0.75
AG67: 0 | AI67: #N/A | AW67: 0 | BC67: 0 | BF67: 182.49 | BI67: 0 | BQ67: 0.25 | BX67: 0.75
AG68: 0 | AI68: #N/A | AW68: 0 | BC68: 0 | BF68: 182.49 | BI68: 0 | BQ68: 0.25 | BX68: 0.75
AG69: 0 | AI69: #N/A | AW69: 0 | BC69: 0 | BF69: 182.49 | BI69: 0 | BQ69: 0.25 | BX69: 0.75
AG70: 0 | AI70: #N/A | AW70: 0 | BC70: 0 | BF70: 182.49 | BI70: 0 | BQ70: 0.25 | BX70: 0.75
AG71: 0 | AI71: #N/A | AW71: 0 | BC71: 0 | BF71: 182.49 | BI71: 0 | BQ71: 0.25 | BX71: 0.75
A72: 1.2.4 | F72: 2306113 | I72: Estacas trilho TR 68 - fornecimento e cravação | AB72: m | AD72: 120 | AG72: P9824 | AI72: Servente | AW72: 2 | AZ72: 8.3 | BC72: 28.915663 | BF72: 182.49 | BI72: 0.15845067 | BM72: 0.039612667 | BQ72: 0.25 | BT72: 0.118838 | BX72: 0.75
AG73: 0 | AI73: #N/A | AW73: 0 | BC73: 0 | BF73: 182.49 | BI73: 0 | BQ73: 0.25 | BX73: 0.75
AG74: 0 | AI74: #N/A | AW74: 0 | BC74: 0 | BF74: 182.49 | BI74: 0 | BQ74: 0.25 | BX74: 0.75
AG75: 0 | AI75: #N/A | AW75: 0 | BC75: 0 | BF75: 182.49 | BI75: 0 | BQ75: 0.25 | BX75: 0.75
AG76: 0 | AI76: #N/A | AW76: 0 | BC76: 0 | BF76: 182.49 | BI76: 0 | BQ76: 0.25 | BX76: 0.75
AG77: 0 | AI77: #N/A | AW77: 0 | BC77: 0 | BF77: 182.49 | BI77: 0 | BQ77: 0.25 | BX77: 0.75
AG78: 0 | AI78: #N/A | AW78: 0 | BC78: 0 | BF78: 182.49 | BI78: 0 | BQ78: 0.25 | BX78: 0.75
AG79: 0 | AI79: #N/A | AW79: 0 | BC79: 0 | BF79: 182.49 | BI79: 0 | BQ79: 0.25 | BX79: 0.75
A80: 1.2.5 | F80: 2003864 | I80: Esgotamento de água com bomba submersa | AB80: h | AD80: 60 | AG80: P9807 | AI80: Bombeiro hidráulico | AW80: 0.05 | AZ80: 1 | BC80: 3 | BF80: 182.49 | BI80: 0.016439257 | BM80: 0.0041098142 | BQ80: 0.25 | BT80: 0.012329443 | BX80: 0.75
AG81: P9810 | AI81: Eletricista | AW81: 0.01 | BC81: 0.6 | BF81: 182.49 | BI81: 0.0032878514 | BM81: 0.00082196285 | BQ81: 0.25 | BT81: 0.0024658885 | BX81: 0.75
AG82: 0 | AI82: #N/A | AW82: 0 | BC82: 0 | BF82: 182.49 | BI82: 0 | BQ82: 0.25 | BX82: 0.75
AG83: 0 | AI83: #N/A | AW83: 0 | BC83: 0 | BF83: 182.49 | BI83: 0 | BQ83: 0.25 | BX83: 0.75
AG84: 0 | AI84: #N/A | AW84: 0 | BC84: 0 | BF84: 182.49 | BI84: 0 | BQ84: 0.25 | BX84: 0.75
AG85: 0 | AI85: #N/A | AW85: 0 | BC85: 0 | BF85: 182.49 | BI85: 0 | BQ85: 0.25 | BX85: 0.75
AG86: 0 | AI86: #N/A | AW86: 0 | BC86: 0 | BF86: 182.49 | BI86: 0 | BQ86: 0.25 | BX86: 0.75
AG87: 0 | AI87: #N/A | AW87: 0 | BC87: 0 | BF87: 182.49 | BI87: 0 | BQ87: 0.25 | BX87: 0.75
A88: 2.1.1 | F88: 1107900 | I88: Concreto fck = 30 Mpa - confecção em betoneira e lançamento manual - areia e brita comerciais | AB88: m³ | AD88: 33.62 | AG88: P9821 | AI88: Pedreiro | AW88: 1 | AZ88: 3.853 | BC88: 8.7256683 | BF88: 182.49 | BI88: 0.047814501 | BT88: 0.047814501 | BX88: 1
AG89: P9824 | AI89: Servente | AW89: 9 | BC89: 78.531015 | BF89: 182.49 | BI89: 0.43033051 | BT89: 0.43033051 | BX89: 1
AG90: 0 | AI90: #N/A | AW90: 0 | BC90: 0 | BF90: 182.49 | BI90: 0 | BX90: 1
AG91: 0 | AI91: #N/A | AW91: 0 | BC91: 0 | BF91: 182.49 | BI91: 0 | BX91: 1
AG92: 0 | AI92: #N/A | AW92: 0 | BC92: 0 | BF92: 182.49 | BI92: 0 | BX92: 1
AG93: 0 | AI93: #N/A | AW93: 0 | BC93: 0 | BF93: 182.49 | BI93: 0 | BX93: 1
AG94: 0 | AI94: #N/A | AW94: 0 | BC94: 0 | BF94: 182.49 | BI94: 0 | BX94: 1
AG95: 0 | AI95: #N/A | AW95: 0 | BC95: 0 | BF95: 182.49 | BI95: 0 | BX95: 1
A96: 2.1.2 | F96: 1106057 | I96: Concreto magro - confecção em betoneira e lançamento manual - areia e brita comerciais | AB96: m³ | AD96: 0.42 | AG96: P9821 | AI96: Pedreiro | AW96: 1 | AZ96: 3.92899 | BC96: 0.1068977 | BF96: 182.49 | BI96: 0.00058577293 | BT96: 0.00058577293 | BX96: 1
AG97: P9824 | AI97: Servente | AW97: 9 | BC97: 0.96207931 | BF97: 182.49 | BI97: 0.0052719563 | BT97: 0.0052719563 | BX97: 1
AG98: 0 | AI98: #N/A | AW98: 0 | BC98: 0 | BF98: 182.49 | BI98: 0 | BX98: 1
AG99: 0 | AI99: #N/A | AW99: 0 | BC99: 0 | BF99: 182.49 | BI99: 0 | BX99: 1
AG100: 0 | AI100: #N/A | AW100: 0 | BC100: 0 | BF100: 182.49 | BI100: 0 | BX100: 1
AG101: 0 | AI101: #N/A | AW101: 0 | BC101: 0 | BF101: 182.49 | BI101: 0 | BX101: 1
AG102: 0 | AI102: #N/A | AW102: 0 | BC102: 0 | BF102: 182.49 | BI102: 0 | BX102: 1
AG103: 0 | AI103: #N/A | AW103: 0 | BC103: 0 | BF103: 182.49 | BI103: 0 | BX103: 1
A104: 2.1.3 | F104: 3108000 | I104: Formas de compensado resinado 12 mm - uso geral - utilização de 2 vezes - confecção, instalação e retirada | AB104: m² | AD104: 166.62 | AG104: P9801 | AI104: Ajudante | AW104: 0.65 | AZ104: 1 | BC104: 108.303 | BF104: 182.49 | BI104: 0.59347361 | BT104: 0.59347361 | BX104: 1
...

Sheet Mobilização MO
A3: ITEM | C3: FONTE | F3: CÓDIGO | I3: DESCRIÇÃO | AH3: PESSOAL | AQ3: MESES | AT3: DEBANDA | AW3: QUANTIDADE
AH4: QTDE. | AK4: FU | AN4: QTDE. | AT4: (MÊS) | AW4: MOD | AZ4: DESMOB
A5: 1.1.1 | I5: PARCELA FIXA DA ADMINISTRAÇÃO LOCAL
A6: 1.1.1.1 | I6: Gerência técnica - Engenheiro | AH6: ='Adm Local'!Y19 -> 1 | AK6: 1 | AN6: =ROUND(AH6*AK6,0) -> 1 | AQ6: ='Adm Local'!AG$103*'Adm Local'!AG19 -> 0.25 | AT6: =AQ6*AN6-AN6 -> -0.75 | AW6: =$AN6 -> 1 | AZ6: =$AN6 -> 1
A7: 1.1.1.2 | I7: Gerência técnica - Técnico em Meio Ambiente | AH7: 0 | AK7: 1 | AN7: =ROUND(AH7*AK7,0) -> 0 | AQ7: 0 | AT7: =AQ7*AN7-AN7 -> 0 | AW7: =$AN7 -> 0 | AZ7: =$AN7 -> 0
A8: 1.1.1.3 | I8: Gerência administrativa | AH8: =SUM('Adm Local'!Y30:Z30) -> 2 | AK8: 1 | AN8: =ROUND(AH8*AK8,0) -> 2 | AQ8: ='Adm Local'!AG104 -> 2 | AT8: =AQ8*AN8-AN8 -> 2 | AW8: =$AN8 -> 2 | AZ8: =$AN8 -> 2
A9: 1.1.2 | I9: PARCELA VINCULADA DA ADMINISTRAÇÃO LOCAL
A10: 1.1.2.1 | I10: Equipe de obra de arte especial - Mobilização com o veículo do encarregado | AH10: 0 | AK10: 0 | AN10: =ROUND(AH10*AK10,0) -> 0 | AQ10: 0 | AT10: =AQ10*AN10-AN10 -> 0 | AW10: =$AN10 -> 0 | AZ10: =$AN10 -> 0
A11: 1.1.2.2 | I11: Equipe de topografia - Mobilização com a van | AH11: =SUM('Adm Local'!Y45:Z46) -> 3 | AK11: 0 | AN11: =ROUND(AH11*AK11,0) -> 0 | AQ11: ='Adm Local'!AG107 -> 0.2 | AT11: =AQ11*AN11-AN11 -> 0 | AW11: =$AN11 -> 0 | AZ11: =$AN11 -> 0
A12: 1.1.2.3 | I12: Equipe de medicina e segurança do trabalho | AH12: =SUM('Adm Local'!Y55:Z55) -> 1 | AK12: 1 | AN12: =ROUND(AH12*AK12,0) -> 1 | AQ12: ='Adm Local'!AG108 -> 2 | AT12: =AQ12*AN12-AN12 -> 1 | AW12: =$AN12 -> 1 | AZ12: =$AN12 -> 1
A13: 1.1.3 | I13: PARCELA VARIÁVEL
A14: 1.1.3.1 | I14: Equipe de acomp de frentes de serviços - Sem atividades | AH14: =SUM('Adm Local'!Y64:Z64) -> 0.5 | AK14: 1 | AN14: =ROUND(AH14*AK14,0) -> 1 | AQ14: =AQ12 -> 2 | AT14: =AQ14*AN14-AN14 -> 1 | AW14: =$AN14 -> 1 | AZ14: =$AN14 -> 1
A15: 1.1.3.2 | I15: Equipe de controle tecnológico - Mobilização com a van | AH15: =SUM('Adm Local'!Y68:Z69) -> 3 | AK15: 0 | AN15: =ROUND(AH15*AK15,0) -> 0 | AQ15: =AQ14 -> 2 | AT15: =AQ15*AN15-AN15 -> 0 | AW15: =$AN15 -> 0 | AZ15: =$AN15 -> 0
A16: 1.1.4 | I16: PARCELA DE MÃO DE OBRA ORDINÁRIA
A17: 1.1.4.1 | I17: Funcionários da mão de obra ordinária | AH17: ='Canteiro Id'!AK17 -> 15 | AK17: 0.5 | AN17: =ROUND(AH17*AK17,0) -> 8 | AQ17: =AQ15 -> 2 | AT17: =AQ17*AN17-AN17 -> 8 | AW17: =$AN17 -> 8 | AZ17: =$AN17 -> 8
I18: TOTAL DE MOBILIZAÇÃO, DESMOBILIZAÇÃO E DEBANDAS | AT18: =SUM(AT6:AV17) -> 11.25 | AW18: =SUM(AW6:AY17) -> 13 | AZ18: =SUM(AZ6:BB17) -> 13
I19: TOTAL DE MESES | AT19: =AQ6 -> 0.25
I20: TOTAL DE DEBANDAS POR MÊS (TOTAL / (PRAZO - MÊS DE MOB./DESMOB.)) | AT20: =AW18 -> 13

Sheet Histograma EQP
A4: OBJETO: | I4: CONSTRUÇÃO DE PONTE RODOVIÁRIA EM CONCRETO ARMADO
A5: MUNICÍPIO: | I5: DEODÁPOLIS/MS
A6: RODOVIA/ESTRADA: | I6: ESTRADA VICINAL 14ª LINHA (LADO NASCENTE)
A7: LOCAL: | I7: PONTE SOBRE O CÓRREGO IRETAN
A8: COORDENADAS: | I8: 22°14'28.18"S, 54º04'37.28"O | CD8: ÁREA: | CK8: 90 | CM8: m²
A9: COMPRIMENTO: | I9: 15 | K9: m
A10: LARGURA: | I10: 6 | K10: m
A11: BDI: | I11: INSUMO | L11: 0.1527 | O11: SERVIÇO | R11: 0.2391 | CD11: PRAZO DE EXECUÇÃO: | CK11: 120 | CM11: dias
A12: SISTEMA/REFERÊNCIA: | I12: SEM DESONERAÇÃO SICRO (JANEIRO/2026) | V12: NÃO DESONERADO SINAPI (JANEIRO/2026)
A14: HISTOGRAMA DE MÃO DE OBRA
A15: ITEM | C15: FONTE | F15: CÓDIGO | I15: DESCRIÇÃO | AB15: UN. | AD15: QTDE. | AG15: CÓD. | AI15: DESCRIÇÃO | AW15: QTDE. PREVISTA | AZ15: PROD. EQUIPE | BC15: QTDE. NECESSÁRIA | BF15: JORNADA MÊS | BI15: Qtde. neces. (mês) | BM15: 1º MÊS (30 DIAS) | BQ15: % | BT15: 2º MÊS (30 DIAS) | BX15: % | CA15: 3º MÊS (30 DIAS) | CE15: % | CH15: 4º MÊS (30 DIAS) | CL15: %
A16: 6.2.1 | F16: 103689 | I16: Fornecimento e instalação de placa de obra com chapa galvanizada e estrutura de madeira - AF_03/2022_PS | AB16: m² | AD16: 1 | AG16: 0 | AI16: #N/A | AW16: 0 | AZ16: 1 | BC16: 0 | BF16: 182.49 | BI16: 0 | BQ16: 1
AG17: 0 | AI17: #N/A | AW17: 0 | BC17: 0 | BF17: 182.49 | BI17: 0 | BQ17: 1
AG18: 0 | AI18: #N/A | AW18: 0 | BC18: 0 | BF18: 182.49 | BI18: 0 | BQ18: 1
AG19: 0 | AI19: #N/A | AW19: 0 | BC19: 0 | BF19: 182.49 | BI19: 0 | BQ19: 1
AG20: 0 | AI20: #N/A | AW20: 0 | BC20: 0 | BF20: 182.49 | BI20: 0 | BQ20: 1
AG21: 0 | AI21: #N/A | AW21: 0 | BC21: 0 | BF21: 182.49 | BI21: 0 | BQ21: 1
AG22: 0 | AI22: #N/A | AW22: 0 | BC22: 0 | BF22: 182.49 | BI22: 0 | BQ22: 1
AG23: 0 | AI23: #N/A | AW23: 0 | BC23: 0 | BF23: 182.49 | BI23: 0 | BQ23: 1
A24: 1.1.1 | F24: 5502109 | I24: Escavação, carga e transporte de material de 1ª categoria - DMT de 50 a 200 m - caminho de serviço em leito natural - com escavadeira e caminhão basculante de 14 m³ | AB24: m³ | AD24: 57.6 | AG24: E9667 | AI24: Caminhão basculante com capacidade de 14 m³ - 210 kW | AW24: 4 | AZ24: 230.19 | BC24: 1.0009123 | BF24: 182.49 | BI24: 0.0054847514 | BM24: 0.0054847514 | BQ24: 1
AG25: E9515 | AI25: Escavadeira hidráulica sobre esteiras com caçamba com capacidade de 1,56 m³ - 118 kW | AW25: 1 | BC25: 0.25022807 | BF25: 182.49 | BI25: 0.0013711879 | BM25: 0.0013711879 | BQ25: 1
AG26: 0 | AI26: #N/A | AW26: 0 | BC26: 0 | BF26: 182.49 | BI26: 0 | BQ26: 1
AG27: 0 | AI27: #N/A | AW27: 0 | BC27: 0 | BF27: 182.49 | BI27: 0 | BQ27: 1
AG28: 0 | AI28: #N/A | AW28: 0 | BC28: 0 | BF28: 182.49 | BI28: 0 | BQ28: 1
AG29: 0 | AI29: #N/A | AW29: 0 | BC29: 0 | BF29: 182.49 | BI29: 0 | BQ29: 1
AG30: 0 | AI30: #N/A | AW30: 0 | BC30: 0 | BF30: 182.49 | BI30: 0 | BQ30: 1
AG31: 0 | AI31: #N/A | AW31: 0 | BC31: 0 | BF31: 182.49 | BI31: 0 | BQ31: 1
A32: 1.1.3 | F32: 407819 | I32: Armação em aço CA-50 - fornecimento, preparo e colocação | AB32: kg | AD32: 81.4 | AG32: 0 | AI32: #N/A | AW32: 0 | AZ32: 1 | BC32: 0 | BF32: 182.49 | BI32: 0 | BQ32: 1
AG33: 0 | AI33: #N/A | AW33: 0 | BC33: 0 | BF33: 182.49 | BI33: 0 | BQ33: 1
AG34: 0 | AI34: #N/A | AW34: 0 | BC34: 0 | BF34: 182.49 | BI34: 0 | BQ34: 1
AG35: 0 | AI35: #N/A | AW35: 0 | BC35: 0 | BF35: 182.49 | BI35: 0 | BQ35: 1
AG36: 0 | AI36: #N/A | AW36: 0 | BC36: 0 | BF36: 182.49 | BI36: 0 | BQ36: 1
AG37: 0 | AI37: #N/A | AW37: 0 | BC37: 0 | BF37: 182.49 | BI37: 0 | BQ37: 1
AG38: 0 | AI38: #N/A | AW38: 0 | BC38: 0 | BF38: 182.49 | BI38: 0 | BQ38: 1
AG39: 0 | AI39: #N/A | AW39: 0 | BC39: 0 | BF39: 182.49 | BI39: 0 | BQ39: 1
A40: 1.1.4 | F40: 2306113 | I40: Estacas trilho TR 68 - fornecimento e cravação | AB40: m | AD40: 120 | AG40: E9502 | AI40: Bate-estaca de gravidade para 6 t - 119 kW | AW40: 1 | AZ40: 8.3 | BC40: 14.457831 | BF40: 182.49 | BI40: 0.079225335 | BM40: 0.079225335 | BQ40: 1
AG41: 0 | AI41: #N/A | AW41: 0 | BC41: 0 | BF41: 182.49 | BI41: 0 | BQ41: 1
AG42: 0 | AI42: #N/A | AW42: 0 | BC42: 0 | BF42: 182.49 | BI42: 0 | BQ42: 1
AG43: 0 | AI43: #N/A | AW43: 0 | BC43: 0 | BF43: 182.49 | BI43: 0 | BQ43: 1
AG44: 0 | AI44: #N/A | AW44: 0 | BC44: 0 | BF44: 182.49 | BI44: 0 | BQ44: 1
AG45: 0 | AI45: #N/A | AW45: 0 | BC45: 0 | BF45: 182.49 | BI45: 0 | BQ45: 1
AG46: 0 | AI46: #N/A | AW46: 0 | BC46: 0 | BF46: 182.49 | BI46: 0 | BQ46: 1
AG47: 0 | AI47: #N/A | AW47: 0 | BC47: 0 | BF47: 182.49 | BI47: 0 | BQ47: 1
A48: 1.1.5 | F48: 2003864 | I48: Esgotamento de água com bomba submersa | AB48: h | AD48: 60 | AG48: E9630 | AI48: Bomba submersível com capacidade de 75 m³/h - 3,6 kW | AW48: 1 | AZ48: 1 | BC48: 60 | BF48: 182.49 | BI48: 0.32878514 | BM48: 0.32878514 | BQ48: 1
AG49: E9764 | AI49: Grupo gerador - 7,2 kVA | AW49: 1 | BC49: 60 | BF49: 182.49 | BI49: 0.32878514 | BM49: 0.32878514 | BQ49: 1
AG50: 0 | AI50: #N/A | AW50: 0 | BC50: 0 | BF50: 182.49 | BI50: 0 | BQ50: 1
AG51: 0 | AI51: #N/A | AW51: 0 | BC51: 0 | BF51: 182.49 | BI51: 0 | BQ51: 1
AG52: 0 | AI52: #N/A | AW52: 0 | BC52: 0 | BF52: 182.49 | BI52: 0 | BQ52: 1
AG53: 0 | AI53: #N/A | AW53: 0 | BC53: 0 | BF53: 182.49 | BI53: 0 | BQ53: 1
AG54: 0 | AI54: #N/A | AW54: 0 | BC54: 0 | BF54: 182.49 | BI54: 0 | BQ54: 1
AG55: 0 | AI55: #N/A | AW55: 0 | BC55: 0 | BF55: 182.49 | BI55: 0 | BQ55: 1
A56: 1.2.1 | F56: 5502109 | I56: Escavação, carga e transporte de material de 1ª categoria - DMT de 50 a 200 m - caminho de serviço em leito natural - com escavadeira e caminhão basculante de 14 m³ | AB56: m³ | AD56: 57.6 | AG56: E9667 | AI56: Caminhão basculante com capacidade de 14 m³ - 210 kW | AW56: 4 | AZ56: 230.19 | BC56: 1.0009123 | BF56: 182.49 | BI56: 0.0054847514 | BM56: 0.0013711879 | BQ56: 0.25 | BT56: 0.0041135636 | BX56: 0.75
AG57: E9515 | AI57: Escavadeira hidráulica sobre esteiras com caçamba com capacidade de 1,56 m³ - 118 kW | AW57: 1 | BC57: 0.25022807 | BF57: 182.49 | BI57: 0.0013711879 | BM57: 0.00034279696 | BQ57: 0.25 | BT57: 0.0010283909 | BX57: 0.75
AG58: 0 | AI58: #N/A | AW58: 0 | BC58: 0 | BF58: 182.49 | BI58: 0 | BQ58: 0.25 | BX58: 0.75
AG59: 0 | AI59: #N/A | AW59: 0 | BC59: 0 | BF59: 182.49 | BI59: 0 | BQ59: 0.25 | BX59: 0.75
AG60: 0 | AI60: #N/A | AW60: 0 | BC60: 0 | BF60: 182.49 | BI60: 0 | BQ60: 0.25 | BX60: 0.75
AG61: 0 | AI61: #N/A | AW61: 0 | BC61: 0 | BF61: 182.49 | BI61: 0 | BQ61: 0.25 | BX61: 0.75
AG62: 0 | AI62: #N/A | AW62: 0 | BC62: 0 | BF62: 182.49 | BI62: 0 | BQ62: 0.25 | BX62: 0.75
AG63: 0 | AI63: #N/A | AW63: 0 | BC63: 0 | BF63: 182.49 | BI63: 0 | BQ63: 0.25 | BX63: 0.75
A64: 1.2.3 | F64: 407819 | I64: Armação em aço CA-50 - fornecimento, preparo e colocação | AB64: kg | AD64: 81.4 | AG64: 0 | AI64: #N/A | AW64: 0 | AZ64: 1 | BC64: 0 | BF64: 182.49 | BI64: 0 | BQ64: 0.25 | BX64: 0.75
AG65: 0 | AI65: #N/A | AW65: 0 | BC65: 0 | BF65: 182.49 | BI65: 0 | BQ65: 0.25 | BX65: 0.75
AG66: 0 | AI66: #N/A | AW66: 0 | BC66: 0 | BF66: 182.49 | BI66: 0 | BQ66: 0.25 | BX66: 0.75
AG67: 0 | AI67: #N/A | AW67: 0 | BC67: 0 | BF67: 182.49 | BI67: 0 | BQ67: 0.25 | BX67: 0.75
AG68: 0 | AI68: #N/A | AW68: 0 | BC68: 0 | BF68: 182.49 | BI68: 0 | BQ68: 0.25 | BX68: 0.75
AG69: 0 | AI69: #N/A | AW69: 0 | BC69: 0 | BF69: 182.49 | BI69: 0 | BQ69: 0.25 | BX69: 0.75
AG70: 0 | AI70: #N/A | AW70: 0 | BC70: 0 | BF70: 182.49 | BI70: 0 | BQ70: 0.25 | BX70: 0.75
AG71: 0 | AI71: #N/A | AW71: 0 | BC71: 0 | BF71: 182.49 | BI71: 0 | BQ71: 0.25 | BX71: 0.75
A72: 1.2.4 | F72: 2306113 | I72: Estacas trilho TR 68 - fornecimento e cravação | AB72: m | AD72: 120 | AG72: E9502 | AI72: Bate-estaca de gravidade para 6 t - 119 kW | AW72: 1 | AZ72: 8.3 | BC72: 14.457831 | BF72: 182.49 | BI72: 0.079225335 | BM72: 0.019806334 | BQ72: 0.25 | BT72: 0.059419001 | BX72: 0.75
AG73: 0 | AI73: #N/A | AW73: 0 | BC73: 0 | BF73: 182.49 | BI73: 0 | BQ73: 0.25 | BX73: 0.75
AG74: 0 | AI74: #N/A | AW74: 0 | BC74: 0 | BF74: 182.49 | BI74: 0 | BQ74: 0.25 | BX74: 0.75
AG75: 0 | AI75: #N/A | AW75: 0 | BC75: 0 | BF75: 182.49 | BI75: 0 | BQ75: 0.25 | BX75: 0.75
AG76: 0 | AI76: #N/A | AW76: 0 | BC76: 0 | BF76: 182.49 | BI76: 0 | BQ76: 0.25 | BX76: 0.75
AG77: 0 | AI77: #N/A | AW77: 0 | BC77: 0 | BF77: 182.49 | BI77: 0 | BQ77: 0.25 | BX77: 0.75
AG78: 0 | AI78: #N/A | AW78: 0 | BC78: 0 | BF78: 182.49 | BI78: 0 | BQ78: 0.25 | BX78: 0.75
AG79: 0 | AI79: #N/A | AW79: 0 | BC79: 0 | BF79: 182.49 | BI79: 0 | BQ79: 0.25 | BX79: 0.75
A80: 1.2.5 | F80: 2003864 | I80: Esgotamento de água com bomba submersa | AB80: h | AD80: 60 | AG80: E9630 | AI80: Bomba submersível com capacidade de 75 m³/h - 3,6 kW | AW80: 1 | AZ80: 1 | BC80: 60 | BF80: 182.49 | BI80: 0.32878514 | BM80: 0.082196285 | BQ80: 0.25 | BT80: 0.24658885 | BX80: 0.75
AG81: E9764 | AI81: Grupo gerador - 7,2 kVA | AW81: 1 | BC81: 60 | BF81: 182.49 | BI81: 0.32878514 | BM81: 0.082196285 | BQ81: 0.25 | BT81: 0.24658885 | BX81: 0.75
AG82: 0 | AI82: #N/A | AW82: 0 | BC82: 0 | BF82: 182.49 | BI82: 0 | BQ82: 0.25 | BX82: 0.75
AG83: 0 | AI83: #N/A | AW83: 0 | BC83: 0 | BF83: 182.49 | BI83: 0 | BQ83: 0.25 | BX83: 0.75
AG84: 0 | AI84: #N/A | AW84: 0 | BC84: 0 | BF84: 182.49 | BI84: 0 | BQ84: 0.25 | BX84: 0.75
AG85: 0 | AI85: #N/A | AW85: 0 | BC85: 0 | BF85: 182.49 | BI85: 0 | BQ85: 0.25 | BX85: 0.75
AG86: 0 | AI86: #N/A | AW86: 0 | BC86: 0 | BF86: 182.49 | BI86: 0 | BQ86: 0.25 | BX86: 0.75
AG87: 0 | AI87: #N/A | AW87: 0 | BC87: 0 | BF87: 182.49 | BI87: 0 | BQ87: 0.25 | BX87: 0.75
A88: 2.1.1 | F88: 1107900 | I88: Concreto fck = 30 Mpa - confecção em betoneira e lançamento manual - areia e brita comerciais | AB88: m³ | AD88: 33.62 | AG88: E9010 | AI88: Balança plataforma digital à bateria, com mesa de 75 x 75 cm e capacidade de 500 kg | AW88: 1 | AZ88: 3.853 | BC88: 8.7256683 | BF88: 182.49 | BI88: 0.047814501 | BT88: 0.047814501 | BX88: 1
AG89: E9519 | AI89: Betoneira com motor a gasolina com capacidade de 600 l - 10 kW | AW89: 1 | BC89: 8.7256683 | BF89: 182.49 | BI89: 0.047814501 | BT89: 0.047814501 | BX89: 1
AG90: E9071 | AI90: Transportador manual carrinho de mão com capacidade de 80 l | AW90: 4 | BC90: 34.902673 | BF90: 182.49 | BI90: 0.191258 | BT90: 0.191258 | BX90: 1
AG91: E9064 | AI91: Transportador manual gerica com capacidade de 180 l | AW91: 3 | BC91: 26.177005 | BF91: 182.49 | BI91: 0.1434435 | BT91: 0.1434435 | BX91: 1
AG92: 0 | AI92: #N/A | AW92: 0 | BC92: 0 | BF92: 182.49 | BI92: 0 | BX92: 1
AG93: 0 | AI93: #N/A | AW93: 0 | BC93: 0 | BF93: 182.49 | BI93: 0 | BX93: 1
AG94: 0 | AI94: #N/A | AW94: 0 | BC94: 0 | BF94: 182.49 | BI94: 0 | BX94: 1
AG95: 0 | AI95: #N/A | AW95: 0 | BC95: 0 | BF95: 182.49 | BI95: 0 | BX95: 1
A96: 2.1.2 | F96: 1106057 | I96: Concreto magro - confecção em betoneira e lançamento manual - areia e brita comerciais | AB96: m³ | AD96: 0.42 | AG96: E9519 | AI96: Betoneira com motor a gasolina com capacidade de 600 l - 10 kW | AW96: 1 | AZ96: 3.92899 | BC96: 0.1068977 | BF96: 182.49 | BI96: 0.00058577293 | BT96: 0.00058577293 | BX96: 1
AG97: E9071 | AI97: Transportador manual carrinho de mão com capacidade de 80 l | AW97: 4 | BC97: 0.42759081 | BF97: 182.49 | BI97: 0.0023430917 | BT97: 0.0023430917 | BX97: 1
AG98: E9064 | AI98: Transportador manual gerica com capacidade de 180 l | AW98: 3 | BC98: 0.3206931 | BF98: 182.49 | BI98: 0.0017573188 | BT98: 0.0017573188 | BX98: 1
AG99: 0 | AI99: #N/A | AW99: 0 | BC99: 0 | BF99: 182.49 | BI99: 0 | BX99: 1
AG100: 0 | AI100: #N/A | AW100: 0 | BC100: 0 | BF100: 182.49 | BI100: 0 | BX100: 1
AG101: 0 | AI101: #N/A | AW101: 0 | BC101: 0 | BF101: 182.49 | BI101: 0 | BX101: 1
AG102: 0 | AI102: #N/A | AW102: 0 | BC102: 0 | BF102: 182.49 | BI102: 0 | BX102: 1
AG103: 0 | AI103: #N/A | AW103: 0 | BC103: 0 | BF103: 182.49 | BI103: 0 | BX103: 1
A104: 2.1.3 | F104: 3108000 | I104: Formas de compensado resinado 12 mm - uso geral - utilização de 2 vezes - confecção, instalação e retirada | AB104: m² | AD104: 166.62 | AG104: E9066 | AI104: Grupo gerador - 14 kVA | AW104: 0.06024 | AZ104: 1 | BC104: 10.037189 | BF104: 182.49 | BI104: 0.055001309 | BT104: 0.055001309 | BX104: 1
...

Sheet Mobilização EQP
A4: OBJETO: | I4: =IF(Dados!I4="","",Dados!I4) -> CONSTRUÇÃO DE PONTE RODOVIÁRIA EM CONCRETO ARMADO
A5: =Dados!A5 -> MUNICÍPIO: | I5: =IF(Dados!I5="","",Dados!I5) -> DEODÁPOLIS/MS
A6: =Dados!A6 -> RODOVIA/ESTRADA: | I6: =IF(Dados!I6="","",Dados!I6) -> ESTRADA VICINAL 14ª LINHA (LADO NASCENTE)
A7: =Dados!A7 -> LOCAL: | I7: =IF(Dados!I7="","",Dados!I7) -> PONTE SOBRE O CÓRREGO IRETAN
A8: =Dados!A8 -> COORDENADAS: | I8: =IF(Dados!I8="","",Dados!I8) -> 22°14'28.18"S, 54º04'37.28"O | BA8: =Dados!AI8 -> ÁREA: | BN8: =IF(Dados!AO8="","",Dados!AO8) -> 90 | BP8: m²
A9: =Dados!A9 -> COMPRIMENTO: | I9: =IF(Dados!I9="","",Dados!I9) -> 15 | K9: m
A10: =Dados!A10 -> LARGURA: | I10: =IF(Dados!I10="","",Dados!I10) -> 6 | K10: m
A11: BDI: | I11: =Dados!I11 -> INSUMO | L11: =IF(Dados!L11="","",Dados!L11) -> 0.1527 | O11: =Dados!O11 -> SERVIÇO | R11: =IF(Dados!R11="","",Dados!R11) -> 0.2391 | BA11: =Dados!AI11 -> PRAZO DE EXECUÇÃO: | BN11: =IF(Dados!AO11="","",Dados!AO11) -> 120 | BP11: dias
A12: SISTEMA/REFERÊNCIA: | I12: =IF(Dados!I12="","",Dados!I12) -> SEM DESONERAÇÃO SICRO (JANEIRO/2026) | V12: =IF(Dados!U12="","",Dados!U12) -> NÃO DESONERADO SINAPI (JANEIRO/2026)
A14: 1. MOBILIZAÇÃO DE EQUIPAMENTOS
A15: 1.1 EQUIPAMENTOS RODANTES
A16: ITEM | C16: FONTE | F16: CÓDIGO | I16: DESCRIÇÃO DO EQUIPAMENTO | AB16: DMT | AK16: UNID. | AN16: QTDE. | AQ16: CÓD. EQUIP. TRANSP. | AT16: VELOCIDADE MÉDIA DE TRANSPORTE | BC16: TEMPO DE VIAGEM (h) | BF16: FATOR DE UTILIZ. | BI16: FATOR k | BL16: CUSTO HORÁRIO PROD. | BO16: CUSTO TOTAL POR MOB.
AB17: ROD. PAV. | AE17: REVEST. PRIMÁRIO | AH17: TERRENO NATURAL | AT17: ROD. PAV. | AW17: REVEST. PRIMÁRIO | AZ17: TERRENO NATURAL
AB18: KM | AE18: KM | AH18: KM | AT18: KM | AW18: KM | AZ18: KM | BF18: FU
A19: 1.1.1 | F19: E9094 | I19: =+VLOOKUP(F19,Equipamentos!A:K,2,"falso") -> Guindaste móvel sobre pneus com 6 eixos com capacidade máxima de 350 t - 450 kW | AB19: =Dados!$Y$21 -> 256.8 | AE19: =Dados!$AE$21 -> 0 | AH19: =Dados!$AK$21 -> 7.2 | AK19: UN. | AN19: 2 | AQ19: =F19 -> E9094 | AT19: 60 | AW19: 50 | AZ19: 40 | BC19: =ROUND((AB19/AT19)+(AE19/AW19)+(AH19/AZ19),2) -> 4.46 | BF19: 1 | BI19: 1 | BL19: =IF(F19="","",+VLOOKUP(AQ19,Equipamentos!A:K,10,"falso")) -> 2404.8902 | BO19: =IF(F19="","",ROUND(AN19*BC19*BF19*BI19*BL19,2)) -> 21451.62
A20: 1.1.2 | F20: E9644 | I20: =+VLOOKUP(F20,Equipamentos!A:K,2,"falso") -> Caminhão demarcador de faixas com sistema de pintura a frio - 28 kW/129 kW | AB20: =Dados!$Y$21 -> 256.8 | AE20: =Dados!$AE$21 -> 0 | AH20: =Dados!$AK$21 -> 7.2 | AK20: UN. | AN20: 1 | AQ20: =F20 -> E9644 | AT20: 60 | AW20: 50 | AZ20: 40 | BC20: =ROUND((AB20/AT20)+(AE20/AW20)+(AH20/AZ20),2) -> 4.46 | BF20: 1 | BI20: 1 | BL20: =IF(F20="","",+VLOOKUP(AQ20,Equipamentos!A:K,10,"falso")) -> 460.2465 | BO20: =IF(F20="","",ROUND(AN20*BC20*BF20*BI20*BL20,2)) -> 2052.7
A21: 1.1.3 | F21: E9667 | I21: =+VLOOKUP(F21,Equipamentos!A:K,2,"falso") -> Caminhão basculante com capacidade de 14 m³ - 210 kW | AB21: =Dados!$Y$21 -> 256.8 | AE21: =Dados!$AE$21 -> 0 | AH21: =Dados!$AK$21 -> 7.2 | AK21: UN. | AN21: 1 | AQ21: =F21 -> E9667 | AT21: 60 | AW21: 50 | AZ21: 40 | BC21: =ROUND((AB21/AT21)+(AE21/AW21)+(AH21/AZ21),2) -> 4.46 | BF21: 1 | BI21: 1 | BL21: =IF(F21="","",+VLOOKUP(AQ21,Equipamentos!A:K,10,"falso")) -> 326.8179 | BO21: =IF(F21="","",ROUND(AN21*BC21*BF21*BI21*BL21,2)) -> 1457.61
A22: 1.1.4 | F22: E9687 | I22: =+VLOOKUP(F22,Equipamentos!A:K,2,"falso") -> Caminhão carroceria com capacidade de 5 t - 120 kW | AB22: =Dados!$Y$21 -> 256.8 | AE22: =Dados!$AE$21 -> 0 | AH22: =Dados!$AK$21 -> 7.2 | AK22: UN. | AN22: 1 | AQ22: =F22 -> E9687 | AT22: 60 | AW22: 50 | AZ22: 40 | BC22: =ROUND((AB22/AT22)+(AE22/AW22)+(AH22/AZ22),2) -> 4.46 | BF22: 1 | BI22: 1 | BL22: =IF(F22="","",+VLOOKUP(AQ22,Equipamentos!A:K,10,"falso")) -> 174.0453 | BO22: =IF(F22="","",ROUND(AN22*BC22*BF22*BI22*BL22,2)) -> 776.24
A23: 1.1.5 | F23: E9093 | I23: =+VLOOKUP(F23,Equipamentos!A:K,2,"falso") -> Veículo leve - 53 kW (sem motorista) | AB23: =Dados!$Y$21 -> 256.8 | AE23: =Dados!$AE$21 -> 0 | AH23: =Dados!$AK$21 -> 7.2 | AK23: UN. | AN23: 2 | AQ23: E9512 | AT23: 60 | AW23: 50 | AZ23: 40 | BC23: =ROUND((AB23/AT23)+(AE23/AW23)+(AH23/AZ23),2) -> 4.46 | BF23: 1 | BI23: 1 | BL23: =IF(F23="","",+VLOOKUP(AQ23,Equipamentos!A:K,10,"falso")) -> 69.3408 | BO23: =IF(F23="","",ROUND(AN23*BC23*BF23*BI23*BL23,2)) -> 618.52
A24: 1.1.6 | F24: E9125 | I24: =+VLOOKUP(F24,Equipamentos!A:K,2,"falso") -> Veículo tipo van furgão com capacidade de 1,38 t - 100 kW | AB24: =Dados!$Y$21 -> 256.8 | AE24: =Dados!$AE$21 -> 0 | AH24: =Dados!$AK$21 -> 7.2 | AK24: UN. | AN24: 1 | AQ24: =F24 -> E9125 | AT24: 60 | AW24: 50 | AZ24: 40 | BC24: =ROUND((AB24/AT24)+(AE24/AW24)+(AH24/AZ24),2) -> 4.46 | BF24: 1 | BI24: 1 | BL24: =IF(F24="","",+VLOOKUP(AQ24,Equipamentos!A:K,10,"falso")) -> 93.7824 | BO24: =IF(F24="","",ROUND(AN24*BC24*BF24*BI24*BL24,2)) -> 418.27
AZ25: TOTAL DO SUBITEM 1.1 | BO25: =SUM(BO19:BQ24) -> 26774.96
A26: 1.2 EQUIPAMENTOS PESADOS
A27: ITEM | C27: FONTE | F27: CÓDIGO | I27: DESCRIÇÃO DO EQUIPAMENTO | AB27: DMT | AK27: UNID. | AN27: QTDE. | AQ27: CÓD. EQUIP. TRANSP. | AT27: VELOCIDADE MÉDIA DE TRANSPORTE | BC27: TEMPO DE VIAGEM (h) | BF27: FATOR DE UTILIZ. | BI27: FATOR k | BL27: CUSTO HORÁRIO PROD. | BO27: CUSTO TOTAL POR MOB.
AB28: ROD. PAV. | AE28: REVEST. PRIMÁRIO | AH28: TERRENO NATURAL | AT28: ROD. PAV. | AW28: REVEST. PRIMÁRIO | AZ28: TERRENO NATURAL
AB29: KM | AE29: KM | AH29: KM | AT29: KM | AW29: KM | AZ29: KM | BF29: FU
A30: 1.2.1 | F30: M0041 | I30: =+VLOOKUP(F30,Materiais!A:D,2,"falso") -> Contêiner com 2 banheiros - L = 2,44 m e C = 6,09 m (1 TEU) | AB30: =Dados!$Y$21 -> 256.8 | AE30: =Dados!$AE$21 -> 0 | AH30: =Dados!$AK$21 -> 7.2 | AK30: UN. | AN30: =SUMIF('Canteiro Qtd'!$T$50:$W$55,'Mobilização EQP'!$F30,'Canteiro Qtd'!$A$50:$B$55) -> 1 | AQ30: E9665 | AT30: 60 | AW30: 50 | AZ30: 40 | BC30: =ROUND((AB30/AT30)+(AE30/AW30)+(AH30/AZ30),2) -> 4.46 | BF30: 1 | BI30: 2 | BL30: =IF(F30="","",+VLOOKUP(AQ30,Equipamentos!A:K,10,"falso")) -> 430.6894 | BO30: =IF(F30="","",ROUND(AN30*BC30*BF30*BI30*BL30,2)) -> 3841.75
A31: 1.2.2 | F31: M0042 | I31: =+VLOOKUP(F31,Materiais!A:D,2,"falso") -> Contêiner com janela - L = 2,44 m e C = 6,09 m (1 TEU) | AB31: =Dados!$Y$21 -> 256.8 | AE31: =Dados!$AE$21 -> 0 | AH31: =Dados!$AK$21 -> 7.2 | AK31: UN. | AN31: =SUMIF('Canteiro Qtd'!$T$50:$W$55,'Mobilização EQP'!$F31,'Canteiro Qtd'!$A$50:$B$55) -> 2 | AQ31: E9665 | AT31: 60 | AW31: 50 | AZ31: 40 | BC31: =ROUND((AB31/AT31)+(AE31/AW31)+(AH31/AZ31),2) -> 4.46 | BF31: 1 | BI31: 2 | BL31: =IF(F31="","",+VLOOKUP(AQ31,Equipamentos!A:K,10,"falso")) -> 430.6894 | BO31: =IF(F31="","",ROUND(AN31*BC31*BF31*BI31*BL31,2)) -> 7683.5
A32: 1.2.3 | F32: M0057 | I32: =+VLOOKUP(F32,Materiais!A:D,2,"falso") -> Contêiner com janela - L = 4,88 m e C = 6,09 m (1 TEU duplo) | AB32: =Dados!$Y$21 -> 256.8 | AE32: =Dados!$AE$21 -> 0 | AH32: =Dados!$AK$21 -> 7.2 | AK32: UN. | AN32: =SUMIF('Canteiro Qtd'!$T$50:$W$55,'Mobilização EQP'!$F32,'Canteiro Qtd'!$A$50:$B$55) -> 1 | AQ32: E9666 | AT32: 60 | AW32: 50 | AZ32: 40 | BC32: =ROUND((AB32/AT32)+(AE32/AW32)+(AH32/AZ32),2) -> 4.46 | BF32: 1 | BI32: 2 | BL32: =IF(F32="","",+VLOOKUP(AQ32,Equipamentos!A:K,10,"falso")) -> 478.0725 | BO32: =IF(F32="","",ROUND(AN32*BC32*BF32*BI32*BL32,2)) -> 4264.41
A33: 1.2.4 | F33: M0058 | I33: =+VLOOKUP(F33,Materiais!A:D,2,"falso") -> Contêiner com janela e 2 banheiros - L = 4,88 m e C = 6,09 m (1 TEU duplo) | AB33: =Dados!$Y$21 -> 256.8 | AE33: =Dados!$AE$21 -> 0 | AH33: =Dados!$AK$21 -> 7.2 | AK33: UN. | AN33: =SUMIF('Canteiro Qtd'!$T$50:$W$55,'Mobilização EQP'!$F33,'Canteiro Qtd'!$A$50:$B$55) -> 1 | AQ33: E9666 | AT33: 60 | AW33: 50 | AZ33: 40 | BC33: =ROUND((AB33/AT33)+(AE33/AW33)+(AH33/AZ33),2) -> 4.46 | BF33: 1 | BI33: 2 | BL33: =IF(F33="","",+VLOOKUP(AQ33,Equipamentos!A:K,10,"falso")) -> 478.0725 | BO33: =IF(F33="","",ROUND(AN33*BC33*BF33*BI33*BL33,2)) -> 4264.41
A34: 1.2.5 | F34: M0059 | I34: =+VLOOKUP(F34,Materiais!A:D,2,"falso") -> Contêiner com revestimento térmico, janela e banheiro - L = 2,44 m e C = 6,09 m (1 TEU) | AB34: =Dados!$Y$21 -> 256.8 | AE34: =Dados!$AE$21 -> 0 | AH34: =Dados!$AK$21 -> 7.2 | AK34: UN. | AN34: =SUMIF('Canteiro Qtd'!$T$50:$W$55,'Mobilização EQP'!$F34,'Canteiro Qtd'!$A$50:$B$55) -> 5 | AQ34: E9665 | AT34: 60 | AW34: 50 | AZ34: 40 | BC34: =ROUND((AB34/AT34)+(AE34/AW34)+(AH34/AZ34),2) -> 4.46 | BF34: 1 | BI34: 2 | BL34: =IF(F34="","",+VLOOKUP(AQ34,Equipamentos!A:K,10,"falso")) -> 430.6894 | BO34: =IF(F34="","",ROUND(AN34*BC34*BF34*BI34*BL34,2)) -> 19208.75
A35: 1.2.6 | F35: M0071 | I35: =+VLOOKUP(F35,Materiais!A:D,2,"falso") -> Contêiner com 3 janelas para guarita - L = 2,44 m e C = 3,05 m (1/2 TEU) | AB35: =Dados!$Y$21 -> 256.8 | AE35: =Dados!$AE$21 -> 0 | AH35: =Dados!$AK$21 -> 7.2 | AK35: UN. | AN35: =SUMIF('Canteiro Qtd'!$T$50:$W$55,'Mobilização EQP'!$F35,'Canteiro Qtd'!$A$50:$B$55) -> 1 | AQ35: E9666 | AT35: 60 | AW35: 50 | AZ35: 40 | BC35: =ROUND((AB35/AT35)+(AE35/AW35)+(AH35/AZ35),2) -> 4.46 | BF35: 0.33 | BI35: 2 | BL35: =IF(F35="","",+VLOOKUP(AQ35,Equipamentos!A:K,10,"falso")) -> 478.0725 | BO35: =IF(F35="","",ROUND(AN35*BC35*BF35*BI35*BL35,2)) -> 1407.25
A36: 1.2.7 | F36: E9502 | I36: =+VLOOKUP(F36,Equipamentos!A:K,2,"falso") -> Bate-estaca de gravidade para 6 t - 119 kW | AB36: =Dados!$Y$21 -> 256.8 | AE36: =Dados!$AE$21 -> 0 | AH36: =Dados!$AK$21 -> 7.2 | AK36: UN. | AN36: 1 | AQ36: E9665 | AT36: 60 | AW36: 50 | AZ36: 40 | BC36: =ROUND((AB36/AT36)+(AE36/AW36)+(AH36/AZ36),2) -> 4.46 | BF36: 2 | BI36: 2 | BL36: =IF(F36="","",+VLOOKUP(AQ36,Equipamentos!A:K,10,"falso")) -> 430.6894 | BO36: =IF(F36="","",ROUND(AN36*BC36*BF36*BI36*BL36,2)) -> 7683.5
A37: 1.2.8 | F37: E9515 | I37: =+VLOOKUP(F37,Equipamentos!A:K,2,"falso") -> Escavadeira hidráulica sobre esteiras com caçamba com capacidade de 1,56 m³ - 118 kW | AB37: =Dados!$Y$21 -> 256.8 | AE37: =Dados!$AE$21 -> 0 | AH37: =Dados!$AK$21 -> 7.2 | AK37: UN. | AN37: 1 | AQ37: E9666 | AT37: 60 | AW37: 50 | AZ37: 40 | BC37: =ROUND((AB37/AT37)+(AE37/AW37)+(AH37/AZ37),2) -> 4.46 | BF37: 1 | BI37: 2 | BL37: =IF(F37="","",+VLOOKUP(AQ37,Equipamentos!A:K,10,"falso")) -> 478.0725 | BO37: =IF(F37="","",ROUND(AN37*BC37*BF37*BI37*BL37,2)) -> 4264.41
AZ38: TOTAL DO SUBITEM 1.2 | BO38: =SUM(BO30:BQ37) -> 52617.98
A39: 1.3 EQUIPAMENTOS PEQUENO PORTE
A40: ITEM | C40: FONTE | F40: CÓDIGO | I40: DESCRIÇÃO DO EQUIPAMENTO | AB40: DMT | AK40: UNID. | AN40: QTDE. | AQ40: CÓD. EQUIP. TRANSP. | AT40: VELOCIDADE MÉDIA DE TRANSPORTE | BC40: TEMPO DE VIAGEM (h) | BF40: FATOR DE UTILIZ. | BI40: FATOR k | BL40: CUSTO HORÁRIO PROD. | BO40: CUSTO TOTAL POR MOB.
AB41: ROD. PAV. | AE41: REVEST. PRIMÁRIO | AH41: TERRENO NATURAL | AT41: ROD. PAV. | AW41: REVEST. PRIMÁRIO | AZ41: TERRENO NATURAL
AB42: KM | AE42: KM | AH42: KM | AT42: KM | AW42: KM | AZ42: KM | BF42: FU
A43: 1.3.1 | F43: E9010 | I43: =+VLOOKUP(F43,Equipamentos!A:K,2,"falso") -> Balança plataforma digital à bateria, com mesa de 75 x 75 cm e capacidade de 500 kg | AB43: =Dados!$Y$21 -> 256.8 | AE43: =Dados!$AE$21 -> 0 | AH43: =Dados!$AK$21 -> 7.2 | AK43: UN. | AN43: 1 | AQ43: E9041 | AT43: 60 | AW43: 50 | AZ43: 40 | BC43: =ROUND((AB43/AT43)+(AE43/AW43)+(AH43/AZ43),2) -> 4.46 | BF43: 0 | BI43: 0 | BL43: =IF(F43="","",+VLOOKUP(AQ43,Equipamentos!A:K,10,"falso")) -> 403.8049 | BO43: 0
A44: 1.3.2 | F44: E9064 | I44: =+VLOOKUP(F44,Equipamentos!A:K,2,"falso") -> Transportador manual gerica com capacidade de 180 l | AB44: =Dados!$Y$21 -> 256.8 | AE44: =Dados!$AE$21 -> 0 | AH44: =Dados!$AK$21 -> 7.2 | AK44: UN. | AN44: 3 | AQ44: E9041 | AT44: 60 | AW44: 50 | AZ44: 40 | BC44: =ROUND((AB44/AT44)+(AE44/AW44)+(AH44/AZ44),2) -> 4.46 | BF44: 0 | BI44: 0 | BL44: =IF(F44="","",+VLOOKUP(AQ44,Equipamentos!A:K,10,"falso")) -> 403.8049 | BO44: 0
A45: 1.3.3 | F45: E9066 | I45: =+VLOOKUP(F45,Equipamentos!A:K,2,"falso") -> Grupo gerador - 14 kVA | AB45: =Dados!$Y$21 -> 256.8 | AE45: =Dados!$AE$21 -> 0 | AH45: =Dados!$AK$21 -> 7.2 | AK45: UN. | AN45: 2 | AQ45: E9041 | AT45: 60 | AW45: 50 | AZ45: 40 | BC45: =ROUND((AB45/AT45)+(AE45/AW45)+(AH45/AZ45),2) -> 4.46 | BF45: 0 | BI45: 0 | BL45: =IF(F45="","",+VLOOKUP(AQ45,Equipamentos!A:K,10,"falso")) -> 403.8049 | BO45: 0
A46: 1.3.4 | F46: E9069 | I46: =+VLOOKUP(F46,Equipamentos!A:K,2,"falso") -> Vibrador de imersão para concreto - 4,10 kW | AB46: =Dados!$Y$21 -> 256.8 | AE46: =Dados!$AE$21 -> 0 | AH46: =Dados!$AK$21 -> 7.2 | AK46: UN. | AN46: 4 | AQ46: E9041 | AT46: 60 | AW46: 50 | AZ46: 40 | BC46: =ROUND((AB46/AT46)+(AE46/AW46)+(AH46/AZ46),2) -> 4.46 | BF46: 0 | BI46: 0 | BL46: =IF(F46="","",+VLOOKUP(AQ46,Equipamentos!A:K,10,"falso")) -> 403.8049 | BO46: 0
A47: 1.3.5 | F47: E9071 | I47: =+VLOOKUP(F47,Equipamentos!A:K,2,"falso") -> Transportador manual carrinho de mão com capacidade de 80 l | AB47: =Dados!$Y$21 -> 256.8 | AE47: =Dados!$AE$21 -> 0 | AH47: =Dados!$AK$21 -> 7.2 | AK47: UN. | AN47: 2 | AQ47: E9041 | AT47: 60 | AW47: 50 | AZ47: 40 | BC47: =ROUND((AB47/AT47)+(AE47/AW47)+(AH47/AZ47),2) -> 4.46 | BF47: 0 | BI47: 0 | BL47: =IF(F47="","",+VLOOKUP(AQ47,Equipamentos!A:K,10,"falso")) -> 403.8049 | BO47: 0
A48: 1.3.6 | F48: E9519 | I48: =+VLOOKUP(F48,Equipamentos!A:K,2,"falso") -> Betoneira com motor a gasolina com capacidade de 600 l - 10 kW | AB48: =Dados!$Y$21 -> 256.8 | AE48: =Dados!$AE$21 -> 0 | AH48: =Dados!$AK$21 -> 7.2 | AK48: UN. | AN48: 2 | AQ48: E9041 | AT48: 60 | AW48: 50 | AZ48: 40 | BC48: =ROUND((AB48/AT48)+(AE48/AW48)+(AH48/AZ48),2) -> 4.46 | BF48: 0 | BI48: 0 | BL48: =IF(F48="","",+VLOOKUP(AQ48,Equipamentos!A:K,10,"falso")) -> 403.8049 | BO48: 0
A49: 1.3.7 | F49: E9535 | I49: =+VLOOKUP(F49,Equipamentos!A:K,2,"falso") -> Serra circular com bancada - D = 30 cm - 4 kW | AB49: =Dados!$Y$21 -> 256.8 | AE49: =Dados!$AE$21 -> 0 | AH49: =Dados!$AK$21 -> 7.2 | AK49: UN. | AN49: 1 | AQ49: E9041 | AT49: 60 | AW49: 50 | AZ49: 40 | BC49: =ROUND((AB49/AT49)+(AE49/AW49)+(AH49/AZ49),2) -> 4.46 | BF49: 0 | BI49: 0 | BL49: =IF(F49="","",+VLOOKUP(AQ49,Equipamentos!A:K,10,"falso")) -> 403.8049 | BO49: 0
A50: 1.3.8 | F50: E9630 | I50: =+VLOOKUP(F50,Equipamentos!A:K,2,"falso") -> Bomba submersível com capacidade de 75 m³/h - 3,6 kW | AB50: =Dados!$Y$21 -> 256.8 | AE50: =Dados!$AE$21 -> 0 | AH50: =Dados!$AK$21 -> 7.2 | AK50: UN. | AN50: 2 | AQ50: E9041 | AT50: 60 | AW50: 50 | AZ50: 40 | BC50: =ROUND((AB50/AT50)+(AE50/AW50)+(AH50/AZ50),2) -> 4.46 | BF50: 0 | BI50: 0 | BL50: =IF(F50="","",+VLOOKUP(AQ50,Equipamentos!A:K,10,"falso")) -> 403.8049 | BO50: 0
A51: 1.3.9 | F51: E9647 | I51: =+VLOOKUP(F51,Equipamentos!A:K,2,"falso") -> Compactador manual com soquete vibratório - 4,10 kW | AB51: =Dados!$Y$21 -> 256.8 | AE51: =Dados!$AE$21 -> 0 | AH51: =Dados!$AK$21 -> 7.2 | AK51: UN. | AN51: 3 | AQ51: E9041 | AT51: 60 | AW51: 50 | AZ51: 40 | BC51: =ROUND((AB51/AT51)+(AE51/AW51)+(AH51/AZ51),2) -> 4.46 | BF51: 0 | BI51: 0 | BL51: =IF(F51="","",+VLOOKUP(AQ51,Equipamentos!A:K,10,"falso")) -> 403.8049 | BO51: 0
A52: 1.3.10 | F52: E9717 | I52: =+VLOOKUP(F52,Equipamentos!A:K,2,"falso") -> Máquina policorte - 2,20 kW | AB52: =Dados!$Y$21 -> 256.8 | AE52: =Dados!$AE$21 -> 0 | AH52: =Dados!$AK$21 -> 7.2 | AK52: UN. | AN52: 1 | AQ52: E9041 | AT52: 60 | AW52: 50 | AZ52: 40 | BC52: =ROUND((AB52/AT52)+(AE52/AW52)+(AH52/AZ52),2) -> 4.46 | BF52: 0 | BI52: 0 | BL52: =IF(F52="","",+VLOOKUP(AQ52,Equipamentos!A:K,10,"falso")) -> 403.8049 | BO52: 0
A53: 1.3.11 | F53: E9764 | I53: =+VLOOKUP(F53,Equipamentos!A:K,2,"falso") -> Grupo gerador - 7,2 kVA | AB53: =Dados!$Y$21 -> 256.8 | AE53: =Dados!$AE$21 -> 0 | AH53: =Dados!$AK$21 -> 7.2 | AK53: UN. | AN53: 1 | AQ53: E9041 | AT53: 60 | AW53: 50 | AZ53: 40 | BC53: =ROUND((AB53/AT53)+(AE53/AW53)+(AH53/AZ53),2) -> 4.46 | BF53: 0 | BI53: 0 | BL53: =IF(F53="","",+VLOOKUP(AQ53,Equipamentos!A:K,10,"falso")) -> 403.8049 | BO53: 0
AZ54: TOTAL DO SUBITEM 1.3 | BO54: =SUM(BO43:BQ53) -> 0
AZ55: CUSTO TOTAL: | BO55: =SUM(BO25,BO38,BO54) -> 79392.94
AZ56: =CONCATENATE("BDI (",R11*100,"%):") -> BDI (23,91%): | BO56: =ROUND(BO55*$R$11,2) -> 18982.85
BN57: TOTAL MOBILIZAÇÃO E DESMOBILIZAÇÃO DE EQUIPAMENTOS: | BO57: =SUM(BO55:BQ56) -> 98375.79

Sheet Planilha1
A1: Código | B1: Descrição do Serviço | C1: Unidade | D1: Custo Unitário (R$) | E1: Índice FIC | F1: Custo FIC (R$) | G1: Prod. Equipe
A2: 0307731 | B2: Aparelho de apoio de neoprene fretado para estruturas moldadas no local - fornecimento e instalação | C2: dm³ | D2: 154.68 | E2: 0.03632 | F2: 1.0757 | G2: 2
A3: 0307732 | B3: Aparelho de apoio de neoprene fretado para estruturas pré-moldadas - fornecimento e instalação | C3: dm³ | D3: 126.96 | E3: 0.03632 | F3: 0.1793 | G3: 6
A4: 0308308 | B4: Aparelho de apoio metálico elastomérico fixo com capacidade de 1.500 kN - fornecimento e instalação | C4: un | D4: 4952.18 | E4: 0.03814 | F4: 4.7686 | G4: 2
A5: 0308313 | B5: Aparelho de apoio metálico elastomérico fixo com capacidade de 10.000 kN - fornecimento e instalação | C5: un | D5: 30015.08 | E5: 0.03814 | F5: 7.4266 | G5: 1
A6: 0308309 | B6: Aparelho de apoio metálico elastomérico fixo com capacidade de 2.500 kN - fornecimento e instalação | C6: un | D6: 8308.02 | E6: 0.03814 | F6: 5.1483 | G6: 1.75
A7: 0308310 | B7: Aparelho de apoio metálico elastomérico fixo com capacidade de 4.000 kN - fornecimento e instalação | C7: un | D7: 10399.28 | E7: 0.03814 | F7: 5.4331 | G7: 1.6
A8: 0308311 | B8: Aparelho de apoio metálico elastomérico fixo com capacidade de 5.500 kN - fornecimento e instalação | C8: un | D8: 15045.96 | E8: 0.03814 | F8: 5.7768 | G8: 1.45
A9: 0308312 | B9: Aparelho de apoio metálico elastomérico fixo com capacidade de 7.500 kN - fornecimento e instalação | C9: un | D9: 21131.98 | E9: 0.03814 | F9: 6.3634 | G9: 1.25
A10: 0308307 | B10: Aparelho de apoio metálico elastomérico fixo com capacidade de 700 kN - fornecimento e instalação | C10: un | D10: 2763.26 | E10: 0.03814 | F10: 4.237 | G10: 2.5
A11: 0308322 | B11: Aparelho de apoio metálico elastomérico multidirecional com capacidade de 1.500 kN - fornecimento e instalação | C11: un | D11: 5211.21 | E11: 0.03814 | F11: 4.7686 | G11: 2
A12: 0308327 | B12: Aparelho de apoio metálico elastomérico multidirecional com capacidade de 10.000 kN - fornecimento e instalação | C12: un | D12: 31416.15 | E12: 0.03814 | F12: 7.4266 | G12: 1
A13: 0308323 | B13: Aparelho de apoio metálico elastomérico multidirecional com capacidade de 2.500 kN - fornecimento e instalação | C13: un | D13: 8200.6 | E13: 0.03814 | F13: 5.1483 | G13: 1.75
... A1567: 1107870 | B1567: Concreto fctm,k = 4,5 MPa - confecção em central dosadora de 30 m³/h - areia extraída e brita produzida | C1567: m³ | D1567: 364.69 | E1567: 0.03814 | F1567: 0.3679 | G1567: 24.9
A1568: 1106057 | B1568: Concreto magro - confecção em betoneira e lançamento manual - areia e brita comerciais | C1568: m³ | D1568: 462.33 | E1568: 0.03632 | F1568: 2.5958 | G1568: 3.92899
A1569: 1106058 | B1569: Concreto magro - confecção em betoneira e lançamento manual - areia extraída e brita produzida | C1569: m³ | D1569: 346.56 | E1569: 0.03632 | F1569: 2.5958 | G1569: 3.92899
A1570: 1106380 | B1570: Concreto para bombeamento fck = 25 MPa - confecção em central dosadora de 30 m³/h - areia e brita comerciais | C1570: m³ | D1570: 452.46 | E1570: 0.03632 | F1570: 0.3504 | G1570: 24.9
A1571: 1106378 | B1571: Concreto para bombeamento fck = 25 MPa - confecção em central dosadora de 30 m³/h - areia extraída e brita produzida | C1571: m³ | D1571: 338.15 | E1571: 0.03632 | F1571: 0.3504 | G1571: 24.9
A1572: 1116263 | B1572: Concreto para bombeamento fck = 25 MPa - confecção em central dosadora de 40 m³/h - areia e brita comerciais | C1572: m³ | D1572: 391.1 | E1572: 0.03632 | F1572: 0.2584 | G1572: 33.2
A1573: 1116267 | B1573: Concreto para bombeamento fck = 25 MPa - confecção em central dosadora de 40 m³/h - areia extraída e brita produzida | C1573: m³ | D1573: 276.79 | E1573: 0.03632 | F1573: 0.2584 | G1573: 33.2
A1574: 1106280 | B1574: Concreto para bombeamento fck = 30 MPa - confecção em central dosadora de 30 m³/h - areia e brita comerciais | C1574: m³ | D1574: 476.95 | E1574: 0.03632 | F1574: 0.3504 | G1574: 24.9
A1575: 1106289 | B1575: Concreto para bombeamento fck = 30 MPa - confecção em central dosadora de 30 m³/h - areia extraída e brita produzida | C1575: m³ | D1575: 364.84 | E1575: 0.03632 | F1575: 0.3504 | G1575: 24.9
A1576: 1116264 | B1576: Concreto para bombeamento fck = 30 MPa - confecção em central dosadora de 40 m³/h - areia e brita comerciais | C1576: m³ | D1576: 409.92 | E1576: 0.03632 | F1576: 0.2584 | G1576: 33.2
A1577: 1116268 | B1577: Concreto para bombeamento fck = 30 MPa - confecção em central dosadora de 40 m³/h - areia extraída e brita produzida | C1577: m³ | D1577: 297.81 | E1577: 0.03632 | F1577: 0.2584 | G1577: 33.2
A1578: 1106281 | B1578: Concreto para bombeamento fck = 35 MPa - confecção em central dosadora de 30 m³/h - areia e brita comerciais | C1578: m³ | D1578: 508.5 | E1578: 0.03632 | F1578: 0.3504 | G1578: 24.9
A1579: 1106382 | B1579: Concreto para bombeamento fck = 35 MPa - confecção em central dosadora de 30 m³/h - areia extraída e brita produzida | C1579: m³ | D1579: 399.2 | E1579: 0.03632 | F1579: 0.3504 | G1579: 24.9
A1580: 1116265 | B1580: Concreto para bombeamento fck = 35 MPa - confecção em central dosadora de 40 m³/h - areia e brita comerciais | C1580: m³ | D1580: 434.1 | E1580: 0.03632 | F1580: 0.2584 | G1580: 33.2
... A6526: 7107378 | B6526: Tratamento superficial e pintura do fundo do flutuante | C6526: m² | D6526: 183.38 | E6526: 0 | F6526: 0 | G6526: 1

Sheet Composições Principais
A4: OBJETO: | B4: CONSTRUÇÃO DE PONTE RODOVIÁRIA EM CONCRETO ARMADO
A5: MUNICÍPIO: | B5: DEODÁPOLIS/MS
A6: RODOVIA/ESTRADA: | B6: ESTRADA VICINAL 14ª LINHA (LADO NASCENTE)
A7: LOCAL: | B7: PONTE SOBRE O CÓRREGO IRETAN
A8: COORDENADAS: | B8: 22°14'28.18"S, 54º04'37.28"O | J8: ÁREA: | K8: 90 | L8: m²
A9: COMPRIMENTO: | B9: 15 | C9: m
A10: LARGURA: | B10: 6 | C10: m
A11: BDI: | B11: INSUMO 15,27% SERVIÇO 23,91% | J11: PRAZO DE EXECUÇÃO: | K11: 120 | L11: dias
A12: SISTEMA/REFERÊNCIA: | B12: SEM DESONERAÇÃO SICRO (JANEIRO/2026) NÃO DESONERADO SINAPI (JANEIRO/2026)
A14: Utilizado no(s) item(ns):
A15: 103689 | B15: Fornecimento e instalação de placa de obra com chapa galvanizada e estrutura de madeira - AF_03/2022_PS | H15: m² | I15: 46023 | K15: FIT: | L15: 0
H16: Produção da equipe: | I16: 1 | J16: m² | K16: FIC: | L16: 0
G17: Utilização | I17: Custo Horário | L17: Custo
A18: A - EQUIPAMENTOS | E18: Quantidade | G18: Operativa | H18: Improdutiva | I18: Produtivo | J18: Improdutivo | L18: Horário Total
A19: 0 | B19: #N/A | E19: 0 | G19: 0 | H19: 1 | I19: #N/A | J19: #N/A
A20: 0 | B20: #N/A | E20: 0 | G20: 0 | H20: 1 | I20: #N/A | J20: #N/A
A21: 0 | B21: #N/A | E21: 0 | G21: 0 | H21: 1 | I21: #N/A | J21: #N/A
A22: 0 | B22: #N/A | E22: 0 | G22: 0 | H22: 1 | I22: #N/A | J22: #N/A
A23: 0 | B23: #N/A | E23: 0 | G23: 0 | H23: 1 | I23: #N/A | J23: #N/A
A24: 0 | B24: #N/A | E24: 0 | G24: 0 | H24: 1 | I24: #N/A | J24: #N/A
A25: 0 | B25: #N/A | E25: 0 | G25: 0 | H25: 1 | I25: #N/A | J25: #N/A
A26: 0 | B26: #N/A | E26: 0 | G26: 0 | H26: 1 | I26: #N/A | J26: #N/A
K27: Custo horário total de equipamentos | L27: 0 | N27: 0
A28: B - MÃO DE OBRA | E28: Quantidade | F28: Unidade | I28: Custo Horário | L28: Custo Horário Total
A29: SIN_MO_88316 | B29: Servente com encargos complementares | E29: 1.1186 | F29: h | I29: 22.76 | L29: 25.459336 | N29: 25.459336
A30: SIN_MO_88262 | B30: Carpinteiro de formas com encargos complementares | E30: 0.3729 | F30: h | I30: 27.74 | L30: 10.344246 | N30: 10.344246
A31: 0 | B31: #N/A | E31: 0 | F31: h | I31: #N/A
A32: 0 | B32: #N/A | E32: 0 | F32: h | I32: #N/A
A33: 0 | B33: #N/A | E33: 0 | F33: h | I33: #N/A
A34: 0 | B34: #N/A | E34: 0 | F34: h | I34: #N/A
A35: 0 | B35: #N/A | E35: 0 | F35: h | I35: #N/A
A36: 0 | B36: #N/A | E36: 0 | F36: h | I36: #N/A
K37: Custo horário total de mão de obra | L37: 35.803582 | N37: 35.803582
K38: Custo horário total de execução | L38: 35.803582 | N38: 35.803582
K39: Custo unitário da execução | L39: 35.803582 | N39: 35.803582 | O39: 0
K40: Custo do FIC | L40: 0
K41: Custo do FIT | L41: 0
A42: C - MATERIAL | E42: Quantidade | F42: Unidade | I42: Preço Unitário | L42: Custo Unitário
A43: SIN5069 | B43: Prego de aço polido com cabeça 17 x 27 (2.1/2 x 11) | E43: 0.0132 | F43: kg | I43: 20.74 | L43: 0.273768
A44: SIN5065 | B44: Prego de aço polido com cabeça 10 x 10 (7/8 x 17) | E44: 0.0113 | F44: kg | I44: 38.7 | L44: 0.43731
A45: SIN4813 | B45: Placa de obra (para construção civil) em chapa galvanizada *N. 22*, adesivada, de *2,4 x 1,2* m (sem postes para fixação) | E45: 1 | F45: m² | I45: 399.26 | L45: 399.26
A46: SIN4509 | B46: Sarrafo *2,5 x 10* cm em pinus, mista ou equivalente da região - bruta | E46: 3.2083 | F46: m | I46: 3.67 | L46: 11.774461
A47: 0 | B47: #N/A | E47: 0 | F47: #N/A | I47: #N/A
A48: 0 | B48: #N/A | E48: 0 | F48: #N/A | I48: #N/A
A49: 0 | B49: #N/A | E49: 0 | F49: #N/A | I49: #N/A
A50: 0 | B50: #N/A | E50: 0 | F50: #N/A | I50: #N/A
K51: Custo unitario total de material | L51: 411.74554
A52: D - ATIVIDADES AUXILIARES | E52: Quantidade | F52: Unidade | I52: Preço Unitário | L52: Custo Unitário
A53: 102234 | B53: Pintura imunizante para madeira, 2 demãos - AF_01/2021 | E53: 0.5 | F53: m² | I53: 22.42 | L53: 11.21
A54: 0 | B54: #N/A | E54: 0 | F54: #N/A | I54: #N/A
A55: 0 | B55: #N/A | E55: 0 | F55: #N/A | I55: #N/A
A56: 0 | B56: #N/A | E56: 0 | F56: #N/A | I56: #N/A
A57: 0 | B57: #N/A | E57: 0 | F57: #N/A | I57: #N/A
A58: 0 | B58: #N/A | E58: 0 | F58: #N/A | I58: #N/A
K59: Custo unitario total de atividades auxiliares | L59: 11.21
K60: Subtotal | L60: 458.75912
A61: E - TEMPO FIXO | D61: Código | E61: Quantidade | F61: Unidade | I61: Preço Unitário | L61: Custo Unitário
A62: SIN5069 | B62: Prego de aço polido com cabeça 17 x 27 (2.1/2 x 11) | D62: 0 | E62: 0 | F62: t | G62: Mat | I62: 0
A63: SIN5065 | B63: Prego de aço polido com cabeça 10 x 10 (7/8 x 17) | D63: 0 | E63: 0 | F63: t | I63: 0
A64: SIN4813 | B64: Placa de obra (para construção civil) em chapa galvanizada *N. 22*, adesivada, de *2,4 x 1,2* m (sem postes para fixação) | D64: 0 | E64: 0 | F64: t | I64: 0
A65: SIN4509 | B65: Sarrafo *2,5 x 10* cm em pinus, mista ou equivalente da região - bruta | D65: 0 | E65: 0 | F65: t | I65: 0
A66: 0 | B66: #N/A | D66: 0 | E66: 0 | F66: t | I66: 0
A67: 0 | B67: #N/A | D67: 0 | E67: 0 | F67: t | I67: 0
A68: 0 | B68: #N/A | D68: 0 | E68: 0 | F68: t | I68: 0
A69: 0 | B69: #N/A | D69: 0 | E69: 0 | F69: t | I69: 0
K70: Custo unitario total do tempo fixo | L70: 0
A71: F - MOMENTO DE TRANSPORTE | D71: Código | E71: Quantidade | F71: Unidade | H71: DMT | I71: Preço Unitário | L71: Custo Unitário
A72: SIN5069 | B72: Prego de aço polido com cabeça 17 x 27 (2.1/2 x 11) | D72: 0 | E72: 0 | F72: tkm | G72: LN | H72: 0 | I72: 0
D73: 0 | E73: 0 | F73: tkm | G73: RP | H73: 0 | I73: 0
D74: 0 | E74: 0 | F74: tkm | G74: PV | H74: 0 | I74: 0
A75: SIN5065 | B75: Prego de aço polido com cabeça 10 x 10 (7/8 x 17) | D75: 0 | E75: 0 | F75: tkm | G75: LN | H75: 0 | I75: 0
D76: 0 | E76: 0 | F76: tkm | G76: RP | H76: 0 | I76: 0
D77: 0 | E77: 0 | F77: tkm | G77: PV | H77: 0 | I77: 0
A78: SIN4813 | B78: Placa de obra (para construção civil) em chapa galvanizada *N. 22*, adesivada, de *2,4 x 1,2* m (sem postes para fixação) | D78: 0 | E78: 0 | F78: tkm | G78: LN | H78: 0 | I78: 0
D79: 0 | E79: 0 | F79: tkm | G79: RP | H79: 0 | I79: 0
D80: 0 | E80: 0 | F80: tkm | G80: PV | H80: 0 | I80: 0
A81: SIN4509 | B81: Sarrafo *2,5 x 10* cm em pinus, mista ou equivalente da região - bruta | D81: 0 | E81: 0 | F81: tkm | G81: LN | H81: 0 | I81: 0
D82: 0 | E82: 0 | F82: tkm | G82: RP | H82: 0 | I82: 0
D83: 0 | E83: 0 | F83: tkm | G83: PV | H83: 0 | I83: 0
A84: 0 | B84: #N/A | D84: 0 | E84: 0 | F84: tkm | G84: LN | H84: 0 | I84: 0
D85: 0 | E85: 0 | F85: tkm | G85: RP | H85: 0 | I85: 0
D86: 0 | E86: 0 | F86: tkm | G86: PV | H86: 0 | I86: 0
A87: 0 | B87: #N/A | D87: 0 | E87: 0 | F87: tkm | G87: LN | H87: 0 | I87: 0
D88: 0 | E88: 0 | F88: tkm | G88: RP | H88: 0 | I88: 0
D89: 0 | E89: 0 | F89: tkm | G89: PV | H89: 0 | I89: 0
A90: 0 | B90: #N/A | D90: 0 | E90: 0 | F90: tkm | G90: LN | H90: 0 | I90: 0
D91: 0 | E91: 0 | F91: tkm | G91: RP | H91: 0 | I91: 0
D92: 0 | E92: 0 | F92: tkm | G92: PV | H92: 0 | I92: 0
A93: 0 | B93: #N/A | D93: 0 | E93: 0 | F93: tkm | G93: LN | H93: 0 | I93: 0
D94: 0 | E94: 0 | F94: tkm | G94: RP | H94: 0 | I94: 0
D95: 0 | E95: 0 | F95: tkm | G95: PV | H95: 0 | I95: 0
K96: Custo unitario total de transporte | L96: 0
K97: Custo calculado: | L97: 458.76
A99: Utilizado no(s) item(ns):
A100: IMT9900195 | B100: Mobilização de pessoal e debandas | H100: un | I100: 46023 | K100: FIT: | L100: 0
H101: Produção da equipe: | I101: 1 | J101: un | K101: FIC: | L101: 0
G102: Utilização | I102: Custo Horário | L102: Custo
A103: A - EQUIPAMENTOS | E103: Quantidade | G103: Operativa | H103: Improdutiva | I103: Produtivo | J103: Improdutivo | L103: Horário Total
A104: 0 | B104: #N/A | E104: 0 | G104: 0 | H104: 1 | I104: #N/A | J104: #N/A
A105: 0 | B105: #N/A | E105: 0 | G105: 0 | H105: 1 | I105: #N/A | J105: #N/A
...

Sheet Composições Auxiliares
A4: OBJETO: | B4: CONSTRUÇÃO DE PONTE RODOVIÁRIA EM CONCRETO ARMADO
A5: MUNICÍPIO: | B5: DEODÁPOLIS/MS
A6: RODOVIA/ESTRADA: | B6: ESTRADA VICINAL 14ª LINHA (LADO NASCENTE)
A7: LOCAL: | B7: PONTE SOBRE O CÓRREGO IRETAN
A8: COORDENADAS: | B8: 22°14'28.18"S, 54º04'37.28"O | J8: ÁREA: | K8: 90 | L8: m²
A9: COMPRIMENTO: | B9: 15 | C9: m
A10: LARGURA: | B10: 6 | C10: m
A11: BDI: | B11: INSUMO 15,27% SERVIÇO 23,91% | J11: PRAZO DE EXECUÇÃO: | K11: 120 | L11: dias
A12: SISTEMA/REFERÊNCIA: | B12: SEM DESONERAÇÃO SICRO (JANEIRO/2026) NÃO DESONERADO SINAPI (JANEIRO/2026)
A14: Utilizado no(s) item(ns):
A15: 407819 | B15: Armação em aço CA-50 - fornecimento, preparo e colocação | H15: kg | I15: 46023 | K15: FIT: | L15: 0
H16: Produção da equipe: | I16: 1 | J16: kg | K16: FIC: | L16: 0
G17: Utilização | I17: Custo Horário | L17: Custo
A18: A - EQUIPAMENTOS | E18: Quantidade | G18: Operativa | H18: Improdutiva | I18: Produtivo | J18: Improdutivo | L18: Horário Total
A19: 0 | B19: #N/A | E19: 0 | G19: 0 | H19: 1 | I19: #N/A | J19: #N/A
A20: 0 | B20: #N/A | E20: 0 | G20: 0 | H20: 1 | I20: #N/A | J20: #N/A
A21: 0 | B21: #N/A | E21: 0 | G21: 0 | H21: 1 | I21: #N/A | J21: #N/A
A22: 0 | B22: #N/A | E22: 0 | G22: 0 | H22: 1 | I22: #N/A | J22: #N/A
A23: 0 | B23: #N/A | E23: 0 | G23: 0 | H23: 1 | I23: #N/A | J23: #N/A
A24: 0 | B24: #N/A | E24: 0 | G24: 0 | H24: 1 | I24: #N/A | J24: #N/A
A25: 0 | B25: #N/A | E25: 0 | G25: 0 | H25: 1 | I25: #N/A | J25: #N/A
A26: 0 | B26: #N/A | E26: 0 | G26: 0 | H26: 1 | I26: #N/A | J26: #N/A
K27: Custo horário total de equipamentos | L27: 0 | N27: 0
A28: B - MÃO DE OBRA | E28: Quantidade | F28: Unidade | I28: Custo Horário | L28: Custo Horário Total
A29: P9801 | B29: Ajudante | E29: 0.09 | F29: h | I29: 26.2149 | L29: 2.359341 | N29: 2.359341
A30: P9805 | B30: Armador | E30: 0.09 | F30: h | I30: 35.4472 | L30: 3.190248 | N30: 3.190248
A31: 0 | B31: #N/A | E31: 0 | F31: h | I31: #N/A
A32: 0 | B32: #N/A | E32: 0 | F32: h | I32: #N/A
A33: 0 | B33: #N/A | E33: 0 | F33: h | I33: #N/A
A34: 0 | B34: #N/A | E34: 0 | F34: h | I34: #N/A
A35: 0 | B35: #N/A | E35: 0 | F35: h | I35: #N/A
A36: 0 | B36: #N/A | E36: 0 | F36: h | I36: #N/A
K37: Custo horário total de mão de obra | L37: 5.549589 | N37: 5.549589
K38: Custo horário total de execução | L38: 5.549589 | N38: 5.549589
K39: Custo unitário da execução | L39: 5.549589 | N39: 5.549589 | O39: 0
K40: Custo do FIC | L40: 0
K41: Custo do FIT | L41: 0
A42: C - MATERIAL | E42: Quantidade | F42: Unidade | I42: Preço Unitário | L42: Custo Unitário
A43: M0004 | B43: Aço CA 50 | E43: 1.1 | F43: kg | I43: 6.4713945 | L43: 7.118534
A44: M0075 | B44: Arame liso recozido em aço-carbono - D = 1,24 mm (18 BWG) | E44: 0.015 | F44: kg | I44: 11.8043 | L44: 0.1770645
A45: 0 | B45: #N/A | E45: 0 | F45: #N/A | I45: #N/A
A46: 0 | B46: #N/A | E46: 0 | F46: #N/A | I46: #N/A
A47: 0 | B47: #N/A | E47: 0 | F47: #N/A | I47: #N/A
A48: 0 | B48: #N/A | E48: 0 | F48: #N/A | I48: #N/A
A49: 0 | B49: #N/A | E49: 0 | F49: #N/A | I49: #N/A
A50: 0 | B50: #N/A | E50: 0 | F50: #N/A | I50: #N/A
K51: Custo unitario total de material | L51: 7.2955985
A52: D - ATIVIDADES AUXILIARES | E52: Quantidade | F52: Unidade | I52: Preço Unitário | L52: Custo Unitário
A53: 0 | B53: #N/A | E53: 0 | F53: #N/A | I53: #N/A
A54: 0 | B54: #N/A | E54: 0 | F54: #N/A | I54: #N/A
A55: 0 | B55: #N/A | E55: 0 | F55: #N/A | I55: #N/A
A56: 0 | B56: #N/A | E56: 0 | F56: #N/A | I56: #N/A
A57: 0 | B57: #N/A | E57: 0 | F57: #N/A | I57: #N/A
A58: 0 | B58: #N/A | E58: 0 | F58: #N/A | I58: #N/A
K59: Custo unitario total de atividades auxiliares | L59: 0
K60: Subtotal | L60: 12.845187
A61: E - TEMPO FIXO | D61: Código | E61: Quantidade | F61: Unidade | I61: Preço Unitário | L61: Custo Unitário
A62: M0004 | B62: Aço CA 50 | D62: 5914655 | E62: 0.0011 | F62: t | G62: Mat | I62: 35.43 | L62: 0.038973
A63: M0075 | B63: Arame liso recozido em aço-carbono - D = 1,24 mm (18 BWG) | D63: 5914655 | E63: 2e-05 | F63: t | I63: 35.43 | L63: 0.0007086
A64: 0 | B64: #N/A | D64: 0 | E64: 0 | F64: t | I64: 0
A65: 0 | B65: #N/A | D65: 0 | E65: 0 | F65: t | I65: 0
A66: 0 | B66: #N/A | D66: 0 | E66: 0 | F66: t | I66: 0
A67: 0 | B67: #N/A | D67: 0 | E67: 0 | F67: t | I67: 0
A68: 0 | B68: #N/A | D68: 0 | E68: 0 | F68: t | I68: 0
A69: 0 | B69: #N/A | D69: 0 | E69: 0 | F69: t | I69: 0
K70: Custo unitario total do tempo fixo | L70: 0.0396816
A71: F - MOMENTO DE TRANSPORTE | D71: Código | E71: Quantidade | F71: Unidade | H71: DMT | I71: Preço Unitário | L71: Custo Unitário
A72: M0004 | B72: Aço CA 50 | D72: 5914449 | E72: 0.0011 | F72: tkm | G72: LN | H72: 0 | I72: 1.11 | L72: 0
D73: 5914464 | E73: 0.0011 | F73: tkm | G73: RP | H73: 0 | I73: 0.89 | L73: 0
D74: 5914479 | E74: 0.0011 | F74: tkm | G74: PV | H74: 0 | I74: 0.73 | L74: 0
A75: M0075 | B75: Arame liso recozido em aço-carbono - D = 1,24 mm (18 BWG) | D75: 5914449 | E75: 2e-05 | F75: tkm | G75: LN | H75: 0 | I75: 1.11 | L75: 0
D76: 5914464 | E76: 2e-05 | F76: tkm | G76: RP | H76: 0 | I76: 0.89 | L76: 0
D77: 5914479 | E77: 2e-05 | F77: tkm | G77: PV | H77: 0 | I77: 0.73 | L77: 0
A78: 0 | B78: #N/A | D78: 0 | E78: 0 | F78: tkm | G78: LN | H78: 0 | I78: 0
D79: 0 | E79: 0 | F79: tkm | G79: RP | H79: 0 | I79: 0
D80: 0 | E80: 0 | F80: tkm | G80: PV | H80: 0 | I80: 0
A81: 0 | B81: #N/A | D81: 0 | E81: 0 | F81: tkm | G81: LN | H81: 0 | I81: 0
D82: 0 | E82: 0 | F82: tkm | G82: RP | H82: 0 | I82: 0
D83: 0 | E83: 0 | F83: tkm | G83: PV | H83: 0 | I83: 0
A84: 0 | B84: #N/A | D84: 0 | E84: 0 | F84: tkm | G84: LN | H84: 0 | I84: 0
D85: 0 | E85: 0 | F85: tkm | G85: RP | H85: 0 | I85: 0
D86: 0 | E86: 0 | F86: tkm | G86: PV | H86: 0 | I86: 0
A87: 0 | B87: #N/A | D87: 0 | E87: 0 | F87: tkm | G87: LN | H87: 0 | I87: 0
D88: 0 | E88: 0 | F88: tkm | G88: RP | H88: 0 | I88: 0
D89: 0 | E89: 0 | F89: tkm | G89: PV | H89: 0 | I89: 0
A90: 0 | B90: #N/A | D90: 0 | E90: 0 | F90: tkm | G90: LN | H90: 0 | I90: 0
D91: 0 | E91: 0 | F91: tkm | G91: RP | H91: 0 | I91: 0
D92: 0 | E92: 0 | F92: tkm | G92: PV | H92: 0 | I92: 0
A93: 0 | B93: #N/A | D93: 0 | E93: 0 | F93: tkm | G93: LN | H93: 0 | I93: 0
D94: 0 | E94: 0 | F94: tkm | G94: RP | H94: 0 | I94: 0
D95: 0 | E95: 0 | F95: tkm | G95: PV | H95: 0 | I95: 0
K96: Custo unitario total de transporte | L96: 0
K97: Custo calculado: | L97: 12.88
A99: Utilizado no(s) item(ns):
A100: 1106057 | B100: Concreto magro - confecção em betoneira e lançamento manual - areia e brita comerciais | H100: m³ | I100: 46023 | K100: FIT: | L100: 0
H101: Produção da equipe: | I101: 3.92899 | J101: m³ | K101: FIC: | L101: 0.03632
G102: Utilização | I102: Custo Horário | L102: Custo
A103: A - EQUIPAMENTOS | E103: Quantidade | G103: Operativa | H103: Improdutiva | I103: Produtivo | J103: Improdutivo | L103: Horário Total
A104: E9519 | B104: Betoneira com motor a gasolina com capacidade de 600 l - 10 kW | E104: 1 | G104: 1 | H104: 0 | I104: 56.8627 | J104: 33.7088 | L104: 56.8627 | N104: 33.7088
A105: E9071 | B105: Transportador manual carrinho de mão com capacidade de 80 l | E105: 4 | G105: 0.88 | H105: 0.12 | I105: 0.7083 | J105: 0.4793 | L105: 2.72328 | N105: 1.9172
...

Sheet Materiais
A4: Código | B4: Descrição | C4: Unidade | D4: Preço Unitário (R$) | E4: Preço Adotado (R$) | F4: Preço Cotação (R$) | G4: Preço Unitário (R$)
A5: M0003 | B5: =IF(A5="","",VLOOKUP(A5,Materiais_Base!A:D,2,"FALSO")) -> Aço CA 25 | C5: =IF(A5="","",VLOOKUP(A5,Materiais_Base!A:D,3,"FALSO")) -> kg | E5: =IF(D5="","",MIN(D5,F5)) | G5: =IF(D5="","",VLOOKUP(A5,Materiais_Base!A:D,4,"FALSO"))
A6: M0004 | B6: =IF(A6="","",VLOOKUP(A6,Materiais_Base!A:D,2,"FALSO")) -> Aço CA 50 | C6: =IF(A6="","",VLOOKUP(A6,Materiais_Base!A:D,3,"FALSO")) -> kg | E6: =MAX(D6,F6) -> 6.4713945 | F6: =Cotações!BO21 -> 6.4713945 | G6: =IF(D6="","",VLOOKUP(A6,Materiais_Base!A:D,4,"FALSO"))
A7: M0005 | B7: =IF(A7="","",VLOOKUP(A7,Materiais_Base!A:D,2,"FALSO")) -> Brita 0 | C7: =IF(A7="","",VLOOKUP(A7,Materiais_Base!A:D,3,"FALSO")) -> m³ | D7: 133.2528 | E7: =IF(D7="","",MIN(D7,F7)) -> 133.2528 | G7: =IF(D7="","",VLOOKUP(A7,Materiais_Base!A:D,4,"FALSO")) -> 133.2528
A8: M0006 | B8: =IF(A8="","",VLOOKUP(A8,Materiais_Base!A:D,2,"FALSO")) -> Fibra de poliamida para concreto | C8: =IF(A8="","",VLOOKUP(A8,Materiais_Base!A:D,3,"FALSO")) -> kg | E8: =IF(D8="","",MIN(D8,F8)) | G8: =IF(D8="","",VLOOKUP(A8,Materiais_Base!A:D,4,"FALSO"))
A9: M0007 | B9: =IF(A9="","",VLOOKUP(A9,Materiais_Base!A:D,2,"FALSO")) -> Fibra de aço para concreto | C9: =IF(A9="","",VLOOKUP(A9,Materiais_Base!A:D,3,"FALSO")) -> kg | E9: =IF(D9="","",MIN(D9,F9)) | G9: =IF(D9="","",VLOOKUP(A9,Materiais_Base!A:D,4,"FALSO"))
A10: M0008 | B10: =IF(A10="","",VLOOKUP(A10,Materiais_Base!A:D,2,"FALSO")) -> Detergente líquido neutro | C10: =IF(A10="","",VLOOKUP(A10,Materiais_Base!A:D,3,"FALSO")) -> l | E10: =IF(D10="","",MIN(D10,F10)) | G10: =IF(D10="","",VLOOKUP(A10,Materiais_Base!A:D,4,"FALSO"))
A11: M0009 | B11: =IF(A11="","",VLOOKUP(A11,Materiais_Base!A:D,2,"FALSO")) -> Aço CP 175 RB | C11: =IF(A11="","",VLOOKUP(A11,Materiais_Base!A:D,3,"FALSO")) -> kg | E11: =IF(D11="","",MIN(D11,F11)) | G11: =IF(D11="","",VLOOKUP(A11,Materiais_Base!A:D,4,"FALSO"))
A12: M0010 | B12: =IF(A12="","",VLOOKUP(A12,Materiais_Base!A:D,2,"FALSO")) -> Aditivo superplastificante à base de policarboxilato para concreto e argamassa | C12: =IF(A12="","",VLOOKUP(A12,Materiais_Base!A:D,3,"FALSO")) -> kg | D12: 13.7212 | E12: =IF(D12="","",MIN(D12,F12)) -> 13.7212 | G12: =IF(D12="","",VLOOKUP(A12,Materiais_Base!A:D,4,"FALSO")) -> 13.7212
A13: M0011 | B13: =IF(A13="","",VLOOKUP(A13,Materiais_Base!A:D,2,"FALSO")) -> Aditivo modificador de viscosidade para concreto e argamassa | C13: =IF(A13="","",VLOOKUP(A13,Materiais_Base!A:D,3,"FALSO")) -> kg | E13: =IF(D13="","",MIN(D13,F13)) | G13: =IF(D13="","",VLOOKUP(A13,Materiais_Base!A:D,4,"FALSO"))
A14: M0012 | B14: =IF(A14="","",VLOOKUP(A14,Materiais_Base!A:D,2,"FALSO")) -> Silicato de alumínio | C14: =IF(A14="","",VLOOKUP(A14,Materiais_Base!A:D,3,"FALSO")) -> kg | E14: =IF(D14="","",MIN(D14,F14)) | G14: =IF(D14="","",VLOOKUP(A14,Materiais_Base!A:D,4,"FALSO"))
A15: M0013 | B15: =IF(A15="","",VLOOKUP(A15,Materiais_Base!A:D,2,"FALSO")) -> Grampo de ancoragem em aço CA 50 - D = 12,5 mm | C15: =IF(A15="","",VLOOKUP(A15,Materiais_Base!A:D,3,"FALSO")) -> kg | E15: =IF(D15="","",MIN(D15,F15)) | G15: =IF(D15="","",VLOOKUP(A15,Materiais_Base!A:D,4,"FALSO"))
A16: M0014 | B16: =IF(A16="","",VLOOKUP(A16,Materiais_Base!A:D,2,"FALSO")) -> Aço CA 60 | C16: =IF(A16="","",VLOOKUP(A16,Materiais_Base!A:D,3,"FALSO")) -> kg | D16: 8.8235 | E16: =IF(D16="","",MAX(D16,F16)) -> 8.8235 | G16: =IF(D16="","",VLOOKUP(A16,Materiais_Base!A:D,4,"FALSO")) -> 8.8235
A17: M0015 | B17: =IF(A17="","",VLOOKUP(A17,Materiais_Base!A:D,2,"FALSO")) -> Espoleta elétrica Nº 8 - D = 6,0 mm | C17: =IF(A17="","",VLOOKUP(A17,Materiais_Base!A:D,3,"FALSO")) -> un | E17: =IF(D17="","",MIN(D17,F17)) | G17: =IF(D17="","",VLOOKUP(A17,Materiais_Base!A:D,4,"FALSO"))
A18: M0016 | B18: =IF(A18="","",VLOOKUP(A18,Materiais_Base!A:D,2,"FALSO")) -> Grampo sargento em ferro fundido tipo C com abertura útil de 105 mm (4") | C18: =IF(A18="","",VLOOKUP(A18,Materiais_Base!A:D,3,"FALSO")) -> un | E18: =IF(D18="","",MIN(D18,F18)) | G18: =IF(D18="","",VLOOKUP(A18,Materiais_Base!A:D,4,"FALSO"))
A19: M0017 | B19: =IF(A19="","",VLOOKUP(A19,Materiais_Base!A:D,2,"FALSO")) -> Saco de aniagem ou de ráfia de 50 kg - C = 95 cm e L = 65 cm | C19: =IF(A19="","",VLOOKUP(A19,Materiais_Base!A:D,3,"FALSO")) -> un | D19: 2.5303 | E19: =IF(D19="","",MIN(D19,F19)) -> 2.5303 | G19: =IF(D19="","",VLOOKUP(A19,Materiais_Base!A:D,4,"FALSO")) -> 2.5303
A20: M0018 | B20: =IF(A20="","",VLOOKUP(A20,Materiais_Base!A:D,2,"FALSO")) -> Grampo pesado em aço-carbono para cabo de aço - D = 13 mm (1/2") | C20: =IF(A20="","",VLOOKUP(A20,Materiais_Base!A:D,3,"FALSO")) -> un | E20: =IF(D20="","",MIN(D20,F20)) | G20: =IF(D20="","",VLOOKUP(A20,Materiais_Base!A:D,4,"FALSO"))
A21: M0019 | B21: =IF(A21="","",VLOOKUP(A21,Materiais_Base!A:D,2,"FALSO")) -> Esticador em aço tipo olhal x olhal para cabo de aço - D = 13 mm | C21: =IF(A21="","",VLOOKUP(A21,Materiais_Base!A:D,3,"FALSO")) -> un | E21: =IF(D21="","",MIN(D21,F21)) | G21: =IF(D21="","",VLOOKUP(A21,Materiais_Base!A:D,4,"FALSO"))
A22: M0020 | B22: =IF(A22="","",VLOOKUP(A22,Materiais_Base!A:D,2,"FALSO")) -> Grampo de ancoragem em aço CA 50 - D = 6,3 mm | C22: =IF(A22="","",VLOOKUP(A22,Materiais_Base!A:D,3,"FALSO")) -> kg | E22: =IF(D22="","",MIN(D22,F22)) | G22: =IF(D22="","",VLOOKUP(A22,Materiais_Base!A:D,4,"FALSO"))
A23: M0021 | B23: =IF(A23="","",VLOOKUP(A23,Materiais_Base!A:D,2,"FALSO")) -> Herbicida glifosato para áreas contínuas | C23: =IF(A23="","",VLOOKUP(A23,Materiais_Base!A:D,3,"FALSO")) -> l | E23: =IF(D23="","",MIN(D23,F23)) | G23: =IF(D23="","",VLOOKUP(A23,Materiais_Base!A:D,4,"FALSO"))
A24: M0025 | B24: =IF(A24="","",VLOOKUP(A24,Materiais_Base!A:D,2,"FALSO")) -> Adesivo plástico para tubos de PVC | C24: =IF(A24="","",VLOOKUP(A24,Materiais_Base!A:D,3,"FALSO")) -> kg | E24: =IF(D24="","",MIN(D24,F24)) | G24: =IF(D24="","",VLOOKUP(A24,Materiais_Base!A:D,4,"FALSO"))
A25: M0026 | B25: =IF(A25="","",VLOOKUP(A25,Materiais_Base!A:D,2,"FALSO")) -> Aditivo aglutinante para argamassa | C25: =IF(A25="","",VLOOKUP(A25,Materiais_Base!A:D,3,"FALSO")) -> l | E25: =IF(D25="","",MIN(D25,F25)) | G25: =IF(D25="","",VLOOKUP(A25,Materiais_Base!A:D,4,"FALSO"))
A26: M0028 | B26: =IF(A26="","",VLOOKUP(A26,Materiais_Base!A:D,2,"FALSO")) -> Areia média | C26: =IF(A26="","",VLOOKUP(A26,Materiais_Base!A:D,3,"FALSO")) -> m³ | D26: 118.4549 | E26: =IF(D26="","",MIN(D26,F26)) -> 118.4549 | G26: =IF(D26="","",VLOOKUP(A26,Materiais_Base!A:D,4,"FALSO")) -> 118.4549
A27: M0029 | B27: =IF(A27="","",VLOOKUP(A27,Materiais_Base!A:D,2,"FALSO")) -> Sílica ativa para concreto e argamassa (microssílica) | C27: =IF(A27="","",VLOOKUP(A27,Materiais_Base!A:D,3,"FALSO")) -> kg | E27: =IF(D27="","",MIN(D27,F27)) | G27: =IF(D27="","",VLOOKUP(A27,Materiais_Base!A:D,4,"FALSO"))
A28: M0030 | B28: =IF(A28="","",VLOOKUP(A28,Materiais_Base!A:D,2,"FALSO")) -> Aditivo plastificante e retardador de pega para concreto e argamassa | C28: =IF(A28="","",VLOOKUP(A28,Materiais_Base!A:D,3,"FALSO")) -> kg | D28: 6.6001 | E28: =IF(D28="","",MIN(D28,F28)) -> 6.6001 | G28: =IF(D28="","",VLOOKUP(A28,Materiais_Base!A:D,4,"FALSO")) -> 6.6001
A29: M0032 | B29: =IF(A29="","",VLOOKUP(A29,Materiais_Base!A:D,2,"FALSO")) -> Adesivo de contato para laminado elastoplástico | C29: =IF(A29="","",VLOOKUP(A29,Materiais_Base!A:D,3,"FALSO")) -> kg | E29: =IF(D29="","",MIN(D29,F29)) | G29: =IF(D29="","",VLOOKUP(A29,Materiais_Base!A:D,4,"FALSO"))
A30: M0039 | B30: =IF(A30="","",VLOOKUP(A30,Materiais_Base!A:D,2,"FALSO")) -> Gasolina comum | C30: =IF(A30="","",VLOOKUP(A30,Materiais_Base!A:D,3,"FALSO")) -> l | E30: =IF(D30="","",MIN(D30,F30)) | G30: =IF(D30="","",VLOOKUP(A30,Materiais_Base!A:D,4,"FALSO"))
A31: M0041 | B31: =IF(A31="","",VLOOKUP(A31,Materiais_Base!A:D,2,"FALSO")) -> Contêiner com 2 banheiros - L = 2,44 m e C = 6,09 m (1 TEU) | C31: =IF(A31="","",VLOOKUP(A31,Materiais_Base!A:D,3,"FALSO")) -> un | D31: 90298.939 | E31: =IF(D31="","",MIN(D31,F31)) -> 90298.939 | G31: =IF(D31="","",VLOOKUP(A31,Materiais_Base!A:D,4,"FALSO")) -> 90298.939
A32: M0042 | B32: =IF(A32="","",VLOOKUP(A32,Materiais_Base!A:D,2,"FALSO")) -> Contêiner com janela - L = 2,44 m e C = 6,09 m (1 TEU) | C32: =IF(A32="","",VLOOKUP(A32,Materiais_Base!A:D,3,"FALSO")) -> un | D32: 36836.045 | E32: =IF(D32="","",MIN(D32,F32)) -> 36836.045 | G32: =IF(D32="","",VLOOKUP(A32,Materiais_Base!A:D,4,"FALSO")) -> 36836.045
A33: M0043 | B33: =IF(A33="","",VLOOKUP(A33,Materiais_Base!A:D,2,"FALSO")) -> Óleo diesel | C33: =IF(A33="","",VLOOKUP(A33,Materiais_Base!A:D,3,"FALSO")) -> l | E33: =IF(D33="","",MIN(D33,F33)) | G33: =IF(D33="","",VLOOKUP(A33,Materiais_Base!A:D,4,"FALSO"))
A34: M0044 | B34: =IF(A34="","",VLOOKUP(A34,Materiais_Base!A:D,2,"FALSO")) -> Abrasivo de vidro com granulometria de 210 a 420 micra | C34: =IF(A34="","",VLOOKUP(A34,Materiais_Base!A:D,3,"FALSO")) -> kg | E34: =IF(D34="","",MIN(D34,F34)) | G34: =IF(D34="","",VLOOKUP(A34,Materiais_Base!A:D,4,"FALSO"))
A35: M0045 | B35: =IF(A35="","",VLOOKUP(A35,Materiais_Base!A:D,2,"FALSO")) -> Barreira plástica monobloco para canalização de trânsito - C = 100 cm, L = 50 cm e H = 55 cm | C35: =IF(A35="","",VLOOKUP(A35,Materiais_Base!A:D,3,"FALSO")) -> un | E35: =IF(D35="","",MIN(D35,F35)) | G35: =IF(D35="","",VLOOKUP(A35,Materiais_Base!A:D,4,"FALSO"))
A36: M0046 | B36: =IF(A36="","",VLOOKUP(A36,Materiais_Base!A:D,2,"FALSO")) -> Barreira plástica para canalização de trânsito - C = 60 cm, L = 45 cm e H = 60 cm | C36: =IF(A36="","",VLOOKUP(A36,Materiais_Base!A:D,3,"FALSO")) -> un | E36: =IF(D36="","",MIN(D36,F36)) | G36: =IF(D36="","",VLOOKUP(A36,Materiais_Base!A:D,4,"FALSO"))
A37: M0047 | B37: =IF(A37="","",VLOOKUP(A37,Materiais_Base!A:D,2,"FALSO")) -> Cone de sinalização em polietileno - H = 75 cm e base quadrada de 40 x 40 cm | C37: =IF(A37="","",VLOOKUP(A37,Materiais_Base!A:D,3,"FALSO")) -> un | E37: =IF(D37="","",MIN(D37,F37)) | G37: =IF(D37="","",VLOOKUP(A37,Materiais_Base!A:D,4,"FALSO"))
A38: M0048 | B38: =IF(A38="","",VLOOKUP(A38,Materiais_Base!A:D,2,"FALSO")) -> Balizador cônico refletivo em polietileno semiflexível - H = 114 cm e base octogonal de D = 40 cm | C38: =IF(A38="","",VLOOKUP(A38,Materiais_Base!A:D,3,"FALSO")) -> un | E38: =IF(D38="","",MIN(D38,F38)) | G38: =IF(D38="","",VLOOKUP(A38,Materiais_Base!A:D,4,"FALSO"))
A39: M0049 | B39: =IF(A39="","",VLOOKUP(A39,Materiais_Base!A:D,2,"FALSO")) -> Delimitador de tráfego flexível com chumbador e duas faixas refletivas - H = 77 cm e D = 21 cm | C39: =IF(A39="","",VLOOKUP(A39,Materiais_Base!A:D,3,"FALSO")) -> un | E39: =IF(D39="","",MIN(D39,F39)) | G39: =IF(D39="","",VLOOKUP(A39,Materiais_Base!A:D,4,"FALSO"))
A40: M0050 | B40: =IF(A40="","",VLOOKUP(A40,Materiais_Base!A:D,2,"FALSO")) -> Aditivo natural tipo goma xantana para hidrossemeadura | C40: =IF(A40="","",VLOOKUP(A40,Materiais_Base!A:D,3,"FALSO")) -> kg | E40: =IF(D40="","",MIN(D40,F40)) | G40: =IF(D40="","",VLOOKUP(A40,Materiais_Base!A:D,4,"FALSO"))
A41: M0051 | B41: =IF(A41="","",VLOOKUP(A41,Materiais_Base!A:D,2,"FALSO")) -> Cilindro canalizador de tráfego em polietileno - H = 117 cm e base quadrada de 60 x 60 cm | C41: =IF(A41="","",VLOOKUP(A41,Materiais_Base!A:D,3,"FALSO")) -> un | E41: =IF(D41="","",MIN(D41,F41)) | G41: =IF(D41="","",VLOOKUP(A41,Materiais_Base!A:D,4,"FALSO"))
A42: M0052 | B42: =IF(A42="","",VLOOKUP(A42,Materiais_Base!A:D,2,"FALSO")) -> Fita adesiva de PVC - L = 50 mm e C = 50 m | C42: =IF(A42="","",VLOOKUP(A42,Materiais_Base!A:D,3,"FALSO")) -> m | D42: 0.1184 | E42: =IF(D42="","",MIN(D42,F42)) -> 0.1184 | G42: =IF(D42="","",VLOOKUP(A42,Materiais_Base!A:D,4,"FALSO")) -> 0.1184
A43: M0053 | B43: =IF(A43="","",VLOOKUP(A43,Materiais_Base!A:D,2,"FALSO")) -> Tela plástica em polipropileno na cor laranja para tapume - L = 1,2 m | C43: =IF(A43="","",VLOOKUP(A43,Materiais_Base!A:D,3,"FALSO")) -> m | E43: =IF(D43="","",MIN(D43,F43)) | G43: =IF(D43="","",VLOOKUP(A43,Materiais_Base!A:D,4,"FALSO"))
A44: M0054 | B44: =IF(A44="","",VLOOKUP(A44,Materiais_Base!A:D,2,"FALSO")) -> Fita zebrada de cor laranja e branca - L = 7 a 8 cm | C44: =IF(A44="","",VLOOKUP(A44,Materiais_Base!A:D,3,"FALSO")) -> m | E44: =IF(D44="","",MIN(D44,F44)) | G44: =IF(D44="","",VLOOKUP(A44,Materiais_Base!A:D,4,"FALSO"))
A45: M0055 | B45: =IF(A45="","",VLOOKUP(A45,Materiais_Base!A:D,2,"FALSO")) -> Barreira plástica articulável modular - C = 240 cm e H = 100 cm | C45: =IF(A45="","",VLOOKUP(A45,Materiais_Base!A:D,3,"FALSO")) -> un | E45: =IF(D45="","",MIN(D45,F45)) | G45: =IF(D45="","",VLOOKUP(A45,Materiais_Base!A:D,4,"FALSO"))
A46: M0056 | B46: =IF(A46="","",VLOOKUP(A46,Materiais_Base!A:D,2,"FALSO")) -> Ferramenta de corte para removedora de faixa de sinalização (Smith Cutter) | C46: =IF(A46="","",VLOOKUP(A46,Materiais_Base!A:D,3,"FALSO")) -> un | E46: =IF(D46="","",MIN(D46,F46)) | G46: =IF(D46="","",VLOOKUP(A46,Materiais_Base!A:D,4,"FALSO"))
A47: M0057 | B47: =IF(A47="","",VLOOKUP(A47,Materiais_Base!A:D,2,"FALSO")) -> Contêiner com janela - L = 4,88 m e C = 6,09 m (1 TEU duplo) | C47: =IF(A47="","",VLOOKUP(A47,Materiais_Base!A:D,3,"FALSO")) -> un | D47: 127045.6 | E47: =IF(D47="","",MIN(D47,F47)) -> 127045.6 | G47: =IF(D47="","",VLOOKUP(A47,Materiais_Base!A:D,4,"FALSO")) -> 127045.6
A48: M0058 | B48: =IF(A48="","",VLOOKUP(A48,Materiais_Base!A:D,2,"FALSO")) -> Contêiner com janela e 2 banheiros - L = 4,88 m e C = 6,09 m (1 TEU duplo) | C48: =IF(A48="","",VLOOKUP(A48,Materiais_Base!A:D,3,"FALSO")) -> un | D48: 132070.63 | E48: =IF(D48="","",MIN(D48,F48)) -> 132070.63 | G48: =IF(D48="","",VLOOKUP(A48,Materiais_Base!A:D,4,"FALSO")) -> 132070.63
A49: M0059 | B49: =IF(A49="","",VLOOKUP(A49,Materiais_Base!A:D,2,"FALSO")) -> Contêiner com revestimento térmico, janela e banheiro - L = 2,44 m e C = 6,09 m (1 TEU) | C49: =IF(A49="","",VLOOKUP(A49,Materiais_Base!A:D,3,"FALSO")) -> un | D49: 58283.063 | E49: =IF(D49="","",MIN(D49,F49)) -> 58283.063 | G49: =IF(D49="","",VLOOKUP(A49,Materiais_Base!A:D,4,"FALSO")) -> 58283.063
A50: M0066 | B50: =IF(A50="","",VLOOKUP(A50,Materiais_Base!A:D,2,"FALSO")) -> Contêiner com revestimento térmico, janela e banheiro - L = 2,44 m e C = 12,19 m (2 TEU) | C50: =IF(A50="","",VLOOKUP(A50,Materiais_Base!A:D,3,"FALSO")) -> un | E50: =IF(D50="","",MIN(D50,F50)) | G50: =IF(D50="","",VLOOKUP(A50,Materiais_Base!A:D,4,"FALSO"))
A51: M0067 | B51: =IF(A51="","",VLOOKUP(A51,Materiais_Base!A:D,2,"FALSO")) -> Tubo PEAD PE 100 PN 10 com flanges - D = 160 mm | C51: =IF(A51="","",VLOOKUP(A51,Materiais_Base!A:D,3,"FALSO")) -> m | E51: =IF(D51="","",MIN(D51,F51)) | G51: =IF(D51="","",VLOOKUP(A51,Materiais_Base!A:D,4,"FALSO"))
A52: M0068 | B52: =IF(A52="","",VLOOKUP(A52,Materiais_Base!A:D,2,"FALSO")) -> Caibro de pinho - L = 7,5 cm e E = 10,0 cm | C52: =IF(A52="","",VLOOKUP(A52,Materiais_Base!A:D,3,"FALSO")) -> m | D52: 17.32 | E52: =IF(D52="","",MIN(D52,F52)) -> 17.32 | G52: =IF(D52="","",VLOOKUP(A52,Materiais_Base!A:D,4,"FALSO")) -> 17.32
A53: M0069 | B53: =IF(A53="","",VLOOKUP(A53,Materiais_Base!A:D,2,"FALSO")) -> Arame farpado em aço galvanizado - D = 1,60 mm | C53: =IF(A53="","",VLOOKUP(A53,Materiais_Base!A:D,3,"FALSO")) -> m | D53: 0.7911 | E53: =IF(D53="","",MIN(D53,F53)) -> 0.7911 | G53: =IF(D53="","",VLOOKUP(A53,Materiais_Base!A:D,4,"FALSO")) -> 0.7911
A54: M0071 | B54: =IF(A54="","",VLOOKUP(A54,Materiais_Base!A:D,2,"FALSO")) -> Contêiner com 3 janelas para guarita - L = 2,44 m e C = 3,05 m (1/2 TEU) | C54: =IF(A54="","",VLOOKUP(A54,Materiais_Base!A:D,3,"FALSO")) -> un | D54: 40370.514 | E54: =IF(D54="","",MIN(D54,F54)) -> 40370.514 | G54: =IF(D54="","",VLOOKUP(A54,Materiais_Base!A:D,4,"FALSO")) -> 40370.514
A55: M0072 | B55: =IF(A55="","",VLOOKUP(A55,Materiais_Base!A:D,2,"FALSO")) -> Arame liso em aço galvanizado - D = 2,10 mm (14 BWG) | C55: =IF(A55="","",VLOOKUP(A55,Materiais_Base!A:D,3,"FALSO")) -> kg | E55: =IF(D55="","",MIN(D55,F55)) | G55: =IF(D55="","",VLOOKUP(A55,Materiais_Base!A:D,4,"FALSO"))
A56: M0073 | B56: =IF(A56="","",VLOOKUP(A56,Materiais_Base!A:D,2,"FALSO")) -> Muda de árvore com altura de 0,30 a 0,80 m | C56: =IF(A56="","",VLOOKUP(A56,Materiais_Base!A:D,3,"FALSO")) -> un | E56: =IF(D56="","",MIN(D56,F56)) | G56: =IF(D56="","",VLOOKUP(A56,Materiais_Base!A:D,4,"FALSO"))
A57: M0074 | B57: =IF(A57="","",VLOOKUP(A57,Materiais_Base!A:D,2,"FALSO")) -> Muda de arbusto com altura até 0,50 m | C57: =IF(A57="","",VLOOKUP(A57,Materiais_Base!A:D,3,"FALSO")) -> un | E57: =IF(D57="","",MIN(D57,F57)) | G57: =IF(D57="","",VLOOKUP(A57,Materiais_Base!A:D,4,"FALSO"))
A58: M0075 | B58: =IF(A58="","",VLOOKUP(A58,Materiais_Base!A:D,2,"FALSO")) -> Arame liso recozido em aço-carbono - D = 1,24 mm (18 BWG) | C58: =IF(A58="","",VLOOKUP(A58,Materiais_Base!A:D,3,"FALSO")) -> kg | D58: 11.8043 | E58: =IF(D58="","",MIN(D58,F58)) -> 11.8043 | G58: =IF(D58="","",VLOOKUP(A58,Materiais_Base!A:D,4,"FALSO")) -> 11.8043
A59: M0076 | B59: =IF(A59="","",VLOOKUP(A59,Materiais_Base!A:D,2,"FALSO")) -> Disco de corte abrasivo para policorte - D = 300 mm | C59: =IF(A59="","",VLOOKUP(A59,Materiais_Base!A:D,3,"FALSO")) -> un | D59: 23.9701 | E59: =IF(D59="","",MIN(D59,F59)) -> 23.9701 | G59: =IF(D59="","",VLOOKUP(A59,Materiais_Base!A:D,4,"FALSO")) -> 23.9701
A60: M0080 | B60: =IF(A60="","",VLOOKUP(A60,Materiais_Base!A:D,2,"FALSO")) -> Areia fina | C60: =IF(A60="","",VLOOKUP(A60,Materiais_Base!A:D,3,"FALSO")) -> m³ | E60: =IF(D60="","",MIN(D60,F60)) | G60: =IF(D60="","",VLOOKUP(A60,Materiais_Base!A:D,4,"FALSO"))
A61: M0081 | B61: =IF(A61="","",VLOOKUP(A61,Materiais_Base!A:D,2,"FALSO")) -> Areia grossa | C61: =IF(A61="","",VLOOKUP(A61,Materiais_Base!A:D,3,"FALSO")) -> m³ | E61: =IF(D61="","",MIN(D61,F61)) | G61: =IF(D61="","",VLOOKUP(A61,Materiais_Base!A:D,4,"FALSO"))
A62: M0082 | B62: =IF(A62="","",VLOOKUP(A62,Materiais_Base!A:D,2,"FALSO")) -> Areia média lavada | C62: =IF(A62="","",VLOOKUP(A62,Materiais_Base!A:D,3,"FALSO")) -> m³ | E62: =MAX(D62,F62) -> 412.327 | F62: =Cotações!BO28 -> 412.327 | G62: =IF(D62="","",VLOOKUP(A62,Materiais_Base!A:D,4,"FALSO"))
A63: M0083 | B63: =IF(A63="","",VLOOKUP(A63,Materiais_Base!A:D,2,"FALSO")) -> Argamassa pré-dosada para grauteamento | C63: =IF(A63="","",VLOOKUP(A63,Materiais_Base!A:D,3,"FALSO")) -> kg | E63: =IF(D63="","",MIN(D63,F63)) | G63: =IF(D63="","",VLOOKUP(A63,Materiais_Base!A:D,4,"FALSO"))
A64: M0084 | B64: =IF(A64="","",VLOOKUP(A64,Materiais_Base!A:D,2,"FALSO")) -> Argamassa pré-dosada autoadensável para grauteamento | C64: =IF(A64="","",VLOOKUP(A64,Materiais_Base!A:D,3,"FALSO")) -> kg | E64: =IF(D64="","",MIN(D64,F64)) | G64: =IF(D64="","",VLOOKUP(A64,Materiais_Base!A:D,4,"FALSO"))
A65: M0085 | B65: =IF(A65="","",VLOOKUP(A65,Materiais_Base!A:D,2,"FALSO")) -> Ancoragem ativa para 4 cordoalhas - D = 12,7 mm | C65: =IF(A65="","",VLOOKUP(A65,Materiais_Base!A:D,3,"FALSO")) -> un | D65: 342.2946 | E65: =IF(D65="","",MIN(D65,F65)) -> 342.2946 | G65: =IF(D65="","",VLOOKUP(A65,Materiais_Base!A:D,4,"FALSO")) -> 342.2946
A66: M0086 | B66: =IF(A66="","",VLOOKUP(A66,Materiais_Base!A:D,2,"FALSO")) -> Ancoragem ativa para 6 cordoalhas - D = 12,7 mm | C66: =IF(A66="","",VLOOKUP(A66,Materiais_Base!A:D,3,"FALSO")) -> un | E66: =IF(D66="","",MIN(D66,F66)) | G66: =IF(D66="","",VLOOKUP(A66,Materiais_Base!A:D,4,"FALSO"))
A67: M0087 | B67: =IF(A67="","",VLOOKUP(A67,Materiais_Base!A:D,2,"FALSO")) -> Ancoragem ativa para 7 cordoalhas - D = 12,7 mm | C67: =IF(A67="","",VLOOKUP(A67,Materiais_Base!A:D,3,"FALSO")) -> un | E67: =IF(D67="","",MIN(D67,F67)) | G67: =IF(D67="","",VLOOKUP(A67,Materiais_Base!A:D,4,"FALSO"))
A68: M0088 | B68: =IF(A68="","",VLOOKUP(A68,Materiais_Base!A:D,2,"FALSO")) -> Ancoragem ativa para 8 cordoalhas - D = 12,7 mm | C68: =IF(A68="","",VLOOKUP(A68,Materiais_Base!A:D,3,"FALSO")) -> un | E68: =IF(D68="","",MIN(D68,F68)) | G68: =IF(D68="","",VLOOKUP(A68,Materiais_Base!A:D,4,"FALSO"))
A69: M0089 | B69: =IF(A69="","",VLOOKUP(A69,Materiais_Base!A:D,2,"FALSO")) -> Ancoragem ativa para 9 cordoalhas - D = 12,7 mm | C69: =IF(A69="","",VLOOKUP(A69,Materiais_Base!A:D,3,"FALSO")) -> un | E69: =IF(D69="","",MIN(D69,F69)) | G69: =IF(D69="","",VLOOKUP(A69,Materiais_Base!A:D,4,"FALSO"))
A70: M0091 | B70: =IF(A70="","",VLOOKUP(A70,Materiais_Base!A:D,2,"FALSO")) -> Ancoragem ativa para 10 cordoalhas - D = 12,7 mm | C70: =IF(A70="","",VLOOKUP(A70,Materiais_Base!A:D,3,"FALSO")) -> un | E70: =IF(D70="","",MIN(D70,F70)) | G70: =IF(D70="","",VLOOKUP(A70,Materiais_Base!A:D,4,"FALSO"))
A71: M0092 | B71: =IF(A71="","",VLOOKUP(A71,Materiais_Base!A:D,2,"FALSO")) -> Ancoragem ativa para 12 cordoalhas - D = 12,7 mm | C71: =IF(A71="","",VLOOKUP(A71,Materiais_Base!A:D,3,"FALSO")) -> un | E71: =IF(D71="","",MIN(D71,F71)) | G71: =IF(D71="","",VLOOKUP(A71,Materiais_Base!A:D,4,"FALSO"))
A72: M0093 | B72: =IF(A72="","",VLOOKUP(A72,Materiais_Base!A:D,2,"FALSO")) -> Ancoragem ativa para 15 cordoalhas - D = 12,7 mm | C72: =IF(A72="","",VLOOKUP(A72,Materiais_Base!A:D,3,"FALSO")) -> un | E72: =IF(D72="","",MIN(D72,F72)) | G72: =IF(D72="","",VLOOKUP(A72,Materiais_Base!A:D,4,"FALSO"))
A73: M0094 | B73: =IF(A73="","",VLOOKUP(A73,Materiais_Base!A:D,2,"FALSO")) -> Ancoragem ativa para 19 cordoalhas - D = 12,7 mm | C73: =IF(A73="","",VLOOKUP(A73,Materiais_Base!A:D,3,"FALSO")) -> un | E73: =IF(D73="","",MIN(D73,F73)) | G73: =IF(D73="","",VLOOKUP(A73,Materiais_Base!A:D,4,"FALSO"))
A74: M0098 | B74: =IF(A74="","",VLOOKUP(A74,Materiais_Base!A:D,2,"FALSO")) -> Bambu com diâmetro médio de 10 cm | C74: =IF(A74="","",VLOOKUP(A74,Materiais_Base!A:D,3,"FALSO")) -> m | E74: =IF(D74="","",MIN(D74,F74)) | G74: =IF(D74="","",VLOOKUP(A74,Materiais_Base!A:D,4,"FALSO"))
A75: M0100 | B75: =IF(A75="","",VLOOKUP(A75,Materiais_Base!A:D,2,"FALSO")) -> Ancoragem ativa para 22 cordoalhas - D = 12,7 mm | C75: =IF(A75="","",VLOOKUP(A75,Materiais_Base!A:D,3,"FALSO")) -> un | E75: =IF(D75="","",MIN(D75,F75)) | G75: =IF(D75="","",VLOOKUP(A75,Materiais_Base!A:D,4,"FALSO"))
A76: M0101 | B76: =IF(A76="","",VLOOKUP(A76,Materiais_Base!A:D,2,"FALSO")) -> Ancoragem ativa para 27 cordoalhas - D = 12,7 mm | C76: =IF(A76="","",VLOOKUP(A76,Materiais_Base!A:D,3,"FALSO")) -> un | E76: =IF(D76="","",MIN(D76,F76)) | G76: =IF(D76="","",VLOOKUP(A76,Materiais_Base!A:D,4,"FALSO"))
A77: M0102 | B77: =IF(A77="","",VLOOKUP(A77,Materiais_Base!A:D,2,"FALSO")) -> Ancoragem ativa para 31 cordoalhas - D = 12,7 mm | C77: =IF(A77="","",VLOOKUP(A77,Materiais_Base!A:D,3,"FALSO")) -> un | E77: =IF(D77="","",MIN(D77,F77)) | G77: =IF(D77="","",VLOOKUP(A77,Materiais_Base!A:D,4,"FALSO"))
... A87: M0112 | B87: =IF(A87="","",VLOOKUP(A87,Materiais_Base!A:D,2,"FALSO")) -> Disco diamantado segmentado para corte de pavimento - D = 1.000 mm | C87: =IF(A87="","",VLOOKUP(A87,Materiais_Base!A:D,3,"FALSO")) -> un | E87: =IF(D87="","",MIN(D87,F87)) | G87: =IF(D87="","",VLOOKUP(A87,Materiais_Base!A:D,4,"FALSO"))
A88: M0113 | B88: =IF(A88="","",VLOOKUP(A88,Materiais_Base!A:D,2,"FALSO")) -> Ancoragem ativa para 12 cordoalhas - D = 15,2 mm | C88: =IF(A88="","",VLOOKUP(A88,Materiais_Base!A:D,3,"FALSO")) -> un | D88: 1135.497 | E88: =IF(D88="","",MIN(D88,F88)) -> 1135.497 | G88: =IF(D88="","",VLOOKUP(A88,Materiais_Base!A:D,4,"FALSO")) -> 1135.497
A89: M0114 | B89: =IF(A89="","",VLOOKUP(A89,Materiais_Base!A:D,2,"FALSO")) -> Disco diamantado segmentado para corte de pavimento - D = 1.500 mm | C89: =IF(A89="","",VLOOKUP(A89,Materiais_Base!A:D,3,"FALSO")) -> un | E89: =IF(D89="","",MIN(D89,F89)) | G89: =IF(D89="","",VLOOKUP(A89,Materiais_Base!A:D,4,"FALSO"))
A90: M0115 | B90: =IF(A90="","",VLOOKUP(A90,Materiais_Base!A:D,2,"FALSO")) -> Biomanta vegetal de fibras de coco entrelaçadas com fios de polipropileno biodegradáveis - densidade 0,4 kg/m² | C90: =IF(A90="","",VLOOKUP(A90,Materiais_Base!A:D,3,"FALSO")) -> m² | E90: =IF(D90="","",MIN(D90,F90)) | G90: =IF(D90="","",VLOOKUP(A90,Materiais_Base!A:D,4,"FALSO"))
A91: M0116 | B91: =IF(A91="","",VLOOKUP(A91,Materiais_Base!A:D,2,"FALSO")) -> Mangote flangeado de borracha reforçada com lonas sintéticas - C = 1,80 m e D = 0,30 m | C91: =IF(A91="","",VLOOKUP(A91,Materiais_Base!A:D,3,"FALSO")) -> un | E91: =IF(D91="","",MIN(D91,F91)) | G91: =IF(D91="","",VLOOKUP(A91,Materiais_Base!A:D,4,"FALSO"))
A92: M0117 | B92: =IF(A92="","",VLOOKUP(A92,Materiais_Base!A:D,2,"FALSO")) -> Mangote flangeado de borracha reforçada com lonas sintéticas - C = 1,80 m e D = 0,40 m | C92: =IF(A92="","",VLOOKUP(A92,Materiais_Base!A:D,3,"FALSO")) -> un | E92: =IF(D92="","",MIN(D92,F92)) | G92: =IF(D92="","",VLOOKUP(A92,Materiais_Base!A:D,4,"FALSO"))
A93: M0118 | B93: =IF(A93="","",VLOOKUP(A93,Materiais_Base!A:D,2,"FALSO")) -> Mangote flangeado de borracha reforçada com lonas sintéticas - C = 1,80 m e D = 0,45 m | C93: =IF(A93="","",VLOOKUP(A93,Materiais_Base!A:D,3,"FALSO")) -> un | E93: =IF(D93="","",MIN(D93,F93)) | G93: =IF(D93="","",VLOOKUP(A93,Materiais_Base!A:D,4,"FALSO"))
A94: M0119 | B94: =IF(A94="","",VLOOKUP(A94,Materiais_Base!A:D,2,"FALSO")) -> Mangote flangeado de borracha reforçada com lonas sintéticas - C = 1,80 m e D = 0,50 m | C94: =IF(A94="","",VLOOKUP(A94,Materiais_Base!A:D,3,"FALSO")) -> un | E94: =IF(D94="","",MIN(D94,F94)) | G94: =IF(D94="","",VLOOKUP(A94,Materiais_Base!A:D,4,"FALSO"))
A95: M0120 | B95: =IF(A95="","",VLOOKUP(A95,Materiais_Base!A:D,2,"FALSO")) -> Tubo PEAD PE 100 PN 8 com flanges - D = 250 mm | C95: =IF(A95="","",VLOOKUP(A95,Materiais_Base!A:D,3,"FALSO")) -> m | E95: =IF(D95="","",MIN(D95,F95)) | G95: =IF(D95="","",VLOOKUP(A95,Materiais_Base!A:D,4,"FALSO"))
A96: M0121 | B96: =IF(A96="","",VLOOKUP(A96,Materiais_Base!A:D,2,"FALSO")) -> Tubo PEAD PE 100 PN 8 com flanges - D = 400 mm | C96: =IF(A96="","",VLOOKUP(A96,Materiais_Base!A:D,3,"FALSO")) -> m | E96: =IF(D96="","",MIN(D96,F96)) | G96: =IF(D96="","",VLOOKUP(A96,Materiais_Base!A:D,4,"FALSO"))
A97: M0122 | B97: =IF(A97="","",VLOOKUP(A97,Materiais_Base!A:D,2,"FALSO")) -> Tubo PEAD PE 100 PN 8 com flanges - D = 450 mm | C97: =IF(A97="","",VLOOKUP(A97,Materiais_Base!A:D,3,"FALSO")) -> m | E97: =IF(D97="","",MIN(D97,F97)) | G97: =IF(D97="","",VLOOKUP(A97,Materiais_Base!A:D,4,"FALSO"))
A98: M0123 | B98: =IF(A98="","",VLOOKUP(A98,Materiais_Base!A:D,2,"FALSO")) -> Tubo PEAD PE 100 PN 8 com flanges - D = 500 mm | C98: =IF(A98="","",VLOOKUP(A98,Materiais_Base!A:D,3,"FALSO")) -> m | E98: =IF(D98="","",MIN(D98,F98)) | G98: =IF(D98="","",VLOOKUP(A98,Materiais_Base!A:D,4,"FALSO"))
A99: M0124 | B99: =IF(A99="","",VLOOKUP(A99,Materiais_Base!A:D,2,"FALSO")) -> Flutuador bipartido em polietileno com núcleo de espuma em poliuretano para tubos - D = 0,30 m | C99: =IF(A99="","",VLOOKUP(A99,Materiais_Base!A:D,3,"FALSO")) -> un | E99: =IF(D99="","",MIN(D99,F99)) | G99: =IF(D99="","",VLOOKUP(A99,Materiais_Base!A:D,4,"FALSO"))
A100: M0125 | B100: =IF(A100="","",VLOOKUP(A100,Materiais_Base!A:D,2,"FALSO")) -> Flutuador bipartido em polietileno com núcleo de espuma em poliuretano para tubos - D = 0,40 m | C100: =IF(A100="","",VLOOKUP(A100,Materiais_Base!A:D,3,"FALSO")) -> un | E100: =IF(D100="","",MIN(D100,F100)) | G100: =IF(D100="","",VLOOKUP(A100,Materiais_Base!A:D,4,"FALSO"))
... A124: M0153 | B124: =IF(A124="","",VLOOKUP(A124,Materiais_Base!A:D,2,"FALSO")) -> Ancoragem ativa para lajes para 4 cordoalhas - D = 12,7 mm | C124: =IF(A124="","",VLOOKUP(A124,Materiais_Base!A:D,3,"FALSO")) -> un | E124: =IF(D124="","",MIN(D124,F124)) | G124: =IF(D124="","",VLOOKUP(A124,Materiais_Base!A:D,4,"FALSO"))
A125: M0156 | B125: =IF(A125="","",VLOOKUP(A125,Materiais_Base!A:D,2,"FALSO")) -> Bloco de concreto - L = 19 cm, A = 19 cm e C = 39 cm | C125: =IF(A125="","",VLOOKUP(A125,Materiais_Base!A:D,3,"FALSO")) -> un | D125: 6.3089 | E125: =IF(D125="","",MIN(D125,F125)) -> 6.3089 | G125: =IF(D125="","",VLOOKUP(A125,Materiais_Base!A:D,4,"FALSO")) -> 6.3089
A126: M0158 | B126: =IF(A126="","",VLOOKUP(A126,Materiais_Base!A:D,2,"FALSO")) -> Tela metálica galvanizada dobrada em L - C = 2,0 m, L = 0,4 m e H = 0,4 m | C126: =IF(A126="","",VLOOKUP(A126,Materiais_Base!A:D,3,"FALSO")) -> un | E126: =IF(D126="","",MIN(D126,F126)) | G126: =IF(D126="","",VLOOKUP(A126,Materiais_Base!A:D,4,"FALSO"))
A127: M0160 | B127: =IF(A127="","",VLOOKUP(A127,Materiais_Base!A:D,2,"FALSO")) -> Extintor de incêndio tipo espuma mecânica - V = 10 l | C127: =IF(A127="","",VLOOKUP(A127,Materiais_Base!A:D,3,"FALSO")) -> un | E127: =IF(D127="","",MIN(D127,F127)) | G127: =IF(D127="","",VLOOKUP(A127,Materiais_Base!A:D,4,"FALSO"))
